Workbook
Name Segment_Groupe_rem._article: #N/A
Name Segment_Niveau_réel: #N/A
Name Segment_Type_Ligne_Richel: #N/A

Sheet Afficher - Détail ligne vente 
N1: 0 | O1: =SUMIFS(Tableau2[MLP],Tableau2[Niveau réel],"2") -> 56307.951 | P1: =SUMIFS(Tableau2[MLD],Tableau2[Type Ligne Richel],"Détail") -> 56307.951
A2: N° ligne | B2: Parent | C2: Niveau | D2: Niveau réel | E2: nb sous niveau | F2: Type Ligne Richel | G2: N° | H2: Désignation | I2: Désignation 2 | J2: Information technique | K2: Quantité Totale | L2: Prix unitaire HT | M2: % remise ligne | N2: comm | O2: MLP | P2: MLD | Q2: Prix | R2: Groupe rem. article | S2: Poids Net Unitaire | T2: Poids Net Total
A3: 1000000 | B3: Oui | C3: 0 | D3: =IF(Tableau2[[#This Row],[Parent]]="oui",Tableau2[[#This Row],[Niveau]]+1,IF(B2="oui",Tableau2[[#This Row],[Niveau]]+1,D2)) -> 1 | E3: {=MIN(IFERROR(IF(D3-{0;1;2;3;4;5;6;7}>=0,MATCH(D3-{0;1;2;3;4;5;6;7},D4:D$828,0)-1,""),""))} -> 0 | F3: Chapitre | G3: PC_960MRH400_OV90 | H3: Chapelle 9m60 MRH 400 OV90 | K3: 1 | L3: 112797.58 | M3: =IFERROR(_xlfn.XLOOKUP(Tableau2[[#This Row],[Groupe rem. article]],remises!$B$2:$B$5,remises!$C$2:$C$5),0) -> 0 | N3: =$N$1 -> 0 | O3: =IFERROR(SUM(OFFSET(Tableau2[[#This Row],[MLP]],1,1,Tableau2[[#This Row],[nb sous niveau]],1)),"") | P3: =IF(Tableau2[[#This Row],[Type Ligne Richel]]="détail",Tableau2[[#This Row],[Quantité Totale]]*Tableau2[[#This Row],[Prix unitaire HT]]*(1-Tableau2[[#This Row],[% remise ligne]])*(1+Tableau2[[#This Row],[comm]]),"") | Q3: {=IFERROR( IF(Tableau2[[#This Row],[Type Ligne Richel]]="Chapitre",SUM(_xlfn._xlws.FILTER(OFFSET(Tableau2[[#This Row],[Prix]],1,0,Tableau2[[#This Row],[nb sous niveau]]+1,1),OFFSET(Tableau2[[#This Row],[Type Ligne Richel]],1,0,Tableau2[[#This Row],[nb sous niveau]]+1,1)="Détail")),0)+ IF(Tableau2[[#This Row],[Type Ligne Richel]]="Kit",SUM(OFFSET(Tableau2[[#This Row],[Prix]],1,0,Tableau2[[#This Row],[nb sous niveau]],1)),0)+ IF(Tableau2[[#This Row],[Type Ligne Richel]]="Détail",Tableau2[[#This Row],[Quantité Totale]]*Tableau2[[#This Row],[Prix unitaire HT]]*(1-Tableau2[[#This Row],[% remise ligne]])*(1+Tableau2[[#This Row],[comm]]),0),0)} -> 0 | S3: 1166.3372 | T3: 13680.002
A4: 5000000 | B4: Oui | C4: 1 | D4: =IF(Tableau2[[#This Row],[Parent]]="oui",Tableau2[[#This Row],[Niveau]]+1,IF(#REF!="oui",Tableau2[[#This Row],[Niveau]]+1,#REF!)) -> 2 | E4: {=MIN(IFERROR(IF(D4-{0;1;2;3;4;5;6;7}>=0,MATCH(D4-{0;1;2;3;4;5;6;7},D5:D$828,0)-1,""),""))} -> 215 | F4: Chapitre | H4: OSSATURE DE LA SERRE | K4: 1 | L4: 36519.55 | M4: =IFERROR(_xlfn.XLOOKUP(Tableau2[[#This Row],[Groupe rem. article]],remises!$B$2:$B$5,remises!$C$2:$C$5),0) -> 0 | N4: =$N$1 -> 0 | O4: =IFERROR(SUM(OFFSET(Tableau2[[#This Row],[MLP]],1,1,Tableau2[[#This Row],[nb sous niveau]],1)),"") -> 15749.969 | P4: =IF(Tableau2[[#This Row],[Type Ligne Richel]]="détail",Tableau2[[#This Row],[Quantité Totale]]*Tableau2[[#This Row],[Prix unitaire HT]]*(1-Tableau2[[#This Row],[% remise ligne]])*(1+Tableau2[[#This Row],[comm]]),"") | Q4: {=IFERROR( IF(Tableau2[[#This Row],[Type Ligne Richel]]="Chapitre",SUM(_xlfn._xlws.FILTER(OFFSET(Tableau2[[#This Row],[Prix]],1,0,Tableau2[[#This Row],[nb sous niveau]]+1,1),OFFSET(Tableau2[[#This Row],[Type Ligne Richel]],1,0,Tableau2[[#This Row],[nb sous niveau]]+1,1)="Détail")),0)+ IF(Tableau2[[#This Row],[Type Ligne Richel]]="Kit",SUM(OFFSET(Tableau2[[#This Row],[Prix]],1,0,Tableau2[[#This Row],[nb sous niveau]],1)),0)+ IF(Tableau2[[#This Row],[Type Ligne Richel]]="Détail",Tableau2[[#This Row],[Quantité Totale]]*Tableau2[[#This Row],[Prix unitaire HT]]*(1-Tableau2[[#This Row],[% remise ligne]])*(1+Tableau2[[#This Row],[comm]]),0),0)} -> 15749.969 | S4: 374.5995 | T4: 5000.0108
A5: 6000000 | B5: Oui | C5: 2 | D5: =IF(Tableau2[[#This Row],[Parent]]="oui",Tableau2[[#This Row],[Niveau]]+1,IF(B4="oui",Tableau2[[#This Row],[Niveau]]+1,D4)) -> 3 | E5: {=MIN(IFERROR(IF(D5-{0;1;2;3;4;5;6;7}>=0,MATCH(D5-{0;1;2;3;4;5;6;7},D6:D$828,0)-1,""),""))} -> 214 | F5: Chapitre | H5: ARMATURE | K5: 1 | L5: 36519.55 | M5: =IFERROR(_xlfn.XLOOKUP(Tableau2[[#This Row],[Groupe rem. article]],remises!$B$2:$B$5,remises!$C$2:$C$5),0) -> 0 | N5: =$N$1 -> 0 | O5: =IFERROR(SUM(OFFSET(Tableau2[[#This Row],[MLP]],1,1,Tableau2[[#This Row],[nb sous niveau]],1)),"") -> 15749.969 | P5: =IF(Tableau2[[#This Row],[Type Ligne Richel]]="détail",Tableau2[[#This Row],[Quantité Totale]]*Tableau2[[#This Row],[Prix unitaire HT]]*(1-Tableau2[[#This Row],[% remise ligne]])*(1+Tableau2[[#This Row],[comm]]),"") | Q5: {=IFERROR( IF(Tableau2[[#This Row],[Type Ligne Richel]]="Chapitre",SUM(_xlfn._xlws.FILTER(OFFSET(Tableau2[[#This Row],[Prix]],1,0,Tableau2[[#This Row],[nb sous niveau]]+1,1),OFFSET(Tableau2[[#This Row],[Type Ligne Richel]],1,0,Tableau2[[#This Row],[nb sous niveau]]+1,1)="Détail")),0)+ IF(Tableau2[[#This Row],[Type Ligne Richel]]="Kit",SUM(OFFSET(Tableau2[[#This Row],[Prix]],1,0,Tableau2[[#This Row],[nb sous niveau]],1)),0)+ IF(Tableau2[[#This Row],[Type Ligne Richel]]="Détail",Tableau2[[#This Row],[Quantité Totale]]*Tableau2[[#This Row],[Prix unitaire HT]]*(1-Tableau2[[#This Row],[% remise ligne]])*(1+Tableau2[[#This Row],[comm]]),0),0)} -> 15749.969 | S5: 374.5995 | T5: 5000.0108
A6: 7000000 | B6: Oui | C6: 3 | D6: =IF(Tableau2[[#This Row],[Parent]]="oui",Tableau2[[#This Row],[Niveau]]+1,IF(B5="oui",Tableau2[[#This Row],[Niveau]]+1,D5)) -> 4 | E6: {=MIN(IFERROR(IF(D6-{0;1;2;3;4;5;6;7}>=0,MATCH(D6-{0;1;2;3;4;5;6;7},D7:D$828,0)-1,""),""))} -> 18 | F6: Kit | G6: B30145 | H6: 960MRH400/90 N0 C0 BASE 4m | K6: 1 | L6: 1196.04 | M6: =IFERROR(_xlfn.XLOOKUP(Tableau2[[#This Row],[Groupe rem. article]],remises!$B$2:$B$5,remises!$C$2:$C$5),0) -> 0.58 | N6: =$N$1 -> 0 | O6: =IFERROR(SUM(OFFSET(Tableau2[[#This Row],[MLP]],1,1,Tableau2[[#This Row],[nb sous niveau]],1)),"") -> 513.53271 | P6: =IF(Tableau2[[#This Row],[Type Ligne Richel]]="détail",Tableau2[[#This Row],[Quantité Totale]]*Tableau2[[#This Row],[Prix unitaire HT]]*(1-Tableau2[[#This Row],[% remise ligne]])*(1+Tableau2[[#This Row],[comm]]),"") | Q6: {=IFERROR( IF(Tableau2[[#This Row],[Type Ligne Richel]]="Chapitre",SUM(_xlfn._xlws.FILTER(OFFSET(Tableau2[[#This Row],[Prix]],1,0,Tableau2[[#This Row],[nb sous niveau]]+1,1),OFFSET(Tableau2[[#This Row],[Type Ligne Richel]],1,0,Tableau2[[#This Row],[nb sous niveau]]+1,1)="Détail")),0)+ IF(Tableau2[[#This Row],[Type Ligne Richel]]="Kit",SUM(OFFSET(Tableau2[[#This Row],[Prix]],1,0,Tableau2[[#This Row],[nb sous niveau]],1)),0)+ IF(Tableau2[[#This Row],[Type Ligne Richel]]="Détail",Tableau2[[#This Row],[Quantité Totale]]*Tableau2[[#This Row],[Prix unitaire HT]]*(1-Tableau2[[#This Row],[% remise ligne]])*(1+Tableau2[[#This Row],[comm]]),0),0)} -> 513.53271 | R6: CHARPENTE | S6: 51.227 | T6: 174.6103
A7: 7010000 | B7: Non | C7: 4 | D7: =IF(Tableau2[[#This Row],[Parent]]="oui",Tableau2[[#This Row],[Niveau]]+1,IF(B6="oui",Tableau2[[#This Row],[Niveau]]+1,D6)) -> 5 | E7: {=MIN(IFERROR(IF(D7-{0;1;2;3;4;5;6;7}>=0,MATCH(D7-{0;1;2;3;4;5;6;7},D8:D$828,0)-1,""),""))} -> 0 | F7: Détail | G7: P190002 | H7: FAITAGE CHAPELLE 1280 OV 90 | K7: 2 | L7: 60.79 | M7: =IFERROR(_xlfn.XLOOKUP(Tableau2[[#This Row],[Groupe rem. article]],remises!$B$2:$B$5,remises!$C$2:$C$5),0) -> 0.58 | N7: =$N$1 -> 0 | O7: =IFERROR(SUM(OFFSET(Tableau2[[#This Row],[MLP]],1,1,Tableau2[[#This Row],[nb sous niveau]],1)),"") | P7: =IF(Tableau2[[#This Row],[Type Ligne Richel]]="détail",Tableau2[[#This Row],[Quantité Totale]]*Tableau2[[#This Row],[Prix unitaire HT]]*(1-Tableau2[[#This Row],[% remise ligne]])*(1+Tableau2[[#This Row],[comm]]),"") -> 51.0636 | Q7: {=IFERROR( IF(Tableau2[[#This Row],[Type Ligne Richel]]="Chapitre",SUM(_xlfn._xlws.FILTER(OFFSET(Tableau2[[#This Row],[Prix]],1,0,Tableau2[[#This Row],[nb sous niveau]]+1,1),OFFSET(Tableau2[[#This Row],[Type Ligne Richel]],1,0,Tableau2[[#This Row],[nb sous niveau]]+1,1)="Détail")),0)+ IF(Tableau2[[#This Row],[Type Ligne Richel]]="Kit",SUM(OFFSET(Tableau2[[#This Row],[Prix]],1,0,Tableau2[[#This Row],[nb sous niveau]],1)),0)+ IF(Tableau2[[#This Row],[Type Ligne Richel]]="Détail",Tableau2[[#This Row],[Quantité Totale]]*Tableau2[[#This Row],[Prix unitaire HT]]*(1-Tableau2[[#This Row],[% remise ligne]])*(1+Tableau2[[#This Row],[comm]]),0),0)} -> 51.0636 | R7: CHARPENTE | S7: 8.414 | T7: 16.828
A8: 7020000 | B8: Non | C8: 4 | D8: =IF(Tableau2[[#This Row],[Parent]]="oui",Tableau2[[#This Row],[Niveau]]+1,IF(B7="oui",Tableau2[[#This Row],[Niveau]]+1,D7)) -> 5 | E8: {=MIN(IFERROR(IF(D8-{0;1;2;3;4;5;6;7}>=0,MATCH(D8-{0;1;2;3;4;5;6;7},D9:D$828,0)-1,""),""))} -> 0 | F8: Détail | G8: P190003 | H8: CINTRE CHAPELLE 960 OV 90 | K8: 4 | L8: 73.47 | M8: =IFERROR(_xlfn.XLOOKUP(Tableau2[[#This Row],[Groupe rem. article]],remises!$B$2:$B$5,remises!$C$2:$C$5),0) -> 0.58 | N8: =$N$1 -> 0 | O8: =IFERROR(SUM(OFFSET(Tableau2[[#This Row],[MLP]],1,1,Tableau2[[#This Row],[nb sous niveau]],1)),"") | P8: =IF(Tableau2[[#This Row],[Type Ligne Richel]]="détail",Tableau2[[#This Row],[Quantité Totale]]*Tableau2[[#This Row],[Prix unitaire HT]]*(1-Tableau2[[#This Row],[% remise ligne]])*(1+Tableau2[[#This Row],[comm]]),"") -> 123.4296 | Q8: {=IFERROR( IF(Tableau2[[#This Row],[Type Ligne Richel]]="Chapitre",SUM(_xlfn._xlws.FILTER(OFFSET(Tableau2[[#This Row],[Prix]],1,0,Tableau2[[#This Row],[nb sous niveau]]+1,1),OFFSET(Tableau2[[#This Row],[Type Ligne Richel]],1,0,Tableau2[[#This Row],[nb sous niveau]]+1,1)="Détail")),0)+ IF(Tableau2[[#This Row],[Type Ligne Richel]]="Kit",SUM(OFFSET(Tableau2[[#This Row],[Prix]],1,0,Tableau2[[#This Row],[nb sous niveau]],1)),0)+ IF(Tableau2[[#This Row],[Type Ligne Richel]]="Détail",Tableau2[[#This Row],[Quantité Totale]]*Tableau2[[#This Row],[Prix unitaire HT]]*(1-Tableau2[[#This Row],[% remise ligne]])*(1+Tableau2[[#This Row],[comm]]),0),0)} -> 123.4296 | R8: CHARPENTE | S8: 11.295 | T8: 45.18
A9: 7030000 | B9: Non | C9: 4 | D9: =IF(Tableau2[[#This Row],[Parent]]="oui",Tableau2[[#This Row],[Niveau]]+1,IF(B8="oui",Tableau2[[#This Row],[Niveau]]+1,D8)) -> 5 | E9: {=MIN(IFERROR(IF(D9-{0;1;2;3;4;5;6;7}>=0,MATCH(D9-{0;1;2;3;4;5;6;7},D10:D$828,0)-1,""),""))} -> 0 | F9: Détail | G9: P330090 | H9: CHENEAU ADV 4m LP | K9: 2 | L9: 127.95 | M9: =IFERROR(_xlfn.XLOOKUP(Tableau2[[#This Row],[Groupe rem. article]],remises!$B$2:$B$5,remises!$C$2:$C$5),0) -> 0.58 | N9: =$N$1 -> 0 | O9: =IFERROR(SUM(OFFSET(Tableau2[[#This Row],[MLP]],1,1,Tableau2[[#This Row],[nb sous niveau]],1)),"") | P9: =IF(Tableau2[[#This Row],[Type Ligne Richel]]="détail",Tableau2[[#This Row],[Quantité Totale]]*Tableau2[[#This Row],[Prix unitaire HT]]*(1-Tableau2[[#This Row],[% remise ligne]])*(1+Tableau2[[#This Row],[comm]]),"") -> 107.478 | Q9: {=IFERROR( IF(Tableau2[[#This Row],[Type Ligne Richel]]="Chapitre",SUM(_xlfn._xlws.FILTER(OFFSET(Tableau2[[#This Row],[Prix]],1,0,Tableau2[[#This Row],[nb sous niveau]]+1,1),OFFSET(Tableau2[[#This Row],[Type Ligne Richel]],1,0,Tableau2[[#This Row],[nb sous niveau]]+1,1)="Détail")),0)+ IF(Tableau2[[#This Row],[Type Ligne Richel]]="Kit",SUM(OFFSET(Tableau2[[#This Row],[Prix]],1,0,Tableau2[[#This Row],[nb sous niveau]],1)),0)+ IF(Tableau2[[#This Row],[Type Ligne Richel]]="Détail",Tableau2[[#This Row],[Quantité Totale]]*Tableau2[[#This Row],[Prix unitaire HT]]*(1-Tableau2[[#This Row],[% remise ligne]])*(1+Tableau2[[#This Row],[comm]]),0),0)} -> 107.478 | R9: CHARPENTE | S9: 21.45 | T9: 42.9
A10: 7040000 | B10: Non | C10: 4 | D10: =IF(Tableau2[[#This Row],[Parent]]="oui",Tableau2[[#This Row],[Niveau]]+1,IF(B9="oui",Tableau2[[#This Row],[Niveau]]+1,D9)) -> 5 | E10: {=MIN(IFERROR(IF(D10-{0;1;2;3;4;5;6;7}>=0,MATCH(D10-{0;1;2;3;4;5;6;7},D11:D$828,0)-1,""),""))} -> 0 | F10: Détail | G10: P710042 | H10: ECROU FREIN H M10 CL8 ZN | K10: 8 | L10: 0.21 | M10: =IFERROR(_xlfn.XLOOKUP(Tableau2[[#This Row],[Groupe rem. article]],remises!$B$2:$B$5,remises!$C$2:$C$5),0) -> 0.53 | N10: =$N$1 -> 0 | O10: =IFERROR(SUM(OFFSET(Tableau2[[#This Row],[MLP]],1,1,Tableau2[[#This Row],[nb sous niveau]],1)),"") | P10: =IF(Tableau2[[#This Row],[Type Ligne Richel]]="détail",Tableau2[[#This Row],[Quantité Totale]]*Tableau2[[#This Row],[Prix unitaire HT]]*(1-Tableau2[[#This Row],[% remise ligne]])*(1+Tableau2[[#This Row],[comm]]),"") -> 0.7896 | Q10: {=IFERROR( IF(Tableau2[[#This Row],[Type Ligne Richel]]="Chapitre",SUM(_xlfn._xlws.FILTER(OFFSET(Tableau2[[#This Row],[Prix]],1,0,Tableau2[[#This Row],[nb sous niveau]]+1,1),OFFSET(Tableau2[[#This Row],[Type Ligne Richel]],1,0,Tableau2[[#This Row],[nb sous niveau]]+1,1)="Détail")),0)+ IF(Tableau2[[#This Row],[Type Ligne Richel]]="Kit",SUM(OFFSET(Tableau2[[#This Row],[Prix]],1,0,Tableau2[[#This Row],[nb sous niveau]],1)),0)+ IF(Tableau2[[#This Row],[Type Ligne Richel]]="Détail",Tableau2[[#This Row],[Quantité Totale]]*Tableau2[[#This Row],[Prix unitaire HT]]*(1-Tableau2[[#This Row],[% remise ligne]])*(1+Tableau2[[#This Row],[comm]]),0),0)} -> 0.7896 | R10: ACCESSOIRE | S10: 0.01 | T10: 0.08
A11: 7050000 | B11: Non | C11: 4 | D11: =IF(Tableau2[[#This Row],[Parent]]="oui",Tableau2[[#This Row],[Niveau]]+1,IF(B10="oui",Tableau2[[#This Row],[Niveau]]+1,D10)) -> 5 | E11: {=MIN(IFERROR(IF(D11-{0;1;2;3;4;5;6;7}>=0,MATCH(D11-{0;1;2;3;4;5;6;7},D12:D$828,0)-1,""),""))} -> 0 | F11: Détail | G11: P710002 | H11: VIS H M8x20/20 CL 8.8 GEO | K11: 36 | L11: 0.17 | M11: =IFERROR(_xlfn.XLOOKUP(Tableau2[[#This Row],[Groupe rem. article]],remises!$B$2:$B$5,remises!$C$2:$C$5),0) -> 0.53 | N11: =$N$1 -> 0 | O11: =IFERROR(SUM(OFFSET(Tableau2[[#This Row],[MLP]],1,1,Tableau2[[#This Row],[nb sous niveau]],1)),"") | P11: =IF(Tableau2[[#This Row],[Type Ligne Richel]]="détail",Tableau2[[#This Row],[Quantité Totale]]*Tableau2[[#This Row],[Prix unitaire HT]]*(1-Tableau2[[#This Row],[% remise ligne]])*(1+Tableau2[[#This Row],[comm]]),"") -> 2.8764 | Q11: {=IFERROR( IF(Tableau2[[#This Row],[Type Ligne Richel]]="Chapitre",SUM(_xlfn._xlws.FILTER(OFFSET(Tableau2[[#This Row],[Prix]],1,0,Tableau2[[#This Row],[nb sous niveau]]+1,1),OFFSET(Tableau2[[#This Row],[Type Ligne Richel]],1,0,Tableau2[[#This Row],[nb sous niveau]]+1,1)="Détail")),0)+ IF(Tableau2[[#This Row],[Type Ligne Richel]]="Kit",SUM(OFFSET(Tableau2[[#This Row],[Prix]],1,0,Tableau2[[#This Row],[nb sous niveau]],1)),0)+ IF(Tableau2[[#This Row],[Type Ligne Richel]]="Détail",Tableau2[[#This Row],[Quantité Totale]]*Tableau2[[#This Row],[Prix unitaire HT]]*(1-Tableau2[[#This Row],[% remise ligne]])*(1+Tableau2[[#This Row],[comm]]),0),0)} -> 2.8764 | R11: ACCESSOIRE | S11: 0.015 | T11: 0.54
A12: 7060000 | B12: Non | C12: 4 | D12: =IF(Tableau2[[#This Row],[Parent]]="oui",Tableau2[[#This Row],[Niveau]]+1,IF(B11="oui",Tableau2[[#This Row],[Niveau]]+1,D11)) -> 5 | E12: {=MIN(IFERROR(IF(D12-{0;1;2;3;4;5;6;7}>=0,MATCH(D12-{0;1;2;3;4;5;6;7},D13:D$828,0)-1,""),""))} -> 0 | F12: Détail | G12: P730003 | H12: RONDELLE PLASTIQUE | K12: 36 | L12: 0.12 | M12: =IFERROR(_xlfn.XLOOKUP(Tableau2[[#This Row],[Groupe rem. article]],remises!$B$2:$B$5,remises!$C$2:$C$5),0) -> 0.53 | N12: =$N$1 -> 0 | O12: =IFERROR(SUM(OFFSET(Tableau2[[#This Row],[MLP]],1,1,Tableau2[[#This Row],[nb sous niveau]],1)),"") | P12: =IF(Tableau2[[#This Row],[Type Ligne Richel]]="détail",Tableau2[[#This Row],[Quantité Totale]]*Tableau2[[#This Row],[Prix unitaire HT]]*(1-Tableau2[[#This Row],[% remise ligne]])*(1+Tableau2[[#This Row],[comm]]),"") -> 2.0304 | Q12: {=IFERROR( IF(Tableau2[[#This Row],[Type Ligne Richel]]="Chapitre",SUM(_xlfn._xlws.FILTER(OFFSET(Tableau2[[#This Row],[Prix]],1,0,Tableau2[[#This Row],[nb sous niveau]]+1,1),OFFSET(Tableau2[[#This Row],[Type Ligne Richel]],1,0,Tableau2[[#This Row],[nb sous niveau]]+1,1)="Détail")),0)+ IF(Tableau2[[#This Row],[Type Ligne Richel]]="Kit",SUM(OFFSET(Tableau2[[#This Row],[Prix]],1,0,Tableau2[[#This Row],[nb sous niveau]],1)),0)+ IF(Tableau2[[#This Row],[Type Ligne Richel]]="Détail",Tableau2[[#This Row],[Quantité Totale]]*Tableau2[[#This Row],[Prix unitaire HT]]*(1-Tableau2[[#This Row],[% remise ligne]])*(1+Tableau2[[#This Row],[comm]]),0),0)} -> 2.0304 | R12: ACCESSOIRE | S12: 0.003 | T12: 0.108
A13: 7070000 | B13: Non | C13: 4 | D13: =IF(Tableau2[[#This Row],[Parent]]="oui",Tableau2[[#This Row],[Niveau]]+1,IF(B12="oui",Tableau2[[#This Row],[Niveau]]+1,D12)) -> 5 | E13: {=MIN(IFERROR(IF(D13-{0;1;2;3;4;5;6;7}>=0,MATCH(D13-{0;1;2;3;4;5;6;7},D14:D$828,0)-1,""),""))} -> 0 | F13: Détail | G13: P710011 | H13: RONDELLE M8x24x2 ZN | K13: 12 | L13: 0.16 | M13: =IFERROR(_xlfn.XLOOKUP(Tableau2[[#This Row],[Groupe rem. article]],remises!$B$2:$B$5,remises!$C$2:$C$5),0) -> 0.53 | N13: =$N$1 -> 0 | O13: =IFERROR(SUM(OFFSET(Tableau2[[#This Row],[MLP]],1,1,Tableau2[[#This Row],[nb sous niveau]],1)),"") | P13: =IF(Tableau2[[#This Row],[Type Ligne Richel]]="détail",Tableau2[[#This Row],[Quantité Totale]]*Tableau2[[#This Row],[Prix unitaire HT]]*(1-Tableau2[[#This Row],[% remise ligne]])*(1+Tableau2[[#This Row],[comm]]),"") -> 0.9024 | Q13: {=IFERROR( IF(Tableau2[[#This Row],[Type Ligne Richel]]="Chapitre",SUM(_xlfn._xlws.FILTER(OFFSET(Tableau2[[#This Row],[Prix]],1,0,Tableau2[[#This Row],[nb sous niveau]]+1,1),OFFSET(Tableau2[[#This Row],[Type Ligne Richel]],1,0,Tableau2[[#This Row],[nb sous niveau]]+1,1)="Détail")),0)+ IF(Tableau2[[#This Row],[Type Ligne Richel]]="Kit",SUM(OFFSET(Tableau2[[#This Row],[Prix]],1,0,Tableau2[[#This Row],[nb sous niveau]],1)),0)+ IF(Tableau2[[#This Row],[Type Ligne Richel]]="Détail",Tableau2[[#This Row],[Quantité Totale]]*Tableau2[[#This Row],[Prix unitaire HT]]*(1-Tableau2[[#This Row],[% remise ligne]])*(1+Tableau2[[#This Row],[comm]]),0),0)} -> 0.9024 | R13: ACCESSOIRE | S13: 0.007 | T13: 0.084
A14: 7080000 | B14: Non | C14: 4 | D14: =IF(Tableau2[[#This Row],[Parent]]="oui",Tableau2[[#This Row],[Niveau]]+1,IF(B13="oui",Tableau2[[#This Row],[Niveau]]+1,D13)) -> 5 | E14: {=MIN(IFERROR(IF(D14-{0;1;2;3;4;5;6;7}>=0,MATCH(D14-{0;1;2;3;4;5;6;7},D15:D$828,0)-1,""),""))} -> 0 | F14: Détail | G14: P730069 | H14: CARTOUCHE MASTIC | K14: 1.02 | L14: 7.32 | M14: =IFERROR(_xlfn.XLOOKUP(Tableau2[[#This Row],[Groupe rem. article]],remises!$B$2:$B$5,remises!$C$2:$C$5),0) -> 0.53 | N14: =$N$1 -> 0 | O14: =IFERROR(SUM(OFFSET(Tableau2[[#This Row],[MLP]],1,1,Tableau2[[#This Row],[nb sous niveau]],1)),"") | P14: =IF(Tableau2[[#This Row],[Type Ligne Richel]]="détail",Tableau2[[#This Row],[Quantité Totale]]*Tableau2[[#This Row],[Prix unitaire HT]]*(1-Tableau2[[#This Row],[% remise ligne]])*(1+Tableau2[[#This Row],[comm]]),"") -> 3.509208 | Q14: {=IFERROR( IF(Tableau2[[#This Row],[Type Ligne Richel]]="Chapitre",SUM(_xlfn._xlws.FILTER(OFFSET(Tableau2[[#This Row],[Prix]],1,0,Tableau2[[#This Row],[nb sous niveau]]+1,1),OFFSET(Tableau2[[#This Row],[Type Ligne Richel]],1,0,Tableau2[[#This Row],[nb sous niveau]]+1,1)="Détail")),0)+ IF(Tableau2[[#This Row],[Type Ligne Richel]]="Kit",SUM(OFFSET(Tableau2[[#This Row],[Prix]],1,0,Tableau2[[#This Row],[nb sous niveau]],1)),0)+ IF(Tableau2[[#This Row],[Type Ligne Richel]]="Détail",Tableau2[[#This Row],[Quantité Totale]]*Tableau2[[#This Row],[Prix unitaire HT]]*(1-Tableau2[[#This Row],[% remise ligne]])*(1+Tableau2[[#This Row],[comm]]),0),0)} -> 3.509208 | R14: ACCESSOIRE | S14: 0.565 | T14: 0.5763
A15: 7090000 | B15: Non | C15: 4 | D15: =IF(Tableau2[[#This Row],[Parent]]="oui",Tableau2[[#This Row],[Niveau]]+1,IF(B14="oui",Tableau2[[#This Row],[Niveau]]+1,D14)) -> 5 | E15: {=MIN(IFERROR(IF(D15-{0;1;2;3;4;5;6;7}>=0,MATCH(D15-{0;1;2;3;4;5;6;7},D16:D$828,0)-1,""),""))} -> 0 | F15: Détail | G15: P620528 | H15: CACHE PIED ARBALETRIER CH960RC | K15: 2 | L15: 11.84 | M15: =IFERROR(_xlfn.XLOOKUP(Tableau2[[#This Row],[Groupe rem. article]],remises!$B$2:$B$5,remises!$C$2:$C$5),0) -> 0.53 | N15: =$N$1 -> 0 | O15: =IFERROR(SUM(OFFSET(Tableau2[[#This Row],[MLP]],1,1,Tableau2[[#This Row],[nb sous niveau]],1)),"") | P15: =IF(Tableau2[[#This Row],[Type Ligne Richel]]="détail",Tableau2[[#This Row],[Quantité Totale]]*Tableau2[[#This Row],[Prix unitaire HT]]*(1-Tableau2[[#This Row],[% remise ligne]])*(1+Tableau2[[#This Row],[comm]]),"") -> 11.1296 | Q15: {=IFERROR( IF(Tableau2[[#This Row],[Type Ligne Richel]]="Chapitre",SUM(_xlfn._xlws.FILTER(OFFSET(Tableau2[[#This Row],[Prix]],1,0,Tableau2[[#This Row],[nb sous niveau]]+1,1),OFFSET(Tableau2[[#This Row],[Type Ligne Richel]],1,0,Tableau2[[#This Row],[nb sous niveau]]+1,1)="Détail")),0)+ IF(Tableau2[[#This Row],[Type Ligne Richel]]="Kit",SUM(OFFSET(Tableau2[[#This Row],[Prix]],1,0,Tableau2[[#This Row],[nb sous niveau]],1)),0)+ IF(Tableau2[[#This Row],[Type Ligne Richel]]="Détail",Tableau2[[#This Row],[Quantité Totale]]*Tableau2[[#This Row],[Prix unitaire HT]]*(1-Tableau2[[#This Row],[% remise ligne]])*(1+Tableau2[[#This Row],[comm]]),0),0)} -> 11.1296 | R15: ACCESSOIRE | S15: 0.25 | T15: 0.5
A16: 7100000 | B16: Non | C16: 4 | D16: =IF(Tableau2[[#This Row],[Parent]]="oui",Tableau2[[#This Row],[Niveau]]+1,IF(B15="oui",Tableau2[[#This Row],[Niveau]]+1,D15)) -> 5 | E16: {=MIN(IFERROR(IF(D16-{0;1;2;3;4;5;6;7}>=0,MATCH(D16-{0;1;2;3;4;5;6;7},D17:D$828,0)-1,""),""))} -> 0 | F16: Détail | G16: P710182 | H16: VIS H M10x65/26 CL 10.9 GEO | K16: 4 | L16: 0.84 | M16: =IFERROR(_xlfn.XLOOKUP(Tableau2[[#This Row],[Groupe rem. article]],remises!$B$2:$B$5,remises!$C$2:$C$5),0) -> 0.53 | N16: =$N$1 -> 0 | O16: =IFERROR(SUM(OFFSET(Tableau2[[#This Row],[MLP]],1,1,Tableau2[[#This Row],[nb sous niveau]],1)),"") | P16: =IF(Tableau2[[#This Row],[Type Ligne Richel]]="détail",Tableau2[[#This Row],[Quantité Totale]]*Tableau2[[#This Row],[Prix unitaire HT]]*(1-Tableau2[[#This Row],[% remise ligne]])*(1+Tableau2[[#This Row],[comm]]),"") -> 1.5792 | Q16: {=IFERROR( IF(Tableau2[[#This Row],[Type Ligne Richel]]="Chapitre",SUM(_xlfn._xlws.FILTER(OFFSET(Tableau2[[#This Row],[Prix]],1,0,Tableau2[[#This Row],[nb sous niveau]]+1,1),OFFSET(Tableau2[[#This Row],[Type Ligne Richel]],1,0,Tableau2[[#This Row],[nb sous niveau]]+1,1)="Détail")),0)+ IF(Tableau2[[#This Row],[Type Ligne Richel]]="Kit",SUM(OFFSET(Tableau2[[#This Row],[Prix]],1,0,Tableau2[[#This Row],[nb sous niveau]],1)),0)+ IF(Tableau2[[#This Row],[Type Ligne Richel]]="Détail",Tableau2[[#This Row],[Quantité Totale]]*Tableau2[[#This Row],[Prix unitaire HT]]*(1-Tableau2[[#This Row],[% remise ligne]])*(1+Tableau2[[#This Row],[comm]]),0),0)} -> 1.5792 | R16: ACCESSOIRE | S16: 0.045 | T16: 0.18
A17: 7110000 | B17: Non | C17: 4 | D17: =IF(Tableau2[[#This Row],[Parent]]="oui",Tableau2[[#This Row],[Niveau]]+1,IF(B16="oui",Tableau2[[#This Row],[Niveau]]+1,D16)) -> 5 | E17: {=MIN(IFERROR(IF(D17-{0;1;2;3;4;5;6;7}>=0,MATCH(D17-{0;1;2;3;4;5;6;7},D18:D$828,0)-1,""),""))} -> 0 | F17: Détail | G17: P130070 | H17: RENFORT 45AD20 L 4470 | K17: 8 | L17: 47.09 | M17: =IFERROR(_xlfn.XLOOKUP(Tableau2[[#This Row],[Groupe rem. article]],remises!$B$2:$B$5,remises!$C$2:$C$5),0) -> 0.58 | N17: =$N$1 -> 0 | O17: =IFERROR(SUM(OFFSET(Tableau2[[#This Row],[MLP]],1,1,Tableau2[[#This Row],[nb sous niveau]],1)),"") | P17: =IF(Tableau2[[#This Row],[Type Ligne Richel]]="détail",Tableau2[[#This Row],[Quantité Totale]]*Tableau2[[#This Row],[Prix unitaire HT]]*(1-Tableau2[[#This Row],[% remise ligne]])*(1+Tableau2[[#This Row],[comm]]),"") -> 158.2224 | Q17: {=IFERROR( IF(Tableau2[[#This Row],[Type Ligne Richel]]="Chapitre",SUM(_xlfn._xlws.FILTER(OFFSET(Tableau2[[#This Row],[Prix]],1,0,Tableau2[[#This Row],[nb sous niveau]]+1,1),OFFSET(Tableau2[[#This Row],[Type Ligne Richel]],1,0,Tableau2[[#This Row],[nb sous niveau]]+1,1)="Détail")),0)+ IF(Tableau2[[#This Row],[Type Ligne Richel]]="Kit",SUM(OFFSET(Tableau2[[#This Row],[Prix]],1,0,Tableau2[[#This Row],[nb sous niveau]],1)),0)+ IF(Tableau2[[#This Row],[Type Ligne Richel]]="Détail",Tableau2[[#This Row],[Quantité Totale]]*Tableau2[[#This Row],[Prix unitaire HT]]*(1-Tableau2[[#This Row],[% remise ligne]])*(1+Tableau2[[#This Row],[comm]]),0),0)} -> 158.2224 | R17: CHARPENTE | S17: 7.575 | T17: 60.6
... A135: 12290000 | B135: Non | C135: 4 | D135: =IF(Tableau2[[#This Row],[Parent]]="oui",Tableau2[[#This Row],[Niveau]]+1,IF(B134="oui",Tableau2[[#This Row],[Niveau]]+1,D134)) -> 5 | E135: {=MIN(IFERROR(IF(D135-{0;1;2;3;4;5;6;7}>=0,MATCH(D135-{0;1;2;3;4;5;6;7},D136:D$828,0)-1,""),""))} -> 0 | F135: Détail | G135: P710182 | H135: VIS H M10x65/26 CL 10.9 GEO | K135: 8 | L135: 0.84 | M135: =IFERROR(_xlfn.XLOOKUP(Tableau2[[#This Row],[Groupe rem. article]],remises!$B$2:$B$5,remises!$C$2:$C$5),0) -> 0.53 | N135: =$N$1 -> 0 | O135: =IFERROR(SUM(OFFSET(Tableau2[[#This Row],[MLP]],1,1,Tableau2[[#This Row],[nb sous niveau]],1)),"") | P135: =IF(Tableau2[[#This Row],[Type Ligne Richel]]="détail",Tableau2[[#This Row],[Quantité Totale]]*Tableau2[[#This Row],[Prix unitaire HT]]*(1-Tableau2[[#This Row],[% remise ligne]])*(1+Tableau2[[#This Row],[comm]]),"") -> 3.1584 | Q135: {=IFERROR( IF(Tableau2[[#This Row],[Type Ligne Richel]]="Chapitre",SUM(_xlfn._xlws.FILTER(OFFSET(Tableau2[[#This Row],[Prix]],1,0,Tableau2[[#This Row],[nb sous niveau]]+1,1),OFFSET(Tableau2[[#This Row],[Type Ligne Richel]],1,0,Tableau2[[#This Row],[nb sous niveau]]+1,1)="Détail")),0)+ IF(Tableau2[[#This Row],[Type Ligne Richel]]="Kit",SUM(OFFSET(Tableau2[[#This Row],[Prix]],1,0,Tableau2[[#This Row],[nb sous niveau]],1)),0)+ IF(Tableau2[[#This Row],[Type Ligne Richel]]="Détail",Tableau2[[#This Row],[Quantité Totale]]*Tableau2[[#This Row],[Prix unitaire HT]]*(1-Tableau2[[#This Row],[% remise ligne]])*(1+Tableau2[[#This Row],[comm]]),0),0)} -> 3.1584 | R135: ACCESSOIRE | S135: 0.045 | T135: 0.36
A136: 13000000 | B136: Oui | C136: 3 | D136: =IF(Tableau2[[#This Row],[Parent]]="oui",Tableau2[[#This Row],[Niveau]]+1,IF(B135="oui",Tableau2[[#This Row],[Niveau]]+1,D135)) -> 4 | E136: {=MIN(IFERROR(IF(D136-{0;1;2;3;4;5;6;7}>=0,MATCH(D136-{0;1;2;3;4;5;6;7},D137:D$828,0)-1,""),""))} -> 4 | F136: Kit | G136: B25032 | H136: POT 90 80x80x1.5 H400 PIG | K136: 4 | L136: 130.23 | M136: =IFERROR(_xlfn.XLOOKUP(Tableau2[[#This Row],[Groupe rem. article]],remises!$B$2:$B$5,remises!$C$2:$C$5),0) -> 0 | N136: =$N$1 -> 0 | O136: =IFERROR(SUM(OFFSET(Tableau2[[#This Row],[MLP]],1,1,Tableau2[[#This Row],[nb sous niveau]],1)),"") -> 223.1504 | P136: =IF(Tableau2[[#This Row],[Type Ligne Richel]]="détail",Tableau2[[#This Row],[Quantité Totale]]*Tableau2[[#This Row],[Prix unitaire HT]]*(1-Tableau2[[#This Row],[% remise ligne]])*(1+Tableau2[[#This Row],[comm]]),"") | Q136: {=IFERROR( IF(Tableau2[[#This Row],[Type Ligne Richel]]="Chapitre",SUM(_xlfn._xlws.FILTER(OFFSET(Tableau2[[#This Row],[Prix]],1,0,Tableau2[[#This Row],[nb sous niveau]]+1,1),OFFSET(Tableau2[[#This Row],[Type Ligne Richel]],1,0,Tableau2[[#This Row],[nb sous niveau]]+1,1)="Détail")),0)+ IF(Tableau2[[#This Row],[Type Ligne Richel]]="Kit",SUM(OFFSET(Tableau2[[#This Row],[Prix]],1,0,Tableau2[[#This Row],[nb sous niveau]],1)),0)+ IF(Tableau2[[#This Row],[Type Ligne Richel]]="Détail",Tableau2[[#This Row],[Quantité Totale]]*Tableau2[[#This Row],[Prix unitaire HT]]*(1-Tableau2[[#This Row],[% remise ligne]])*(1+Tableau2[[#This Row],[comm]]),0),0)} -> 223.1504 | S136: 17.085 | T136: 73.08
A137: 13010000 | B137: Non | C137: 4 | D137: =IF(Tableau2[[#This Row],[Parent]]="oui",Tableau2[[#This Row],[Niveau]]+1,IF(B136="oui",Tableau2[[#This Row],[Niveau]]+1,D136)) -> 5 | E137: {=MIN(IFERROR(IF(D137-{0;1;2;3;4;5;6;7}>=0,MATCH(D137-{0;1;2;3;4;5;6;7},D138:D$828,0)-1,""),""))} -> 0 | F137: Détail | G137: P620668 | H137: EGOUT ARTICULE OV 90 | K137: 8 | L137: 10.32 | M137: =IFERROR(_xlfn.XLOOKUP(Tableau2[[#This Row],[Groupe rem. article]],remises!$B$2:$B$5,remises!$C$2:$C$5),0) -> 0.53 | N137: =$N$1 -> 0 | O137: =IFERROR(SUM(OFFSET(Tableau2[[#This Row],[MLP]],1,1,Tableau2[[#This Row],[nb sous niveau]],1)),"") | P137: =IF(Tableau2[[#This Row],[Type Ligne Richel]]="détail",Tableau2[[#This Row],[Quantité Totale]]*Tableau2[[#This Row],[Prix unitaire HT]]*(1-Tableau2[[#This Row],[% remise ligne]])*(1+Tableau2[[#This Row],[comm]]),"") -> 38.8032 | Q137: {=IFERROR( IF(Tableau2[[#This Row],[Type Ligne Richel]]="Chapitre",SUM(_xlfn._xlws.FILTER(OFFSET(Tableau2[[#This Row],[Prix]],1,0,Tableau2[[#This Row],[nb sous niveau]]+1,1),OFFSET(Tableau2[[#This Row],[Type Ligne Richel]],1,0,Tableau2[[#This Row],[nb sous niveau]]+1,1)="Détail")),0)+ IF(Tableau2[[#This Row],[Type Ligne Richel]]="Kit",SUM(OFFSET(Tableau2[[#This Row],[Prix]],1,0,Tableau2[[#This Row],[nb sous niveau]],1)),0)+ IF(Tableau2[[#This Row],[Type Ligne Richel]]="Détail",Tableau2[[#This Row],[Quantité Totale]]*Tableau2[[#This Row],[Prix unitaire HT]]*(1-Tableau2[[#This Row],[% remise ligne]])*(1+Tableau2[[#This Row],[comm]]),0),0)} -> 38.8032 | R137: ACCESSOIRE | S137: 1.14 | T137: 9.12
A138: 13020000 | B138: Non | C138: 4 | D138: =IF(Tableau2[[#This Row],[Parent]]="oui",Tableau2[[#This Row],[Niveau]]+1,IF(B137="oui",Tableau2[[#This Row],[Niveau]]+1,D137)) -> 5 | E138: {=MIN(IFERROR(IF(D138-{0;1;2;3;4;5;6;7}>=0,MATCH(D138-{0;1;2;3;4;5;6;7},D139:D$828,0)-1,""),""))} -> 0 | F138: Détail | G138: P710062 | H138: VIS H M8x100/100 CL 10.9 GEO | K138: 8 | L138: 0.5 | M138: =IFERROR(_xlfn.XLOOKUP(Tableau2[[#This Row],[Groupe rem. article]],remises!$B$2:$B$5,remises!$C$2:$C$5),0) -> 0.53 | N138: =$N$1 -> 0 | O138: =IFERROR(SUM(OFFSET(Tableau2[[#This Row],[MLP]],1,1,Tableau2[[#This Row],[nb sous niveau]],1)),"") | P138: =IF(Tableau2[[#This Row],[Type Ligne Richel]]="détail",Tableau2[[#This Row],[Quantité Totale]]*Tableau2[[#This Row],[Prix unitaire HT]]*(1-Tableau2[[#This Row],[% remise ligne]])*(1+Tableau2[[#This Row],[comm]]),"") -> 1.88 | Q138: {=IFERROR( IF(Tableau2[[#This Row],[Type Ligne Richel]]="Chapitre",SUM(_xlfn._xlws.FILTER(OFFSET(Tableau2[[#This Row],[Prix]],1,0,Tableau2[[#This Row],[nb sous niveau]]+1,1),OFFSET(Tableau2[[#This Row],[Type Ligne Richel]],1,0,Tableau2[[#This Row],[nb sous niveau]]+1,1)="Détail")),0)+ IF(Tableau2[[#This Row],[Type Ligne Richel]]="Kit",SUM(OFFSET(Tableau2[[#This Row],[Prix]],1,0,Tableau2[[#This Row],[nb sous niveau]],1)),0)+ IF(Tableau2[[#This Row],[Type Ligne Richel]]="Détail",Tableau2[[#This Row],[Quantité Totale]]*Tableau2[[#This Row],[Prix unitaire HT]]*(1-Tableau2[[#This Row],[% remise ligne]])*(1+Tableau2[[#This Row],[comm]]),0),0)} -> 1.88 | R138: ACCESSOIRE | S138: 0.04 | T138: 0.32
A139: 13030000 | B139: Non | C139: 4 | D139: =IF(Tableau2[[#This Row],[Parent]]="oui",Tableau2[[#This Row],[Niveau]]+1,IF(B138="oui",Tableau2[[#This Row],[Niveau]]+1,D138)) -> 5 | E139: {=MIN(IFERROR(IF(D139-{0;1;2;3;4;5;6;7}>=0,MATCH(D139-{0;1;2;3;4;5;6;7},D140:D$828,0)-1,""),""))} -> 0 | F139: Détail | G139: P280058 | H139: POTEAU CV 80x80x1.5 LG4300 | K139: 4 | L139: 108.41 | M139: =IFERROR(_xlfn.XLOOKUP(Tableau2[[#This Row],[Groupe rem. article]],remises!$B$2:$B$5,remises!$C$2:$C$5),0) -> 0.58 | N139: =$N$1 -> 0 | O139: =IFERROR(SUM(OFFSET(Tableau2[[#This Row],[MLP]],1,1,Tableau2[[#This Row],[nb sous niveau]],1)),"") | P139: =IF(Tableau2[[#This Row],[Type Ligne Richel]]="détail",Tableau2[[#This Row],[Quantité Totale]]*Tableau2[[#This Row],[Prix unitaire HT]]*(1-Tableau2[[#This Row],[% remise ligne]])*(1+Tableau2[[#This Row],[comm]]),"") -> 182.1288 | Q139: {=IFERROR( IF(Tableau2[[#This Row],[Type Ligne Richel]]="Chapitre",SUM(_xlfn._xlws.FILTER(OFFSET(Tableau2[[#This Row],[Prix]],1,0,Tableau2[[#This Row],[nb sous niveau]]+1,1),OFFSET(Tableau2[[#This Row],[Type Ligne Richel]],1,0,Tableau2[[#This Row],[nb sous niveau]]+1,1)="Détail")),0)+ IF(Tableau2[[#This Row],[Type Ligne Richel]]="Kit",SUM(OFFSET(Tableau2[[#This Row],[Prix]],1,0,Tableau2[[#This Row],[nb sous niveau]],1)),0)+ IF(Tableau2[[#This Row],[Type Ligne Richel]]="Détail",Tableau2[[#This Row],[Quantité Totale]]*Tableau2[[#This Row],[Prix unitaire HT]]*(1-Tableau2[[#This Row],[% remise ligne]])*(1+Tableau2[[#This Row],[comm]]),0),0)} -> 182.1288 | R139: CHARPENTE | S139: 15.9 | T139: 63.6
A140: 13040000 | B140: Non | C140: 4 | D140: =IF(Tableau2[[#This Row],[Parent]]="oui",Tableau2[[#This Row],[Niveau]]+1,IF(B139="oui",Tableau2[[#This Row],[Niveau]]+1,D139)) -> 5 | E140: {=MIN(IFERROR(IF(D140-{0;1;2;3;4;5;6;7}>=0,MATCH(D140-{0;1;2;3;4;5;6;7},D141:D$828,0)-1,""),""))} -> 0 | F140: Détail | G140: P710014 | H140: ECROU FREIN H M8 CL8 ZN | K140: 8 | L140: 0.09 | M140: =IFERROR(_xlfn.XLOOKUP(Tableau2[[#This Row],[Groupe rem. article]],remises!$B$2:$B$5,remises!$C$2:$C$5),0) -> 0.53 | N140: =$N$1 -> 0 | O140: =IFERROR(SUM(OFFSET(Tableau2[[#This Row],[MLP]],1,1,Tableau2[[#This Row],[nb sous niveau]],1)),"") | P140: =IF(Tableau2[[#This Row],[Type Ligne Richel]]="détail",Tableau2[[#This Row],[Quantité Totale]]*Tableau2[[#This Row],[Prix unitaire HT]]*(1-Tableau2[[#This Row],[% remise ligne]])*(1+Tableau2[[#This Row],[comm]]),"") -> 0.3384 | Q140: {=IFERROR( IF(Tableau2[[#This Row],[Type Ligne Richel]]="Chapitre",SUM(_xlfn._xlws.FILTER(OFFSET(Tableau2[[#This Row],[Prix]],1,0,Tableau2[[#This Row],[nb sous niveau]]+1,1),OFFSET(Tableau2[[#This Row],[Type Ligne Richel]],1,0,Tableau2[[#This Row],[nb sous niveau]]+1,1)="Détail")),0)+ IF(Tableau2[[#This Row],[Type Ligne Richel]]="Kit",SUM(OFFSET(Tableau2[[#This Row],[Prix]],1,0,Tableau2[[#This Row],[nb sous niveau]],1)),0)+ IF(Tableau2[[#This Row],[Type Ligne Richel]]="Détail",Tableau2[[#This Row],[Quantité Totale]]*Tableau2[[#This Row],[Prix unitaire HT]]*(1-Tableau2[[#This Row],[% remise ligne]])*(1+Tableau2[[#This Row],[comm]]),0),0)} -> 0.3384 | R140: ACCESSOIRE | S140: 0.005 | T140: 0.04
A141: 14000000 | B141: Oui | C141: 3 | D141: =IF(Tableau2[[#This Row],[Parent]]="oui",Tableau2[[#This Row],[Niveau]]+1,IF(B140="oui",Tableau2[[#This Row],[Niveau]]+1,D140)) -> 4 | E141: {=MIN(IFERROR(IF(D141-{0;1;2;3;4;5;6;7}>=0,MATCH(D141-{0;1;2;3;4;5;6;7},D142:D$828,0)-1,""),""))} -> 4 | F141: Kit | G141: B30153 | H141: POT 80x40x1.5 LG4300 PERC SIMPLE CENT | K141: 22 | L141: 101.92 | M141: =IFERROR(_xlfn.XLOOKUP(Tableau2[[#This Row],[Groupe rem. article]],remises!$B$2:$B$5,remises!$C$2:$C$5),0) -> 0.58 | N141: =$N$1 -> 0 | O141: =IFERROR(SUM(OFFSET(Tableau2[[#This Row],[MLP]],1,1,Tableau2[[#This Row],[nb sous niveau]],1)),"") -> 965.7428 | P141: =IF(Tableau2[[#This Row],[Type Ligne Richel]]="détail",Tableau2[[#This Row],[Quantité Totale]]*Tableau2[[#This Row],[Prix unitaire HT]]*(1-Tableau2[[#This Row],[% remise ligne]])*(1+Tableau2[[#This Row],[comm]]),"") | Q141: {=IFERROR( IF(Tableau2[[#This Row],[Type Ligne Richel]]="Chapitre",SUM(_xlfn._xlws.FILTER(OFFSET(Tableau2[[#This Row],[Prix]],1,0,Tableau2[[#This Row],[nb sous niveau]]+1,1),OFFSET(Tableau2[[#This Row],[Type Ligne Richel]],1,0,Tableau2[[#This Row],[nb sous niveau]]+1,1)="Détail")),0)+ IF(Tableau2[[#This Row],[Type Ligne Richel]]="Kit",SUM(OFFSET(Tableau2[[#This Row],[Prix]],1,0,Tableau2[[#This Row],[nb sous niveau]],1)),0)+ IF(Tableau2[[#This Row],[Type Ligne Richel]]="Détail",Tableau2[[#This Row],[Quantité Totale]]*Tableau2[[#This Row],[Prix unitaire HT]]*(1-Tableau2[[#This Row],[% remise ligne]])*(1+Tableau2[[#This Row],[comm]]),0),0)} -> 965.7428 | R141: CHARPENTE | S141: 13.185 | T141: 316.14
A142: 14010000 | B142: Non | C142: 4 | D142: =IF(Tableau2[[#This Row],[Parent]]="oui",Tableau2[[#This Row],[Niveau]]+1,IF(B141="oui",Tableau2[[#This Row],[Niveau]]+1,D141)) -> 5 | E142: {=MIN(IFERROR(IF(D142-{0;1;2;3;4;5;6;7}>=0,MATCH(D142-{0;1;2;3;4;5;6;7},D143:D$828,0)-1,""),""))} -> 0 | F142: Détail | G142: P620668 | H142: EGOUT ARTICULE OV 90 | K142: 44 | L142: 10.32 | M142: =IFERROR(_xlfn.XLOOKUP(Tableau2[[#This Row],[Groupe rem. article]],remises!$B$2:$B$5,remises!$C$2:$C$5),0) -> 0.53 | N142: =$N$1 -> 0 | O142: =IFERROR(SUM(OFFSET(Tableau2[[#This Row],[MLP]],1,1,Tableau2[[#This Row],[nb sous niveau]],1)),"") | P142: =IF(Tableau2[[#This Row],[Type Ligne Richel]]="détail",Tableau2[[#This Row],[Quantité Totale]]*Tableau2[[#This Row],[Prix unitaire HT]]*(1-Tableau2[[#This Row],[% remise ligne]])*(1+Tableau2[[#This Row],[comm]]),"") -> 213.4176 | Q142: {=IFERROR( IF(Tableau2[[#This Row],[Type Ligne Richel]]="Chapitre",SUM(_xlfn._xlws.FILTER(OFFSET(Tableau2[[#This Row],[Prix]],1,0,Tableau2[[#This Row],[nb sous niveau]]+1,1),OFFSET(Tableau2[[#This Row],[Type Ligne Richel]],1,0,Tableau2[[#This Row],[nb sous niveau]]+1,1)="Détail")),0)+ IF(Tableau2[[#This Row],[Type Ligne Richel]]="Kit",SUM(OFFSET(Tableau2[[#This Row],[Prix]],1,0,Tableau2[[#This Row],[nb sous niveau]],1)),0)+ IF(Tableau2[[#This Row],[Type Ligne Richel]]="Détail",Tableau2[[#This Row],[Quantité Totale]]*Tableau2[[#This Row],[Prix unitaire HT]]*(1-Tableau2[[#This Row],[% remise ligne]])*(1+Tableau2[[#This Row],[comm]]),0),0)} -> 213.4176 | R142: ACCESSOIRE | S142: 1.14 | T142: 50.16
A143: 14020000 | B143: Non | C143: 4 | D143: =IF(Tableau2[[#This Row],[Parent]]="oui",Tableau2[[#This Row],[Niveau]]+1,IF(B142="oui",Tableau2[[#This Row],[Niveau]]+1,D142)) -> 5 | E143: {=MIN(IFERROR(IF(D143-{0;1;2;3;4;5;6;7}>=0,MATCH(D143-{0;1;2;3;4;5;6;7},D144:D$828,0)-1,""),""))} -> 0 | F143: Détail | G143: P710062 | H143: VIS H M8x100/100 CL 10.9 GEO | K143: 44 | L143: 0.5 | M143: =IFERROR(_xlfn.XLOOKUP(Tableau2[[#This Row],[Groupe rem. article]],remises!$B$2:$B$5,remises!$C$2:$C$5),0) -> 0.53 | N143: =$N$1 -> 0 | O143: =IFERROR(SUM(OFFSET(Tableau2[[#This Row],[MLP]],1,1,Tableau2[[#This Row],[nb sous niveau]],1)),"") | P143: =IF(Tableau2[[#This Row],[Type Ligne Richel]]="détail",Tableau2[[#This Row],[Quantité Totale]]*Tableau2[[#This Row],[Prix unitaire HT]]*(1-Tableau2[[#This Row],[% remise ligne]])*(1+Tableau2[[#This Row],[comm]]),"") -> 10.34 | Q143: {=IFERROR( IF(Tableau2[[#This Row],[Type Ligne Richel]]="Chapitre",SUM(_xlfn._xlws.FILTER(OFFSET(Tableau2[[#This Row],[Prix]],1,0,Tableau2[[#This Row],[nb sous niveau]]+1,1),OFFSET(Tableau2[[#This Row],[Type Ligne Richel]],1,0,Tableau2[[#This Row],[nb sous niveau]]+1,1)="Détail")),0)+ IF(Tableau2[[#This Row],[Type Ligne Richel]]="Kit",SUM(OFFSET(Tableau2[[#This Row],[Prix]],1,0,Tableau2[[#This Row],[nb sous niveau]],1)),0)+ IF(Tableau2[[#This Row],[Type Ligne Richel]]="Détail",Tableau2[[#This Row],[Quantité Totale]]*Tableau2[[#This Row],[Prix unitaire HT]]*(1-Tableau2[[#This Row],[% remise ligne]])*(1+Tableau2[[#This Row],[comm]]),0),0)} -> 10.34 | R143: ACCESSOIRE | S143: 0.04 | T143: 1.76
A144: 14030000 | B144: Non | C144: 4 | D144: =IF(Tableau2[[#This Row],[Parent]]="oui",Tableau2[[#This Row],[Niveau]]+1,IF(B143="oui",Tableau2[[#This Row],[Niveau]]+1,D143)) -> 5 | E144: {=MIN(IFERROR(IF(D144-{0;1;2;3;4;5;6;7}>=0,MATCH(D144-{0;1;2;3;4;5;6;7},D145:D$828,0)-1,""),""))} -> 0 | F144: Détail | G144: P265093 | H144: POTEAU CV 80x40x1.5 Lg4300 PERCAGE SIMPLE | K144: 22 | L144: 80.1 | M144: =IFERROR(_xlfn.XLOOKUP(Tableau2[[#This Row],[Groupe rem. article]],remises!$B$2:$B$5,remises!$C$2:$C$5),0) -> 0.58 | N144: =$N$1 -> 0 | O144: =IFERROR(SUM(OFFSET(Tableau2[[#This Row],[MLP]],1,1,Tableau2[[#This Row],[nb sous niveau]],1)),"") | P144: =IF(Tableau2[[#This Row],[Type Ligne Richel]]="détail",Tableau2[[#This Row],[Quantité Totale]]*Tableau2[[#This Row],[Prix unitaire HT]]*(1-Tableau2[[#This Row],[% remise ligne]])*(1+Tableau2[[#This Row],[comm]]),"") -> 740.124 | Q144: {=IFERROR( IF(Tableau2[[#This Row],[Type Ligne Richel]]="Chapitre",SUM(_xlfn._xlws.FILTER(OFFSET(Tableau2[[#This Row],[Prix]],1,0,Tableau2[[#This Row],[nb sous niveau]]+1,1),OFFSET(Tableau2[[#This Row],[Type Ligne Richel]],1,0,Tableau2[[#This Row],[nb sous niveau]]+1,1)="Détail")),0)+ IF(Tableau2[[#This Row],[Type Ligne Richel]]="Kit",SUM(OFFSET(Tableau2[[#This Row],[Prix]],1,0,Tableau2[[#This Row],[nb sous niveau]],1)),0)+ IF(Tableau2[[#This Row],[Type Ligne Richel]]="Détail",Tableau2[[#This Row],[Quantité Totale]]*Tableau2[[#This Row],[Prix unitaire HT]]*(1-Tableau2[[#This Row],[% remise ligne]])*(1+Tableau2[[#This Row],[comm]]),0),0)} -> 740.124 | R144: CHARPENTE | S144: 12 | T144: 264
A145: 14040000 | B145: Non | C145: 4 | D145: =IF(Tableau2[[#This Row],[Parent]]="oui",Tableau2[[#This Row],[Niveau]]+1,IF(B144="oui",Tableau2[[#This Row],[Niveau]]+1,D144)) -> 5 | E145: {=MIN(IFERROR(IF(D145-{0;1;2;3;4;5;6;7}>=0,MATCH(D145-{0;1;2;3;4;5;6;7},D146:D$828,0)-1,""),""))} -> 0 | F145: Détail | G145: P710014 | H145: ECROU FREIN H M8 CL8 ZN | K145: 44 | L145: 0.09 | M145: =IFERROR(_xlfn.XLOOKUP(Tableau2[[#This Row],[Groupe rem. article]],remises!$B$2:$B$5,remises!$C$2:$C$5),0) -> 0.53 | N145: =$N$1 -> 0 | O145: =IFERROR(SUM(OFFSET(Tableau2[[#This Row],[MLP]],1,1,Tableau2[[#This Row],[nb sous niveau]],1)),"") | P145: =IF(Tableau2[[#This Row],[Type Ligne Richel]]="détail",Tableau2[[#This Row],[Quantité Totale]]*Tableau2[[#This Row],[Prix unitaire HT]]*(1-Tableau2[[#This Row],[% remise ligne]])*(1+Tableau2[[#This Row],[comm]]),"") -> 1.8612 | Q145: {=IFERROR( IF(Tableau2[[#This Row],[Type Ligne Richel]]="Chapitre",SUM(_xlfn._xlws.FILTER(OFFSET(Tableau2[[#This Row],[Prix]],1,0,Tableau2[[#This Row],[nb sous niveau]]+1,1),OFFSET(Tableau2[[#This Row],[Type Ligne Richel]],1,0,Tableau2[[#This Row],[nb sous niveau]]+1,1)="Détail")),0)+ IF(Tableau2[[#This Row],[Type Ligne Richel]]="Kit",SUM(OFFSET(Tableau2[[#This Row],[Prix]],1,0,Tableau2[[#This Row],[nb sous niveau]],1)),0)+ IF(Tableau2[[#This Row],[Type Ligne Richel]]="Détail",Tableau2[[#This Row],[Quantité Totale]]*Tableau2[[#This Row],[Prix unitaire HT]]*(1-Tableau2[[#This Row],[% remise ligne]])*(1+Tableau2[[#This Row],[comm]]),0),0)} -> 1.8612 | R145: ACCESSOIRE | S145: 0.005 | T145: 0.22
A146: 15000000 | B146: Oui | C146: 3 | D146: =IF(Tableau2[[#This Row],[Parent]]="oui",Tableau2[[#This Row],[Niveau]]+1,IF(B145="oui",Tableau2[[#This Row],[Niveau]]+1,D145)) -> 4 | E146: {=MIN(IFERROR(IF(D146-{0;1;2;3;4;5;6;7}>=0,MATCH(D146-{0;1;2;3;4;5;6;7},D147:D$828,0)-1,""),""))} -> 5 | F146: Kit | G146: B18717 | H146: INSERT POTEAU 80*80 | K146: 30 | L146: 29.47 | M146: =IFERROR(_xlfn.XLOOKUP(Tableau2[[#This Row],[Groupe rem. article]],remises!$B$2:$B$5,remises!$C$2:$C$5),0) -> 0 | N146: =$N$1 -> 0 | O146: =IFERROR(SUM(OFFSET(Tableau2[[#This Row],[MLP]],1,1,Tableau2[[#This Row],[nb sous niveau]],1)),"") -> 373.227 | P146: =IF(Tableau2[[#This Row],[Type Ligne Richel]]="détail",Tableau2[[#This Row],[Quantité Totale]]*Tableau2[[#This Row],[Prix unitaire HT]]*(1-Tableau2[[#This Row],[% remise ligne]])*(1+Tableau2[[#This Row],[comm]]),"") | Q146: {=IFERROR( IF(Tableau2[[#This Row],[Type Ligne Richel]]="Chapitre",SUM(_xlfn._xlws.FILTER(OFFSET(Tableau2[[#This Row],[Prix]],1,0,Tableau2[[#This Row],[nb sous niveau]]+1,1),OFFSET(Tableau2[[#This Row],[Type Ligne Richel]],1,0,Tableau2[[#This Row],[nb sous niveau]]+1,1)="Détail")),0)+ IF(Tableau2[[#This Row],[Type Ligne Richel]]="Kit",SUM(OFFSET(Tableau2[[#This Row],[Prix]],1,0,Tableau2[[#This Row],[nb sous niveau]],1)),0)+ IF(Tableau2[[#This Row],[Type Ligne Richel]]="Détail",Tableau2[[#This Row],[Quantité Totale]]*Tableau2[[#This Row],[Prix unitaire HT]]*(1-Tableau2[[#This Row],[% remise ligne]])*(1+Tableau2[[#This Row],[comm]]),0),0)} -> 373.227 | S146: 4.016 | T146: 120.69
A147: 15010000 | B147: Non | C147: 4 | D147: =IF(Tableau2[[#This Row],[Parent]]="oui",Tableau2[[#This Row],[Niveau]]+1,IF(B146="oui",Tableau2[[#This Row],[Niveau]]+1,D146)) -> 5 | E147: {=MIN(IFERROR(IF(D147-{0;1;2;3;4;5;6;7}>=0,MATCH(D147-{0;1;2;3;4;5;6;7},D148:D$828,0)-1,""),""))} -> 0 | F147: Détail | G147: P710011 | H147: RONDELLE M8x24x2 ZN | K147: 60 | L147: 0.16 | M147: =IFERROR(_xlfn.XLOOKUP(Tableau2[[#This Row],[Groupe rem. article]],remises!$B$2:$B$5,remises!$C$2:$C$5),0) -> 0.53 | N147: =$N$1 -> 0 | O147: =IFERROR(SUM(OFFSET(Tableau2[[#This Row],[MLP]],1,1,Tableau2[[#This Row],[nb sous niveau]],1)),"") | P147: =IF(Tableau2[[#This Row],[Type Ligne Richel]]="détail",Tableau2[[#This Row],[Quantité Totale]]*Tableau2[[#This Row],[Prix unitaire HT]]*(1-Tableau2[[#This Row],[% remise ligne]])*(1+Tableau2[[#This Row],[comm]]),"") -> 4.512 | Q147: {=IFERROR( IF(Tableau2[[#This Row],[Type Ligne Richel]]="Chapitre",SUM(_xlfn._xlws.FILTER(OFFSET(Tableau2[[#This Row],[Prix]],1,0,Tableau2[[#This Row],[nb sous niveau]]+1,1),OFFSET(Tableau2[[#This Row],[Type Ligne Richel]],1,0,Tableau2[[#This Row],[nb sous niveau]]+1,1)="Détail")),0)+ IF(Tableau2[[#This Row],[Type Ligne Richel]]="Kit",SUM(OFFSET(Tableau2[[#This Row],[Prix]],1,0,Tableau2[[#This Row],[nb sous niveau]],1)),0)+ IF(Tableau2[[#This Row],[Type Ligne Richel]]="Détail",Tableau2[[#This Row],[Quantité Totale]]*Tableau2[[#This Row],[Prix unitaire HT]]*(1-Tableau2[[#This Row],[% remise ligne]])*(1+Tableau2[[#This Row],[comm]]),0),0)} -> 4.512 | R147: ACCESSOIRE | S147: 0.007 | T147: 0.42
A148: 15020000 | B148: Non | C148: 4 | D148: =IF(Tableau2[[#This Row],[Parent]]="oui",Tableau2[[#This Row],[Niveau]]+1,IF(B147="oui",Tableau2[[#This Row],[Niveau]]+1,D147)) -> 5 | E148: {=MIN(IFERROR(IF(D148-{0;1;2;3;4;5;6;7}>=0,MATCH(D148-{0;1;2;3;4;5;6;7},D149:D$828,0)-1,""),""))} -> 0 | F148: Détail | G148: P271000 | H148: INSERT 70*70*1.5 LG 1200 | K148: 30 | L148: 28.2 | M148: =IFERROR(_xlfn.XLOOKUP(Tableau2[[#This Row],[Groupe rem. article]],remises!$B$2:$B$5,remises!$C$2:$C$5),0) -> 0.58 | N148: =$N$1 -> 0 | O148: =IFERROR(SUM(OFFSET(Tableau2[[#This Row],[MLP]],1,1,Tableau2[[#This Row],[nb sous niveau]],1)),"") | P148: =IF(Tableau2[[#This Row],[Type Ligne Richel]]="détail",Tableau2[[#This Row],[Quantité Totale]]*Tableau2[[#This Row],[Prix unitaire HT]]*(1-Tableau2[[#This Row],[% remise ligne]])*(1+Tableau2[[#This Row],[comm]]),"") -> 355.32 | Q148: {=IFERROR( IF(Tableau2[[#This Row],[Type Ligne Richel]]="Chapitre",SUM(_xlfn._xlws.FILTER(OFFSET(Tableau2[[#This Row],[Prix]],1,0,Tableau2[[#This Row],[nb sous niveau]]+1,1),OFFSET(Tableau2[[#This Row],[Type Ligne Richel]],1,0,Tableau2[[#This Row],[nb sous niveau]]+1,1)="Détail")),0)+ IF(Tableau2[[#This Row],[Type Ligne Richel]]="Kit",SUM(OFFSET(Tableau2[[#This Row],[Prix]],1,0,Tableau2[[#This Row],[nb sous niveau]],1)),0)+ IF(Tableau2[[#This Row],[Type Ligne Richel]]="Détail",Tableau2[[#This Row],[Quantité Totale]]*Tableau2[[#This Row],[Prix unitaire HT]]*(1-Tableau2[[#This Row],[% remise ligne]])*(1+Tableau2[[#This Row],[comm]]),0),0)} -> 355.32 | R148: CHARPENTE | S148: 3.876 | T148: 116.28
A149: 15030000 | B149: Non | C149: 4 | D149: =IF(Tableau2[[#This Row],[Parent]]="oui",Tableau2[[#This Row],[Niveau]]+1,IF(B148="oui",Tableau2[[#This Row],[Niveau]]+1,D148)) -> 5 | E149: {=MIN(IFERROR(IF(D149-{0;1;2;3;4;5;6;7}>=0,MATCH(D149-{0;1;2;3;4;5;6;7},D150:D$828,0)-1,""),""))} -> 0 | F149: Détail | G149: P620484 | H149: FER A BETON DIA 8 HA LG 250 | K149: 30 | L149: 0.36 | M149: =IFERROR(_xlfn.XLOOKUP(Tableau2[[#This Row],[Groupe rem. article]],remises!$B$2:$B$5,remises!$C$2:$C$5),0) -> 0.53 | N149: =$N$1 -> 0 | O149: =IFERROR(SUM(OFFSET(Tableau2[[#This Row],[MLP]],1,1,Tableau2[[#This Row],[nb sous niveau]],1)),"") | P149: =IF(Tableau2[[#This Row],[Type Ligne Richel]]="détail",Tableau2[[#This Row],[Quantité Totale]]*Tableau2[[#This Row],[Prix unitaire HT]]*(1-Tableau2[[#This Row],[% remise ligne]])*(1+Tableau2[[#This Row],[comm]]),"") -> 5.076 | Q149: {=IFERROR( IF(Tableau2[[#This Row],[Type Ligne Richel]]="Chapitre",SUM(_xlfn._xlws.FILTER(OFFSET(Tableau2[[#This Row],[Prix]],1,0,Tableau2[[#This Row],[nb sous niveau]]+1,1),OFFSET(Tableau2[[#This Row],[Type Ligne Richel]],1,0,Tableau2[[#This Row],[nb sous niveau]]+1,1)="Détail")),0)+ IF(Tableau2[[#This Row],[Type Ligne Richel]]="Kit",SUM(OFFSET(Tableau2[[#This Row],[Prix]],1,0,Tableau2[[#This Row],[nb sous niveau]],1)),0)+ IF(Tableau2[[#This Row],[Type Ligne Richel]]="Détail",Tableau2[[#This Row],[Quantité Totale]]*Tableau2[[#This Row],[Prix unitaire HT]]*(1-Tableau2[[#This Row],[% remise ligne]])*(1+Tableau2[[#This Row],[comm]]),0),0)} -> 5.076 | R149: ACCESSOIRE | S149: 0.088 | T149: 2.64
A150: 15040000 | B150: Non | C150: 4 | D150: =IF(Tableau2[[#This Row],[Parent]]="oui",Tableau2[[#This Row],[Niveau]]+1,IF(B149="oui",Tableau2[[#This Row],[Niveau]]+1,D149)) -> 5 | E150: {=MIN(IFERROR(IF(D150-{0;1;2;3;4;5;6;7}>=0,MATCH(D150-{0;1;2;3;4;5;6;7},D151:D$828,0)-1,""),""))} -> 0 | F150: Détail | G150: P710062 | H150: VIS H M8x100/100 CL 10.9 GEO | K150: 30 | L150: 0.5 | M150: =IFERROR(_xlfn.XLOOKUP(Tableau2[[#This Row],[Groupe rem. article]],remises!$B$2:$B$5,remises!$C$2:$C$5),0) -> 0.53 | N150: =$N$1 -> 0 | O150: =IFERROR(SUM(OFFSET(Tableau2[[#This Row],[MLP]],1,1,Tableau2[[#This Row],[nb sous niveau]],1)),"") | P150: =IF(Tableau2[[#This Row],[Type Ligne Richel]]="détail",Tableau2[[#This Row],[Quantité Totale]]*Tableau2[[#This Row],[Prix unitaire HT]]*(1-Tableau2[[#This Row],[% remise ligne]])*(1+Tableau2[[#This Row],[comm]]),"") -> 7.05 | Q150: {=IFERROR( IF(Tableau2[[#This Row],[Type Ligne Richel]]="Chapitre",SUM(_xlfn._xlws.FILTER(OFFSET(Tableau2[[#This Row],[Prix]],1,0,Tableau2[[#This Row],[nb sous niveau]]+1,1),OFFSET(Tableau2[[#This Row],[Type Ligne Richel]],1,0,Tableau2[[#This Row],[nb sous niveau]]+1,1)="Détail")),0)+ IF(Tableau2[[#This Row],[Type Ligne Richel]]="Kit",SUM(OFFSET(Tableau2[[#This Row],[Prix]],1,0,Tableau2[[#This Row],[nb sous niveau]],1)),0)+ IF(Tableau2[[#This Row],[Type Ligne Richel]]="Détail",Tableau2[[#This Row],[Quantité Totale]]*Tableau2[[#This Row],[Prix unitaire HT]]*(1-Tableau2[[#This Row],[% remise ligne]])*(1+Tableau2[[#This Row],[comm]]),0),0)} -> 7.05 | R150: ACCESSOIRE | S150: 0.04 | T150: 1.2
A151: 15050000 | B151: Non | C151: 4 | D151: =IF(Tableau2[[#This Row],[Parent]]="oui",Tableau2[[#This Row],[Niveau]]+1,IF(B150="oui",Tableau2[[#This Row],[Niveau]]+1,D150)) -> 5 | E151: {=MIN(IFERROR(IF(D151-{0;1;2;3;4;5;6;7}>=0,MATCH(D151-{0;1;2;3;4;5;6;7},D152:D$828,0)-1,""),""))} -> 0 | F151: Détail | G151: P710014 | H151: ECROU FREIN H M8 CL8 ZN | K151: 30 | L151: 0.09 | M151: =IFERROR(_xlfn.XLOOKUP(Tableau2[[#This Row],[Groupe rem. article]],remises!$B$2:$B$5,remises!$C$2:$C$5),0) -> 0.53 | N151: =$N$1 -> 0 | O151: =IFERROR(SUM(OFFSET(Tableau2[[#This Row],[MLP]],1,1,Tableau2[[#This Row],[nb sous niveau]],1)),"") | P151: =IF(Tableau2[[#This Row],[Type Ligne Richel]]="détail",Tableau2[[#This Row],[Quantité Totale]]*Tableau2[[#This Row],[Prix unitaire HT]]*(1-Tableau2[[#This Row],[% remise ligne]])*(1+Tableau2[[#This Row],[comm]]),"") -> 1.269 | Q151: {=IFERROR( IF(Tableau2[[#This Row],[Type Ligne Richel]]="Chapitre",SUM(_xlfn._xlws.FILTER(OFFSET(Tableau2[[#This Row],[Prix]],1,0,Tableau2[[#This Row],[nb sous niveau]]+1,1),OFFSET(Tableau2[[#This Row],[Type Ligne Richel]],1,0,Tableau2[[#This Row],[nb sous niveau]]+1,1)="Détail")),0)+ IF(Tableau2[[#This Row],[Type Ligne Richel]]="Kit",SUM(OFFSET(Tableau2[[#This Row],[Prix]],1,0,Tableau2[[#This Row],[nb sous niveau]],1)),0)+ IF(Tableau2[[#This Row],[Type Ligne Richel]]="Détail",Tableau2[[#This Row],[Quantité Totale]]*Tableau2[[#This Row],[Prix unitaire HT]]*(1-Tableau2[[#This Row],[% remise ligne]])*(1+Tableau2[[#This Row],[comm]]),0),0)} -> 1.269 | R151: ACCESSOIRE | S151: 0.005 | T151: 0.15
A152: 16000000 | B152: Oui | C152: 3 | D152: =IF(Tableau2[[#This Row],[Parent]]="oui",Tableau2[[#This Row],[Niveau]]+1,IF(B151="oui",Tableau2[[#This Row],[Niveau]]+1,D151)) -> 4 | E152: {=MIN(IFERROR(IF(D152-{0;1;2;3;4;5;6;7}>=0,MATCH(D152-{0;1;2;3;4;5;6;7},D153:D$828,0)-1,""),""))} -> 5 | F152: Kit | G152: B18718 | H152: INSERT POTEAU 80*40 | K152: 22 | L152: 23.61 | M152: =IFERROR(_xlfn.XLOOKUP(Tableau2[[#This Row],[Groupe rem. article]],remises!$B$2:$B$5,remises!$C$2:$C$5),0) -> 0 | N152: =$N$1 -> 0 | O152: =IFERROR(SUM(OFFSET(Tableau2[[#This Row],[MLP]],1,1,Tableau2[[#This Row],[nb sous niveau]],1)),"") -> 219.3884 | P152: =IF(Tableau2[[#This Row],[Type Ligne Richel]]="détail",Tableau2[[#This Row],[Quantité Totale]]*Tableau2[[#This Row],[Prix unitaire HT]]*(1-Tableau2[[#This Row],[% remise ligne]])*(1+Tableau2[[#This Row],[comm]]),"") | Q152: {=IFERROR( IF(Tableau2[[#This Row],[Type Ligne Richel]]="Chapitre",SUM(_xlfn._xlws.FILTER(OFFSET(Tableau2[[#This Row],[Prix]],1,0,Tableau2[[#This Row],[nb sous niveau]]+1,1),OFFSET(Tableau2[[#This Row],[Type Ligne Richel]],1,0,Tableau2[[#This Row],[nb sous niveau]]+1,1)="Détail")),0)+ IF(Tableau2[[#This Row],[Type Ligne Richel]]="Kit",SUM(OFFSET(Tableau2[[#This Row],[Prix]],1,0,Tableau2[[#This Row],[nb sous niveau]],1)),0)+ IF(Tableau2[[#This Row],[Type Ligne Richel]]="Détail",Tableau2[[#This Row],[Quantité Totale]]*Tableau2[[#This Row],[Prix unitaire HT]]*(1-Tableau2[[#This Row],[% remise ligne]])*(1+Tableau2[[#This Row],[comm]]),0),0)} -> 219.3884 | S152: 3.0225 | T152: 66.649
A153: 16010000 | B153: Non | C153: 4 | D153: =IF(Tableau2[[#This Row],[Parent]]="oui",Tableau2[[#This Row],[Niveau]]+1,IF(B152="oui",Tableau2[[#This Row],[Niveau]]+1,D152)) -> 5 | E153: {=MIN(IFERROR(IF(D153-{0;1;2;3;4;5;6;7}>=0,MATCH(D153-{0;1;2;3;4;5;6;7},D154:D$828,0)-1,""),""))} -> 0 | F153: Détail | G153: P710011 | H153: RONDELLE M8x24x2 ZN | K153: 44 | L153: 0.16 | M153: =IFERROR(_xlfn.XLOOKUP(Tableau2[[#This Row],[Groupe rem. article]],remises!$B$2:$B$5,remises!$C$2:$C$5),0) -> 0.53 | N153: =$N$1 -> 0 | O153: =IFERROR(SUM(OFFSET(Tableau2[[#This Row],[MLP]],1,1,Tableau2[[#This Row],[nb sous niveau]],1)),"") | P153: =IF(Tableau2[[#This Row],[Type Ligne Richel]]="détail",Tableau2[[#This Row],[Quantité Totale]]*Tableau2[[#This Row],[Prix unitaire HT]]*(1-Tableau2[[#This Row],[% remise ligne]])*(1+Tableau2[[#This Row],[comm]]),"") -> 3.3088 | Q153: {=IFERROR( IF(Tableau2[[#This Row],[Type Ligne Richel]]="Chapitre",SUM(_xlfn._xlws.FILTER(OFFSET(Tableau2[[#This Row],[Prix]],1,0,Tableau2[[#This Row],[nb sous niveau]]+1,1),OFFSET(Tableau2[[#This Row],[Type Ligne Richel]],1,0,Tableau2[[#This Row],[nb sous niveau]]+1,1)="Détail")),0)+ IF(Tableau2[[#This Row],[Type Ligne Richel]]="Kit",SUM(OFFSET(Tableau2[[#This Row],[Prix]],1,0,Tableau2[[#This Row],[nb sous niveau]],1)),0)+ IF(Tableau2[[#This Row],[Type Ligne Richel]]="Détail",Tableau2[[#This Row],[Quantité Totale]]*Tableau2[[#This Row],[Prix unitaire HT]]*(1-Tableau2[[#This Row],[% remise ligne]])*(1+Tableau2[[#This Row],[comm]]),0),0)} -> 3.3088 | R153: ACCESSOIRE | S153: 0.007 | T153: 0.308
A154: 16020000 | B154: Non | C154: 4 | D154: =IF(Tableau2[[#This Row],[Parent]]="oui",Tableau2[[#This Row],[Niveau]]+1,IF(B153="oui",Tableau2[[#This Row],[Niveau]]+1,D153)) -> 5 | E154: {=MIN(IFERROR(IF(D154-{0;1;2;3;4;5;6;7}>=0,MATCH(D154-{0;1;2;3;4;5;6;7},D155:D$828,0)-1,""),""))} -> 0 | F154: Détail | G154: P270019 | H154: INSERT 70*35*1.5 LG 1200 | K154: 22 | L154: 22.49 | M154: =IFERROR(_xlfn.XLOOKUP(Tableau2[[#This Row],[Groupe rem. article]],remises!$B$2:$B$5,remises!$C$2:$C$5),0) -> 0.58 | N154: =$N$1 -> 0 | O154: =IFERROR(SUM(OFFSET(Tableau2[[#This Row],[MLP]],1,1,Tableau2[[#This Row],[nb sous niveau]],1)),"") | P154: =IF(Tableau2[[#This Row],[Type Ligne Richel]]="détail",Tableau2[[#This Row],[Quantité Totale]]*Tableau2[[#This Row],[Prix unitaire HT]]*(1-Tableau2[[#This Row],[% remise ligne]])*(1+Tableau2[[#This Row],[comm]]),"") -> 207.8076 | Q154: {=IFERROR( IF(Tableau2[[#This Row],[Type Ligne Richel]]="Chapitre",SUM(_xlfn._xlws.FILTER(OFFSET(Tableau2[[#This Row],[Prix]],1,0,Tableau2[[#This Row],[nb sous niveau]]+1,1),OFFSET(Tableau2[[#This Row],[Type Ligne Richel]],1,0,Tableau2[[#This Row],[nb sous niveau]]+1,1)="Détail")),0)+ IF(Tableau2[[#This Row],[Type Ligne Richel]]="Kit",SUM(OFFSET(Tableau2[[#This Row],[Prix]],1,0,Tableau2[[#This Row],[nb sous niveau]],1)),0)+ IF(Tableau2[[#This Row],[Type Ligne Richel]]="Détail",Tableau2[[#This Row],[Quantité Totale]]*Tableau2[[#This Row],[Prix unitaire HT]]*(1-Tableau2[[#This Row],[% remise ligne]])*(1+Tableau2[[#This Row],[comm]]),0),0)} -> 207.8076 | R154: CHARPENTE | S154: 2.8975 | T154: 63.745
A155: 16030000 | B155: Non | C155: 4 | D155: =IF(Tableau2[[#This Row],[Parent]]="oui",Tableau2[[#This Row],[Niveau]]+1,IF(B154="oui",Tableau2[[#This Row],[Niveau]]+1,D154)) -> 5 | E155: {=MIN(IFERROR(IF(D155-{0;1;2;3;4;5;6;7}>=0,MATCH(D155-{0;1;2;3;4;5;6;7},D156:D$828,0)-1,""),""))} -> 0 | F155: Détail | G155: P620484 | H155: FER A BETON DIA 8 HA LG 250 | K155: 22 | L155: 0.36 | M155: =IFERROR(_xlfn.XLOOKUP(Tableau2[[#This Row],[Groupe rem. article]],remises!$B$2:$B$5,remises!$C$2:$C$5),0) -> 0.53 | N155: =$N$1 -> 0 | O155: =IFERROR(SUM(OFFSET(Tableau2[[#This Row],[MLP]],1,1,Tableau2[[#This Row],[nb sous niveau]],1)),"") | P155: =IF(Tableau2[[#This Row],[Type Ligne Richel]]="détail",Tableau2[[#This Row],[Quantité Totale]]*Tableau2[[#This Row],[Prix unitaire HT]]*(1-Tableau2[[#This Row],[% remise ligne]])*(1+Tableau2[[#This Row],[comm]]),"") -> 3.7224 | Q155: {=IFERROR( IF(Tableau2[[#This Row],[Type Ligne Richel]]="Chapitre",SUM(_xlfn._xlws.FILTER(OFFSET(Tableau2[[#This Row],[Prix]],1,0,Tableau2[[#This Row],[nb sous niveau]]+1,1),OFFSET(Tableau2[[#This Row],[Type Ligne Richel]],1,0,Tableau2[[#This Row],[nb sous niveau]]+1,1)="Détail")),0)+ IF(Tableau2[[#This Row],[Type Ligne Richel]]="Kit",SUM(OFFSET(Tableau2[[#This Row],[Prix]],1,0,Tableau2[[#This Row],[nb sous niveau]],1)),0)+ IF(Tableau2[[#This Row],[Type Ligne Richel]]="Détail",Tableau2[[#This Row],[Quantité Totale]]*Tableau2[[#This Row],[Prix unitaire HT]]*(1-Tableau2[[#This Row],[% remise ligne]])*(1+Tableau2[[#This Row],[comm]]),0),0)} -> 3.7224 | R155: ACCESSOIRE | S155: 0.088 | T155: 1.936
A156: 16040000 | B156: Non | C156: 4 | D156: =IF(Tableau2[[#This Row],[Parent]]="oui",Tableau2[[#This Row],[Niveau]]+1,IF(B155="oui",Tableau2[[#This Row],[Niveau]]+1,D155)) -> 5 | E156: {=MIN(IFERROR(IF(D156-{0;1;2;3;4;5;6;7}>=0,MATCH(D156-{0;1;2;3;4;5;6;7},D157:D$828,0)-1,""),""))} -> 0 | F156: Détail | G156: P710006 | H156: VIS H M8x60/60 CL 8.8 GEO | K156: 22 | L156: 0.35 | M156: =IFERROR(_xlfn.XLOOKUP(Tableau2[[#This Row],[Groupe rem. article]],remises!$B$2:$B$5,remises!$C$2:$C$5),0) -> 0.53 | N156: =$N$1 -> 0 | O156: =IFERROR(SUM(OFFSET(Tableau2[[#This Row],[MLP]],1,1,Tableau2[[#This Row],[nb sous niveau]],1)),"") | P156: =IF(Tableau2[[#This Row],[Type Ligne Richel]]="détail",Tableau2[[#This Row],[Quantité Totale]]*Tableau2[[#This Row],[Prix unitaire HT]]*(1-Tableau2[[#This Row],[% remise ligne]])*(1+Tableau2[[#This Row],[comm]]),"") -> 3.619 | Q156: {=IFERROR( IF(Tableau2[[#This Row],[Type Ligne Richel]]="Chapitre",SUM(_xlfn._xlws.FILTER(OFFSET(Tableau2[[#This Row],[Prix]],1,0,Tableau2[[#This Row],[nb sous niveau]]+1,1),OFFSET(Tableau2[[#This Row],[Type Ligne Richel]],1,0,Tableau2[[#This Row],[nb sous niveau]]+1,1)="Détail")),0)+ IF(Tableau2[[#This Row],[Type Ligne Richel]]="Kit",SUM(OFFSET(Tableau2[[#This Row],[Prix]],1,0,Tableau2[[#This Row],[nb sous niveau]],1)),0)+ IF(Tableau2[[#This Row],[Type Ligne Richel]]="Détail",Tableau2[[#This Row],[Quantité Totale]]*Tableau2[[#This Row],[Prix unitaire HT]]*(1-Tableau2[[#This Row],[% remise ligne]])*(1+Tableau2[[#This Row],[comm]]),0),0)} -> 3.619 | R156: ACCESSOIRE | S156: 0.025 | T156: 0.55
A157: 16050000 | B157: Non | C157: 4 | D157: =IF(Tableau2[[#This Row],[Parent]]="oui",Tableau2[[#This Row],[Niveau]]+1,IF(B156="oui",Tableau2[[#This Row],[Niveau]]+1,D156)) -> 5 | E157: {=MIN(IFERROR(IF(D157-{0;1;2;3;4;5;6;7}>=0,MATCH(D157-{0;1;2;3;4;5;6;7},D158:D$828,0)-1,""),""))} -> 0 | F157: Détail | G157: P710014 | H157: ECROU FREIN H M8 CL8 ZN | K157: 22 | L157: 0.09 | M157: =IFERROR(_xlfn.XLOOKUP(Tableau2[[#This Row],[Groupe rem. article]],remises!$B$2:$B$5,remises!$C$2:$C$5),0) -> 0.53 | N157: =$N$1 -> 0 | O157: =IFERROR(SUM(OFFSET(Tableau2[[#This Row],[MLP]],1,1,Tableau2[[#This Row],[nb sous niveau]],1)),"") | P157: =IF(Tableau2[[#This Row],[Type Ligne Richel]]="détail",Tableau2[[#This Row],[Quantité Totale]]*Tableau2[[#This Row],[Prix unitaire HT]]*(1-Tableau2[[#This Row],[% remise ligne]])*(1+Tableau2[[#This Row],[comm]]),"") -> 0.9306 | Q157: {=IFERROR( IF(Tableau2[[#This Row],[Type Ligne Richel]]="Chapitre",SUM(_xlfn._xlws.FILTER(OFFSET(Tableau2[[#This Row],[Prix]],1,0,Tableau2[[#This Row],[nb sous niveau]]+1,1),OFFSET(Tableau2[[#This Row],[Type Ligne Richel]],1,0,Tableau2[[#This Row],[nb sous niveau]]+1,1)="Détail")),0)+ IF(Tableau2[[#This Row],[Type Ligne Richel]]="Kit",SUM(OFFSET(Tableau2[[#This Row],[Prix]],1,0,Tableau2[[#This Row],[nb sous niveau]],1)),0)+ IF(Tableau2[[#This Row],[Type Ligne Richel]]="Détail",Tableau2[[#This Row],[Quantité Totale]]*Tableau2[[#This Row],[Prix unitaire HT]]*(1-Tableau2[[#This Row],[% remise ligne]])*(1+Tableau2[[#This Row],[comm]]),0),0)} -> 0.9306 | R157: ACCESSOIRE | S157: 0.005 | T157: 0.11
A158: 17000000 | B158: Oui | C158: 3 | D158: =IF(Tableau2[[#This Row],[Parent]]="oui",Tableau2[[#This Row],[Niveau]]+1,IF(B157="oui",Tableau2[[#This Row],[Niveau]]+1,D157)) -> 4 | E158: {=MIN(IFERROR(IF(D158-{0;1;2;3;4;5;6;7}>=0,MATCH(D158-{0;1;2;3;4;5;6;7},D159:D$828,0)-1,""),""))} -> 7 | F158: Kit | G158: B25457 | H158: ADV CSA 400 SUR 80*80 | K158: 4 | L158: 114.42 | M158: =IFERROR(_xlfn.XLOOKUP(Tableau2[[#This Row],[Groupe rem. article]],remises!$B$2:$B$5,remises!$C$2:$C$5),0) -> 0 | N158: =$N$1 -> 0 | O158: =IFERROR(SUM(OFFSET(Tableau2[[#This Row],[MLP]],1,1,Tableau2[[#This Row],[nb sous niveau]],1)),"") -> 198.9856 | P158: =IF(Tableau2[[#This Row],[Type Ligne Richel]]="détail",Tableau2[[#This Row],[Quantité Totale]]*Tableau2[[#This Row],[Prix unitaire HT]]*(1-Tableau2[[#This Row],[% remise ligne]])*(1+Tableau2[[#This Row],[comm]]),"") | Q158: {=IFERROR( IF(Tableau2[[#This Row],[Type Ligne Richel]]="Chapitre",SUM(_xlfn._xlws.FILTER(OFFSET(Tableau2[[#This Row],[Prix]],1,0,Tableau2[[#This Row],[nb sous niveau]]+1,1),OFFSET(Tableau2[[#This Row],[Type Ligne Richel]],1,0,Tableau2[[#This Row],[nb sous niveau]]+1,1)="Détail")),0)+ IF(Tableau2[[#This Row],[Type Ligne Richel]]="Kit",SUM(OFFSET(Tableau2[[#This Row],[Prix]],1,0,Tableau2[[#This Row],[nb sous niveau]],1)),0)+ IF(Tableau2[[#This Row],[Type Ligne Richel]]="Détail",Tableau2[[#This Row],[Quantité Totale]]*Tableau2[[#This Row],[Prix unitaire HT]]*(1-Tableau2[[#This Row],[% remise ligne]])*(1+Tableau2[[#This Row],[comm]]),0),0)} -> 198.9856 | S158: 7.126 | T158: 63.592
A159: 17010000 | B159: Non | C159: 4 | D159: =IF(Tableau2[[#This Row],[Parent]]="oui",Tableau2[[#This Row],[Niveau]]+1,IF(B158="oui",Tableau2[[#This Row],[Niveau]]+1,D158)) -> 5 | E159: {=MIN(IFERROR(IF(D159-{0;1;2;3;4;5;6;7}>=0,MATCH(D159-{0;1;2;3;4;5;6;7},D160:D$828,0)-1,""),""))} -> 0 | F159: Détail | G159: P110483 | H159: RENFORT 32AD30 L 5270 PER | K159: 8 | L159: 40.31 | M159: =IFERROR(_xlfn.XLOOKUP(Tableau2[[#This Row],[Groupe rem. article]],remises!$B$2:$B$5,remises!$C$2:$C$5),0) -> 0.58 | N159: =$N$1 -> 0 | O159: =IFERROR(SUM(OFFSET(Tableau2[[#This Row],[MLP]],1,1,Tableau2[[#This Row],[nb sous niveau]],1)),"") | P159: =IF(Tableau2[[#This Row],[Type Ligne Richel]]="détail",Tableau2[[#This Row],[Quantité Totale]]*Tableau2[[#This Row],[Prix unitaire HT]]*(1-Tableau2[[#This Row],[% remise ligne]])*(1+Tableau2[[#This Row],[comm]]),"") -> 135.4416 | Q159: {=IFERROR( IF(Tableau2[[#This Row],[Type Ligne Richel]]="Chapitre",SUM(_xlfn._xlws.FILTER(OFFSET(Tableau2[[#This Row],[Prix]],1,0,Tableau2[[#This Row],[nb sous niveau]]+1,1),OFFSET(Tableau2[[#This Row],[Type Ligne Richel]],1,0,Tableau2[[#This Row],[nb sous niveau]]+1,1)="Détail")),0)+ IF(Tableau2[[#This Row],[Type Ligne Richel]]="Kit",SUM(OFFSET(Tableau2[[#This Row],[Prix]],1,0,Tableau2[[#This Row],[nb sous niveau]],1)),0)+ IF(Tableau2[[#This Row],[Type Ligne Richel]]="Détail",Tableau2[[#This Row],[Quantité Totale]]*Tableau2[[#This Row],[Prix unitaire HT]]*(1-Tableau2[[#This Row],[% remise ligne]])*(1+Tableau2[[#This Row],[comm]]),0),0)} -> 135.4416 | R159: CHARPENTE | S159: 6.279 | T159: 50.232
A160: 17020000 | B160: Non | C160: 4 | D160: =IF(Tableau2[[#This Row],[Parent]]="oui",Tableau2[[#This Row],[Niveau]]+1,IF(B159="oui",Tableau2[[#This Row],[Niveau]]+1,D159)) -> 5 | E160: {=MIN(IFERROR(IF(D160-{0;1;2;3;4;5;6;7}>=0,MATCH(D160-{0;1;2;3;4;5;6;7},D161:D$828,0)-1,""),""))} -> 0 | F160: Détail | G160: P620685 | H160: BRIDE CSA RENFORCEE | K160: 16 | L160: 6.66 | M160: =IFERROR(_xlfn.XLOOKUP(Tableau2[[#This Row],[Groupe rem. article]],remises!$B$2:$B$5,remises!$C$2:$C$5),0) -> 0.53 | N160: =$N$1 -> 0 | O160: =IFERROR(SUM(OFFSET(Tableau2[[#This Row],[MLP]],1,1,Tableau2[[#This Row],[nb sous niveau]],1)),"") | P160: =IF(Tableau2[[#This Row],[Type Ligne Richel]]="détail",Tableau2[[#This Row],[Quantité Totale]]*Tableau2[[#This Row],[Prix unitaire HT]]*(1-Tableau2[[#This Row],[% remise ligne]])*(1+Tableau2[[#This Row],[comm]]),"") -> 50.0832 | Q160: {=IFERROR( IF(Tableau2[[#This Row],[Type Ligne Richel]]="Chapitre",SUM(_xlfn._xlws.FILTER(OFFSET(Tableau2[[#This Row],[Prix]],1,0,Tableau2[[#This Row],[nb sous niveau]]+1,1),OFFSET(Tableau2[[#This Row],[Type Ligne Richel]],1,0,Tableau2[[#This Row],[nb sous niveau]]+1,1)="Détail")),0)+ IF(Tableau2[[#This Row],[Type Ligne Richel]]="Kit",SUM(OFFSET(Tableau2[[#This Row],[Prix]],1,0,Tableau2[[#This Row],[nb sous niveau]],1)),0)+ IF(Tableau2[[#This Row],[Type Ligne Richel]]="Détail",Tableau2[[#This Row],[Quantité Totale]]*Tableau2[[#This Row],[Prix unitaire HT]]*(1-Tableau2[[#This Row],[% remise ligne]])*(1+Tableau2[[#This Row],[comm]]),0),0)} -> 50.0832 | R160: ACCESSOIRE | S160: 0.725 | T160: 11.6
A161: 17030000 | B161: Non | C161: 4 | D161: =IF(Tableau2[[#This Row],[Parent]]="oui",Tableau2[[#This Row],[Niveau]]+1,IF(B160="oui",Tableau2[[#This Row],[Niveau]]+1,D160)) -> 5 | E161: {=MIN(IFERROR(IF(D161-{0;1;2;3;4;5;6;7}>=0,MATCH(D161-{0;1;2;3;4;5;6;7},D162:D$828,0)-1,""),""))} -> 0 | F161: Détail | G161: P710041 | H161: VIS H M10x110/110 CL 8.8 GEO | K161: 16 | L161: 1.07 | M161: =IFERROR(_xlfn.XLOOKUP(Tableau2[[#This Row],[Groupe rem. article]],remises!$B$2:$B$5,remises!$C$2:$C$5),0) -> 0.53 | N161: =$N$1 -> 0 | O161: =IFERROR(SUM(OFFSET(Tableau2[[#This Row],[MLP]],1,1,Tableau2[[#This Row],[nb sous niveau]],1)),"") | P161: =IF(Tableau2[[#This Row],[Type Ligne Richel]]="détail",Tableau2[[#This Row],[Quantité Totale]]*Tableau2[[#This Row],[Prix unitaire HT]]*(1-Tableau2[[#This Row],[% remise ligne]])*(1+Tableau2[[#This Row],[comm]]),"") -> 8.0464 | Q161: {=IFERROR( IF(Tableau2[[#This Row],[Type Ligne Richel]]="Chapitre",SUM(_xlfn._xlws.FILTER(OFFSET(Tableau2[[#This Row],[Prix]],1,0,Tableau2[[#This Row],[nb sous niveau]]+1,1),OFFSET(Tableau2[[#This Row],[Type Ligne Richel]],1,0,Tableau2[[#This Row],[nb sous niveau]]+1,1)="Détail")),0)+ IF(Tableau2[[#This Row],[Type Ligne Richel]]="Kit",SUM(OFFSET(Tableau2[[#This Row],[Prix]],1,0,Tableau2[[#This Row],[nb sous niveau]],1)),0)+ IF(Tableau2[[#This Row],[Type Ligne Richel]]="Détail",Tableau2[[#This Row],[Quantité Totale]]*Tableau2[[#This Row],[Prix unitaire HT]]*(1-Tableau2[[#This Row],[% remise ligne]])*(1+Tableau2[[#This Row],[comm]]),0),0)} -> 8.0464 | R161: ACCESSOIRE | S161: 0.075 | T161: 1.2
A162: 17040000 | B162: Non | C162: 4 | D162: =IF(Tableau2[[#This Row],[Parent]]="oui",Tableau2[[#This Row],[Niveau]]+1,IF(B161="oui",Tableau2[[#This Row],[Niveau]]+1,D161)) -> 5 | E162: {=MIN(IFERROR(IF(D162-{0;1;2;3;4;5;6;7}>=0,MATCH(D162-{0;1;2;3;4;5;6;7},D163:D$828,0)-1,""),""))} -> 0 | F162: Détail | G162: P710042 | H162: ECROU FREIN H M10 CL8 ZN | K162: 16 | L162: 0.21 | M162: =IFERROR(_xlfn.XLOOKUP(Tableau2[[#This Row],[Groupe rem. article]],remises!$B$2:$B$5,remises!$C$2:$C$5),0) -> 0.53 | N162: =$N$1 -> 0 | O162: =IFERROR(SUM(OFFSET(Tableau2[[#This Row],[MLP]],1,1,Tableau2[[#This Row],[nb sous niveau]],1)),"") | P162: =IF(Tableau2[[#This Row],[Type Ligne Richel]]="détail",Tableau2[[#This Row],[Quantité Totale]]*Tableau2[[#This Row],[Prix unitaire HT]]*(1-Tableau2[[#This Row],[% remise ligne]])*(1+Tableau2[[#This Row],[comm]]),"") -> 1.5792 | Q162: {=IFERROR( IF(Tableau2[[#This Row],[Type Ligne Richel]]="Chapitre",SUM(_xlfn._xlws.FILTER(OFFSET(Tableau2[[#This Row],[Prix]],1,0,Tableau2[[#This Row],[nb sous niveau]]+1,1),OFFSET(Tableau2[[#This Row],[Type Ligne Richel]],1,0,Tableau2[[#This Row],[nb sous niveau]]+1,1)="Détail")),0)+ IF(Tableau2[[#This Row],[Type Ligne Richel]]="Kit",SUM(OFFSET(Tableau2[[#This Row],[Prix]],1,0,Tableau2[[#This Row],[nb sous niveau]],1)),0)+ IF(Tableau2[[#This Row],[Type Ligne Richel]]="Détail",Tableau2[[#This Row],[Quantité Totale]]*Tableau2[[#This Row],[Prix unitaire HT]]*(1-Tableau2[[#This Row],[% remise ligne]])*(1+Tableau2[[#This Row],[comm]]),0),0)} -> 1.5792 | R162: ACCESSOIRE | S162: 0.01 | T162: 0.16
A163: 17050000 | B163: Non | C163: 4 | D163: =IF(Tableau2[[#This Row],[Parent]]="oui",Tableau2[[#This Row],[Niveau]]+1,IF(B162="oui",Tableau2[[#This Row],[Niveau]]+1,D162)) -> 5 | E163: {=MIN(IFERROR(IF(D163-{0;1;2;3;4;5;6;7}>=0,MATCH(D163-{0;1;2;3;4;5;6;7},D164:D$828,0)-1,""),""))} -> 0 | F163: Détail | G163: P710006 | H163: VIS H M8x60/60 CL 8.8 GEO | K163: 4 | L163: 0.35 | M163: =IFERROR(_xlfn.XLOOKUP(Tableau2[[#This Row],[Groupe rem. article]],remises!$B$2:$B$5,remises!$C$2:$C$5),0) -> 0.53 | N163: =$N$1 -> 0 | O163: =IFERROR(SUM(OFFSET(Tableau2[[#This Row],[MLP]],1,1,Tableau2[[#This Row],[nb sous niveau]],1)),"") | P163: =IF(Tableau2[[#This Row],[Type Ligne Richel]]="détail",Tableau2[[#This Row],[Quantité Totale]]*Tableau2[[#This Row],[Prix unitaire HT]]*(1-Tableau2[[#This Row],[% remise ligne]])*(1+Tableau2[[#This Row],[comm]]),"") -> 0.658 | Q163: {=IFERROR( IF(Tableau2[[#This Row],[Type Ligne Richel]]="Chapitre",SUM(_xlfn._xlws.FILTER(OFFSET(Tableau2[[#This Row],[Prix]],1,0,Tableau2[[#This Row],[nb sous niveau]]+1,1),OFFSET(Tableau2[[#This Row],[Type Ligne Richel]],1,0,Tableau2[[#This Row],[nb sous niveau]]+1,1)="Détail")),0)+ IF(Tableau2[[#This Row],[Type Ligne Richel]]="Kit",SUM(OFFSET(Tableau2[[#This Row],[Prix]],1,0,Tableau2[[#This Row],[nb sous niveau]],1)),0)+ IF(Tableau2[[#This Row],[Type Ligne Richel]]="Détail",Tableau2[[#This Row],[Quantité Totale]]*Tableau2[[#This Row],[Prix unitaire HT]]*(1-Tableau2[[#This Row],[% remise ligne]])*(1+Tableau2[[#This Row],[comm]]),0),0)} -> 0.658 | R163: ACCESSOIRE | S163: 0.025 | T163: 0.1
A164: 17060000 | B164: Non | C164: 4 | D164: =IF(Tableau2[[#This Row],[Parent]]="oui",Tableau2[[#This Row],[Niveau]]+1,IF(B163="oui",Tableau2[[#This Row],[Niveau]]+1,D163)) -> 5 | E164: {=MIN(IFERROR(IF(D164-{0;1;2;3;4;5;6;7}>=0,MATCH(D164-{0;1;2;3;4;5;6;7},D165:D$828,0)-1,""),""))} -> 0 | F164: Détail | G164: P710014 | H164: ECROU FREIN H M8 CL8 ZN | K164: 4 | L164: 0.09 | M164: =IFERROR(_xlfn.XLOOKUP(Tableau2[[#This Row],[Groupe rem. article]],remises!$B$2:$B$5,remises!$C$2:$C$5),0) -> 0.53 | N164: =$N$1 -> 0 | O164: =IFERROR(SUM(OFFSET(Tableau2[[#This Row],[MLP]],1,1,Tableau2[[#This Row],[nb sous niveau]],1)),"") | P164: =IF(Tableau2[[#This Row],[Type Ligne Richel]]="détail",Tableau2[[#This Row],[Quantité Totale]]*Tableau2[[#This Row],[Prix unitaire HT]]*(1-Tableau2[[#This Row],[% remise ligne]])*(1+Tableau2[[#This Row],[comm]]),"") -> 0.1692 | Q164: {=IFERROR( IF(Tableau2[[#This Row],[Type Ligne Richel]]="Chapitre",SUM(_xlfn._xlws.FILTER(OFFSET(Tableau2[[#This Row],[Prix]],1,0,Tableau2[[#This Row],[nb sous niveau]]+1,1),OFFSET(Tableau2[[#This Row],[Type Ligne Richel]],1,0,Tableau2[[#This Row],[nb sous niveau]]+1,1)="Détail")),0)+ IF(Tableau2[[#This Row],[Type Ligne Richel]]="Kit",SUM(OFFSET(Tableau2[[#This Row],[Prix]],1,0,Tableau2[[#This Row],[nb sous niveau]],1)),0)+ IF(Tableau2[[#This Row],[Type Ligne Richel]]="Détail",Tableau2[[#This Row],[Quantité Totale]]*Tableau2[[#This Row],[Prix unitaire HT]]*(1-Tableau2[[#This Row],[% remise ligne]])*(1+Tableau2[[#This Row],[comm]]),0),0)} -> 0.1692 | R164: ACCESSOIRE | S164: 0.005 | T164: 0.02
A165: 17070000 | B165: Non | C165: 4 | D165: =IF(Tableau2[[#This Row],[Parent]]="oui",Tableau2[[#This Row],[Niveau]]+1,IF(B164="oui",Tableau2[[#This Row],[Niveau]]+1,D164)) -> 5 | E165: {=MIN(IFERROR(IF(D165-{0;1;2;3;4;5;6;7}>=0,MATCH(D165-{0;1;2;3;4;5;6;7},D166:D$828,0)-1,""),""))} -> 0 | F165: Détail | G165: P710058 | H165: VIS TECK H ST6.3x22 CRANTEE ZN | K165: 40 | L165: 0.16 | M165: =IFERROR(_xlfn.XLOOKUP(Tableau2[[#This Row],[Groupe rem. article]],remises!$B$2:$B$5,remises!$C$2:$C$5),0) -> 0.53 | N165: =$N$1 -> 0 | O165: =IFERROR(SUM(OFFSET(Tableau2[[#This Row],[MLP]],1,1,Tableau2[[#This Row],[nb sous niveau]],1)),"") | P165: =IF(Tableau2[[#This Row],[Type Ligne Richel]]="détail",Tableau2[[#This Row],[Quantité Totale]]*Tableau2[[#This Row],[Prix unitaire HT]]*(1-Tableau2[[#This Row],[% remise ligne]])*(1+Tableau2[[#This Row],[comm]]),"") -> 3.008 | Q165: {=IFERROR( IF(Tableau2[[#This Row],[Type Ligne Richel]]="Chapitre",SUM(_xlfn._xlws.FILTER(OFFSET(Tableau2[[#This Row],[Prix]],1,0,Tableau2[[#This Row],[nb sous niveau]]+1,1),OFFSET(Tableau2[[#This Row],[Type Ligne Richel]],1,0,Tableau2[[#This Row],[nb sous niveau]]+1,1)="Détail")),0)+ IF(Tableau2[[#This Row],[Type Ligne Richel]]="Kit",SUM(OFFSET(Tableau2[[#This Row],[Prix]],1,0,Tableau2[[#This Row],[nb sous niveau]],1)),0)+ IF(Tableau2[[#This Row],[Type Ligne Richel]]="Détail",Tableau2[[#This Row],[Quantité Totale]]*Tableau2[[#This Row],[Prix unitaire HT]]*(1-Tableau2[[#This Row],[% remise ligne]])*(1+Tableau2[[#This Row],[comm]]),0),0)} -> 3.008 | R165: ACCESSOIRE | S165: 0.007 | T165: 0.28
A166: 18000000 | B166: Oui | C166: 3 | D166: =IF(Tableau2[[#This Row],[Parent]]="oui",Tableau2[[#This Row],[Niveau]]+1,IF(B165="oui",Tableau2[[#This Row],[Niveau]]+1,D165)) -> 4 | E166: {=MIN(IFERROR(IF(D166-{0;1;2;3;4;5;6;7}>=0,MATCH(D166-{0;1;2;3;4;5;6;7},D167:D$828,0)-1,""),""))} -> 7 | F166: Kit | G166: B30156 | H166: CSA 400 SUR 80x40 2014 | K166: 4 | L166: 97.34 | M166: =IFERROR(_xlfn.XLOOKUP(Tableau2[[#This Row],[Groupe rem. article]],remises!$B$2:$B$5,remises!$C$2:$C$5),0) -> 0.58 | N166: =$N$1 -> 0 | O166: =IFERROR(SUM(OFFSET(Tableau2[[#This Row],[MLP]],1,1,Tableau2[[#This Row],[nb sous niveau]],1)),"") -> 166.0192 | P166: =IF(Tableau2[[#This Row],[Type Ligne Richel]]="détail",Tableau2[[#This Row],[Quantité Totale]]*Tableau2[[#This Row],[Prix unitaire HT]]*(1-Tableau2[[#This Row],[% remise ligne]])*(1+Tableau2[[#This Row],[comm]]),"") | Q166: {=IFERROR( IF(Tableau2[[#This Row],[Type Ligne Richel]]="Chapitre",SUM(_xlfn._xlws.FILTER(OFFSET(Tableau2[[#This Row],[Prix]],1,0,Tableau2[[#This Row],[nb sous niveau]]+1,1),OFFSET(Tableau2[[#This Row],[Type Ligne Richel]],1,0,Tableau2[[#This Row],[nb sous niveau]]+1,1)="Détail")),0)+ IF(Tableau2[[#This Row],[Type Ligne Richel]]="Kit",SUM(OFFSET(Tableau2[[#This Row],[Prix]],1,0,Tableau2[[#This Row],[nb sous niveau]],1)),0)+ IF(Tableau2[[#This Row],[Type Ligne Richel]]="Détail",Tableau2[[#This Row],[Quantité Totale]]*Tableau2[[#This Row],[Prix unitaire HT]]*(1-Tableau2[[#This Row],[% remise ligne]])*(1+Tableau2[[#This Row],[comm]]),0),0)} -> 166.0192 | R166: CHARPENTE | S166: 6.674 | T166: 56.592
A167: 18010000 | B167: Non | C167: 4 | D167: =IF(Tableau2[[#This Row],[Parent]]="oui",Tableau2[[#This Row],[Niveau]]+1,IF(B166="oui",Tableau2[[#This Row],[Niveau]]+1,D166)) -> 5 | E167: {=MIN(IFERROR(IF(D167-{0;1;2;3;4;5;6;7}>=0,MATCH(D167-{0;1;2;3;4;5;6;7},D168:D$828,0)-1,""),""))} -> 0 | F167: Détail | G167: P710003 | H167: VIS H M8x30/30 CL 10.9 GEO | K167: 32 | L167: 0.23 | M167: =IFERROR(_xlfn.XLOOKUP(Tableau2[[#This Row],[Groupe rem. article]],remises!$B$2:$B$5,remises!$C$2:$C$5),0) -> 0.53 | N167: =$N$1 -> 0 | O167: =IFERROR(SUM(OFFSET(Tableau2[[#This Row],[MLP]],1,1,Tableau2[[#This Row],[nb sous niveau]],1)),"") | P167: =IF(Tableau2[[#This Row],[Type Ligne Richel]]="détail",Tableau2[[#This Row],[Quantité Totale]]*Tableau2[[#This Row],[Prix unitaire HT]]*(1-Tableau2[[#This Row],[% remise ligne]])*(1+Tableau2[[#This Row],[comm]]),"") -> 3.4592 | Q167: {=IFERROR( IF(Tableau2[[#This Row],[Type Ligne Richel]]="Chapitre",SUM(_xlfn._xlws.FILTER(OFFSET(Tableau2[[#This Row],[Prix]],1,0,Tableau2[[#This Row],[nb sous niveau]]+1,1),OFFSET(Tableau2[[#This Row],[Type Ligne Richel]],1,0,Tableau2[[#This Row],[nb sous niveau]]+1,1)="Détail")),0)+ IF(Tableau2[[#This Row],[Type Ligne Richel]]="Kit",SUM(OFFSET(Tableau2[[#This Row],[Prix]],1,0,Tableau2[[#This Row],[nb sous niveau]],1)),0)+ IF(Tableau2[[#This Row],[Type Ligne Richel]]="Détail",Tableau2[[#This Row],[Quantité Totale]]*Tableau2[[#This Row],[Prix unitaire HT]]*(1-Tableau2[[#This Row],[% remise ligne]])*(1+Tableau2[[#This Row],[comm]]),0),0)} -> 3.4592 | R167: ACCESSOIRE | S167: 0.015 | T167: 0.48
A168: 18020000 | B168: Non | C168: 4 | D168: =IF(Tableau2[[#This Row],[Parent]]="oui",Tableau2[[#This Row],[Niveau]]+1,IF(B167="oui",Tableau2[[#This Row],[Niveau]]+1,D167)) -> 5 | E168: {=MIN(IFERROR(IF(D168-{0;1;2;3;4;5;6;7}>=0,MATCH(D168-{0;1;2;3;4;5;6;7},D169:D$828,0)-1,""),""))} -> 0 | F168: Détail | G168: P710012 | H168: VIS TECK H ST4.8x19 CRANTEE ZN | K168: 16 | L168: 0.07 | M168: =IFERROR(_xlfn.XLOOKUP(Tableau2[[#This Row],[Groupe rem. article]],remises!$B$2:$B$5,remises!$C$2:$C$5),0) -> 0.53 | N168: =$N$1 -> 0 | O168: =IFERROR(SUM(OFFSET(Tableau2[[#This Row],[MLP]],1,1,Tableau2[[#This Row],[nb sous niveau]],1)),"") | P168: =IF(Tableau2[[#This Row],[Type Ligne Richel]]="détail",Tableau2[[#This Row],[Quantité Totale]]*Tableau2[[#This Row],[Prix unitaire HT]]*(1-Tableau2[[#This Row],[% remise ligne]])*(1+Tableau2[[#This Row],[comm]]),"") -> 0.5264 | Q168: {=IFERROR( IF(Tableau2[[#This Row],[Type Ligne Richel]]="Chapitre",SUM(_xlfn._xlws.FILTER(OFFSET(Tableau2[[#This Row],[Prix]],1,0,Tableau2[[#This Row],[nb sous niveau]]+1,1),OFFSET(Tableau2[[#This Row],[Type Ligne Richel]],1,0,Tableau2[[#This Row],[nb sous niveau]]+1,1)="Détail")),0)+ IF(Tableau2[[#This Row],[Type Ligne Richel]]="Kit",SUM(OFFSET(Tableau2[[#This Row],[Prix]],1,0,Tableau2[[#This Row],[nb sous niveau]],1)),0)+ IF(Tableau2[[#This Row],[Type Ligne Richel]]="Détail",Tableau2[[#This Row],[Quantité Totale]]*Tableau2[[#This Row],[Prix unitaire HT]]*(1-Tableau2[[#This Row],[% remise ligne]])*(1+Tableau2[[#This Row],[comm]]),0),0)} -> 0.5264 | R168: ACCESSOIRE | S168: 0.003 | T168: 0.048
A169: 18030000 | B169: Non | C169: 4 | D169: =IF(Tableau2[[#This Row],[Parent]]="oui",Tableau2[[#This Row],[Niveau]]+1,IF(B168="oui",Tableau2[[#This Row],[Niveau]]+1,D168)) -> 5 | E169: {=MIN(IFERROR(IF(D169-{0;1;2;3;4;5;6;7}>=0,MATCH(D169-{0;1;2;3;4;5;6;7},D170:D$828,0)-1,""),""))} -> 0 | F169: Détail | G169: P710006 | H169: VIS H M8x60/60 CL 8.8 GEO | K169: 4 | L169: 0.35 | M169: =IFERROR(_xlfn.XLOOKUP(Tableau2[[#This Row],[Groupe rem. article]],remises!$B$2:$B$5,remises!$C$2:$C$5),0) -> 0.53 | N169: =$N$1 -> 0 | O169: =IFERROR(SUM(OFFSET(Tableau2[[#This Row],[MLP]],1,1,Tableau2[[#This Row],[nb sous niveau]],1)),"") | P169: =IF(Tableau2[[#This Row],[Type Ligne Richel]]="détail",Tableau2[[#This Row],[Quantité Totale]]*Tableau2[[#This Row],[Prix unitaire HT]]*(1-Tableau2[[#This Row],[% remise ligne]])*(1+Tableau2[[#This Row],[comm]]),"") -> 0.658 | Q169: {=IFERROR( IF(Tableau2[[#This Row],[Type Ligne Richel]]="Chapitre",SUM(_xlfn._xlws.FILTER(OFFSET(Tableau2[[#This Row],[Prix]],1,0,Tableau2[[#This Row],[nb sous niveau]]+1,1),OFFSET(Tableau2[[#This Row],[Type Ligne Richel]],1,0,Tableau2[[#This Row],[nb sous niveau]]+1,1)="Détail")),0)+ IF(Tableau2[[#This Row],[Type Ligne Richel]]="Kit",SUM(OFFSET(Tableau2[[#This Row],[Prix]],1,0,Tableau2[[#This Row],[nb sous niveau]],1)),0)+ IF(Tableau2[[#This Row],[Type Ligne Richel]]="Détail",Tableau2[[#This Row],[Quantité Totale]]*Tableau2[[#This Row],[Prix unitaire HT]]*(1-Tableau2[[#This Row],[% remise ligne]])*(1+Tableau2[[#This Row],[comm]]),0),0)} -> 0.658 | R169: ACCESSOIRE | S169: 0.025 | T169: 0.1
A170: 18040000 | B170: Non | C170: 4 | D170: =IF(Tableau2[[#This Row],[Parent]]="oui",Tableau2[[#This Row],[Niveau]]+1,IF(B169="oui",Tableau2[[#This Row],[Niveau]]+1,D169)) -> 5 | E170: {=MIN(IFERROR(IF(D170-{0;1;2;3;4;5;6;7}>=0,MATCH(D170-{0;1;2;3;4;5;6;7},D171:D$828,0)-1,""),""))} -> 0 | F170: Détail | G170: P110483 | H170: RENFORT 32AD30 L 5270 PER | K170: 8 | L170: 40.31 | M170: =IFERROR(_xlfn.XLOOKUP(Tableau2[[#This Row],[Groupe rem. article]],remises!$B$2:$B$5,remises!$C$2:$C$5),0) -> 0.58 | N170: =$N$1 -> 0 | O170: =IFERROR(SUM(OFFSET(Tableau2[[#This Row],[MLP]],1,1,Tableau2[[#This Row],[nb sous niveau]],1)),"") | P170: =IF(Tableau2[[#This Row],[Type Ligne Richel]]="détail",Tableau2[[#This Row],[Quantité Totale]]*Tableau2[[#This Row],[Prix unitaire HT]]*(1-Tableau2[[#This Row],[% remise ligne]])*(1+Tableau2[[#This Row],[comm]]),"") -> 135.4416 | Q170: {=IFERROR( IF(Tableau2[[#This Row],[Type Ligne Richel]]="Chapitre",SUM(_xlfn._xlws.FILTER(OFFSET(Tableau2[[#This Row],[Prix]],1,0,Tableau2[[#This Row],[nb sous niveau]]+1,1),OFFSET(Tableau2[[#This Row],[Type Ligne Richel]],1,0,Tableau2[[#This Row],[nb sous niveau]]+1,1)="Détail")),0)+ IF(Tableau2[[#This Row],[Type Ligne Richel]]="Kit",SUM(OFFSET(Tableau2[[#This Row],[Prix]],1,0,Tableau2[[#This Row],[nb sous niveau]],1)),0)+ IF(Tableau2[[#This Row],[Type Ligne Richel]]="Détail",Tableau2[[#This Row],[Quantité Totale]]*Tableau2[[#This Row],[Prix unitaire HT]]*(1-Tableau2[[#This Row],[% remise ligne]])*(1+Tableau2[[#This Row],[comm]]),0),0)} -> 135.4416 | R170: CHARPENTE | S170: 6.279 | T170: 50.232
... A173: 18070000 | B173: Non | C173: 4 | D173: =IF(Tableau2[[#This Row],[Parent]]="oui",Tableau2[[#This Row],[Niveau]]+1,IF(B172="oui",Tableau2[[#This Row],[Niveau]]+1,D172)) -> 5 | E173: {=MIN(IFERROR(IF(D173-{0;1;2;3;4;5;6;7}>=0,MATCH(D173-{0;1;2;3;4;5;6;7},D174:D$828,0)-1,""),""))} -> 0 | F173: Détail | G173: P410015 | H173: PLAQUETTE 124 | K173: 16 | L173: 1.07 | M173: =IFERROR(_xlfn.XLOOKUP(Tableau2[[#This Row],[Groupe rem. article]],remises!$B$2:$B$5,remises!$C$2:$C$5),0) -> 0.58 | N173: =$N$1 -> 0 | O173: =IFERROR(SUM(OFFSET(Tableau2[[#This Row],[MLP]],1,1,Tableau2[[#This Row],[nb sous niveau]],1)),"") | P173: =IF(Tableau2[[#This Row],[Type Ligne Richel]]="détail",Tableau2[[#This Row],[Quantité Totale]]*Tableau2[[#This Row],[Prix unitaire HT]]*(1-Tableau2[[#This Row],[% remise ligne]])*(1+Tableau2[[#This Row],[comm]]),"") -> 7.1904 | Q173: {=IFERROR( IF(Tableau2[[#This Row],[Type Ligne Richel]]="Chapitre",SUM(_xlfn._xlws.FILTER(OFFSET(Tableau2[[#This Row],[Prix]],1,0,Tableau2[[#This Row],[nb sous niveau]]+1,1),OFFSET(Tableau2[[#This Row],[Type Ligne Richel]],1,0,Tableau2[[#This Row],[nb sous niveau]]+1,1)="Détail")),0)+ IF(Tableau2[[#This Row],[Type Ligne Richel]]="Kit",SUM(OFFSET(Tableau2[[#This Row],[Prix]],1,0,Tableau2[[#This Row],[nb sous niveau]],1)),0)+ IF(Tableau2[[#This Row],[Type Ligne Richel]]="Détail",Tableau2[[#This Row],[Quantité Totale]]*Tableau2[[#This Row],[Prix unitaire HT]]*(1-Tableau2[[#This Row],[% remise ligne]])*(1+Tableau2[[#This Row],[comm]]),0),0)} -> 7.1904 | R173: CHARPENTE | S173: 0.117 | T173: 1.872
A174: 19000000 | B174: Oui | C174: 3 | D174: =IF(Tableau2[[#This Row],[Parent]]="oui",Tableau2[[#This Row],[Niveau]]+1,IF(B173="oui",Tableau2[[#This Row],[Niveau]]+1,D173)) -> 4 | E174: {=MIN(IFERROR(IF(D174-{0;1;2;3;4;5;6;7}>=0,MATCH(D174-{0;1;2;3;4;5;6;7},D175:D$828,0)-1,""),""))} -> 9 | F174: Kit | G174: B17523 | H174: 960 ADV RENFORT PIGNON 80*80 | K174: 6 | L174: 301.84 | M174: =IFERROR(_xlfn.XLOOKUP(Tableau2[[#This Row],[Groupe rem. article]],remises!$B$2:$B$5,remises!$C$2:$C$5),0) -> 0 | N174: =$N$1 -> 0 | O174: =IFERROR(SUM(OFFSET(Tableau2[[#This Row],[MLP]],1,1,Tableau2[[#This Row],[nb sous niveau]],1)),"") -> 1018.1952 | P174: =IF(Tableau2[[#This Row],[Type Ligne Richel]]="détail",Tableau2[[#This Row],[Quantité Totale]]*Tableau2[[#This Row],[Prix unitaire HT]]*(1-Tableau2[[#This Row],[% remise ligne]])*(1+Tableau2[[#This Row],[comm]]),"") | Q174: {=IFERROR( IF(Tableau2[[#This Row],[Type Ligne Richel]]="Chapitre",SUM(_xlfn._xlws.FILTER(OFFSET(Tableau2[[#This Row],[Prix]],1,0,Tableau2[[#This Row],[nb sous niveau]]+1,1),OFFSET(Tableau2[[#This Row],[Type Ligne Richel]],1,0,Tableau2[[#This Row],[nb sous niveau]]+1,1)="Détail")),0)+ IF(Tableau2[[#This Row],[Type Ligne Richel]]="Kit",SUM(OFFSET(Tableau2[[#This Row],[Prix]],1,0,Tableau2[[#This Row],[nb sous niveau]],1)),0)+ IF(Tableau2[[#This Row],[Type Ligne Richel]]="Détail",Tableau2[[#This Row],[Quantité Totale]]*Tableau2[[#This Row],[Prix unitaire HT]]*(1-Tableau2[[#This Row],[% remise ligne]])*(1+Tableau2[[#This Row],[comm]]),0),0)} -> 1018.1952 | S174: 20.641 | T174: 239.592
A175: 19010000 | B175: Non | C175: 4 | D175: =IF(Tableau2[[#This Row],[Parent]]="oui",Tableau2[[#This Row],[Niveau]]+1,IF(B174="oui",Tableau2[[#This Row],[Niveau]]+1,D174)) -> 5 | E175: {=MIN(IFERROR(IF(D175-{0;1;2;3;4;5;6;7}>=0,MATCH(D175-{0;1;2;3;4;5;6;7},D176:D$828,0)-1,""),""))} -> 0 | F175: Détail | G175: P270018 | H175: RENFORT 60x60x2 LG 4930 | K175: 12 | L175: 127.74 | M175: =IFERROR(_xlfn.XLOOKUP(Tableau2[[#This Row],[Groupe rem. article]],remises!$B$2:$B$5,remises!$C$2:$C$5),0) -> 0.58 | N175: =$N$1 -> 0 | O175: =IFERROR(SUM(OFFSET(Tableau2[[#This Row],[MLP]],1,1,Tableau2[[#This Row],[nb sous niveau]],1)),"") | P175: =IF(Tableau2[[#This Row],[Type Ligne Richel]]="détail",Tableau2[[#This Row],[Quantité Totale]]*Tableau2[[#This Row],[Prix unitaire HT]]*(1-Tableau2[[#This Row],[% remise ligne]])*(1+Tableau2[[#This Row],[comm]]),"") -> 643.8096 | Q175: {=IFERROR( IF(Tableau2[[#This Row],[Type Ligne Richel]]="Chapitre",SUM(_xlfn._xlws.FILTER(OFFSET(Tableau2[[#This Row],[Prix]],1,0,Tableau2[[#This Row],[nb sous niveau]]+1,1),OFFSET(Tableau2[[#This Row],[Type Ligne Richel]],1,0,Tableau2[[#This Row],[nb sous niveau]]+1,1)="Détail")),0)+ IF(Tableau2[[#This Row],[Type Ligne Richel]]="Kit",SUM(OFFSET(Tableau2[[#This Row],[Prix]],1,0,Tableau2[[#This Row],[nb sous niveau]],1)),0)+ IF(Tableau2[[#This Row],[Type Ligne Richel]]="Détail",Tableau2[[#This Row],[Quantité Totale]]*Tableau2[[#This Row],[Prix unitaire HT]]*(1-Tableau2[[#This Row],[% remise ligne]])*(1+Tableau2[[#This Row],[comm]]),0),0)} -> 643.8096 | R175: CHARPENTE | S175: 17.994 | T175: 215.928
A176: 19020000 | B176: Non | C176: 4 | D176: =IF(Tableau2[[#This Row],[Parent]]="oui",Tableau2[[#This Row],[Niveau]]+1,IF(B175="oui",Tableau2[[#This Row],[Niveau]]+1,D175)) -> 5 | E176: {=MIN(IFERROR(IF(D176-{0;1;2;3;4;5;6;7}>=0,MATCH(D176-{0;1;2;3;4;5;6;7},D177:D$828,0)-1,""),""))} -> 0 | F176: Détail | G176: P620532 | H176: FIXATION RENFORT/ARCEAU G | K176: 6 | L176: 10.09 | M176: =IFERROR(_xlfn.XLOOKUP(Tableau2[[#This Row],[Groupe rem. article]],remises!$B$2:$B$5,remises!$C$2:$C$5),0) -> 0.53 | N176: =$N$1 -> 0 | O176: =IFERROR(SUM(OFFSET(Tableau2[[#This Row],[MLP]],1,1,Tableau2[[#This Row],[nb sous niveau]],1)),"") | P176: =IF(Tableau2[[#This Row],[Type Ligne Richel]]="détail",Tableau2[[#This Row],[Quantité Totale]]*Tableau2[[#This Row],[Prix unitaire HT]]*(1-Tableau2[[#This Row],[% remise ligne]])*(1+Tableau2[[#This Row],[comm]]),"") -> 28.4538 | Q176: {=IFERROR( IF(Tableau2[[#This Row],[Type Ligne Richel]]="Chapitre",SUM(_xlfn._xlws.FILTER(OFFSET(Tableau2[[#This Row],[Prix]],1,0,Tableau2[[#This Row],[nb sous niveau]]+1,1),OFFSET(Tableau2[[#This Row],[Type Ligne Richel]],1,0,Tableau2[[#This Row],[nb sous niveau]]+1,1)="Détail")),0)+ IF(Tableau2[[#This Row],[Type Ligne Richel]]="Kit",SUM(OFFSET(Tableau2[[#This Row],[Prix]],1,0,Tableau2[[#This Row],[nb sous niveau]],1)),0)+ IF(Tableau2[[#This Row],[Type Ligne Richel]]="Détail",Tableau2[[#This Row],[Quantité Totale]]*Tableau2[[#This Row],[Prix unitaire HT]]*(1-Tableau2[[#This Row],[% remise ligne]])*(1+Tableau2[[#This Row],[comm]]),0),0)} -> 28.4538 | R176: ACCESSOIRE | S176: 0.79 | T176: 4.74
A177: 19030000 | B177: Non | C177: 4 | D177: =IF(Tableau2[[#This Row],[Parent]]="oui",Tableau2[[#This Row],[Niveau]]+1,IF(B176="oui",Tableau2[[#This Row],[Niveau]]+1,D176)) -> 5 | E177: {=MIN(IFERROR(IF(D177-{0;1;2;3;4;5;6;7}>=0,MATCH(D177-{0;1;2;3;4;5;6;7},D178:D$828,0)-1,""),""))} -> 0 | F177: Détail | G177: P620533 | H177: FIXATION RENFORT/ARCEAU D | K177: 6 | L177: 10.09 | M177: =IFERROR(_xlfn.XLOOKUP(Tableau2[[#This Row],[Groupe rem. article]],remises!$B$2:$B$5,remises!$C$2:$C$5),0) -> 0.53 | N177: =$N$1 -> 0 | O177: =IFERROR(SUM(OFFSET(Tableau2[[#This Row],[MLP]],1,1,Tableau2[[#This Row],[nb sous niveau]],1)),"") | P177: =IF(Tableau2[[#This Row],[Type Ligne Richel]]="détail",Tableau2[[#This Row],[Quantité Totale]]*Tableau2[[#This Row],[Prix unitaire HT]]*(1-Tableau2[[#This Row],[% remise ligne]])*(1+Tableau2[[#This Row],[comm]]),"") -> 28.4538 | Q177: {=IFERROR( IF(Tableau2[[#This Row],[Type Ligne Richel]]="Chapitre",SUM(_xlfn._xlws.FILTER(OFFSET(Tableau2[[#This Row],[Prix]],1,0,Tableau2[[#This Row],[nb sous niveau]]+1,1),OFFSET(Tableau2[[#This Row],[Type Ligne Richel]],1,0,Tableau2[[#This Row],[nb sous niveau]]+1,1)="Détail")),0)+ IF(Tableau2[[#This Row],[Type Ligne Richel]]="Kit",SUM(OFFSET(Tableau2[[#This Row],[Prix]],1,0,Tableau2[[#This Row],[nb sous niveau]],1)),0)+ IF(Tableau2[[#This Row],[Type Ligne Richel]]="Détail",Tableau2[[#This Row],[Quantité Totale]]*Tableau2[[#This Row],[Prix unitaire HT]]*(1-Tableau2[[#This Row],[% remise ligne]])*(1+Tableau2[[#This Row],[comm]]),0),0)} -> 28.4538 | R177: ACCESSOIRE | S177: 0.79 | T177: 4.74
A178: 19040000 | B178: Non | C178: 4 | D178: =IF(Tableau2[[#This Row],[Parent]]="oui",Tableau2[[#This Row],[Niveau]]+1,IF(B177="oui",Tableau2[[#This Row],[Niveau]]+1,D177)) -> 5 | E178: {=MIN(IFERROR(IF(D178-{0;1;2;3;4;5;6;7}>=0,MATCH(D178-{0;1;2;3;4;5;6;7},D179:D$828,0)-1,""),""))} -> 0 | F178: Détail | G178: P620531 | H178: FIXATION RENFORT/POTEAU | K178: 12 | L178: 9.45 | M178: =IFERROR(_xlfn.XLOOKUP(Tableau2[[#This Row],[Groupe rem. article]],remises!$B$2:$B$5,remises!$C$2:$C$5),0) -> 0.53 | N178: =$N$1 -> 0 | O178: =IFERROR(SUM(OFFSET(Tableau2[[#This Row],[MLP]],1,1,Tableau2[[#This Row],[nb sous niveau]],1)),"") | P178: =IF(Tableau2[[#This Row],[Type Ligne Richel]]="détail",Tableau2[[#This Row],[Quantité Totale]]*Tableau2[[#This Row],[Prix unitaire HT]]*(1-Tableau2[[#This Row],[% remise ligne]])*(1+Tableau2[[#This Row],[comm]]),"") -> 53.298 | Q178: {=IFERROR( IF(Tableau2[[#This Row],[Type Ligne Richel]]="Chapitre",SUM(_xlfn._xlws.FILTER(OFFSET(Tableau2[[#This Row],[Prix]],1,0,Tableau2[[#This Row],[nb sous niveau]]+1,1),OFFSET(Tableau2[[#This Row],[Type Ligne Richel]],1,0,Tableau2[[#This Row],[nb sous niveau]]+1,1)="Détail")),0)+ IF(Tableau2[[#This Row],[Type Ligne Richel]]="Kit",SUM(OFFSET(Tableau2[[#This Row],[Prix]],1,0,Tableau2[[#This Row],[nb sous niveau]],1)),0)+ IF(Tableau2[[#This Row],[Type Ligne Richel]]="Détail",Tableau2[[#This Row],[Quantité Totale]]*Tableau2[[#This Row],[Prix unitaire HT]]*(1-Tableau2[[#This Row],[% remise ligne]])*(1+Tableau2[[#This Row],[comm]]),0),0)} -> 53.298 | R178: ACCESSOIRE | S178: 0.94 | T178: 11.28
A179: 19050000 | B179: Non | C179: 4 | D179: =IF(Tableau2[[#This Row],[Parent]]="oui",Tableau2[[#This Row],[Niveau]]+1,IF(B178="oui",Tableau2[[#This Row],[Niveau]]+1,D178)) -> 5 | E179: {=MIN(IFERROR(IF(D179-{0;1;2;3;4;5;6;7}>=0,MATCH(D179-{0;1;2;3;4;5;6;7},D180:D$828,0)-1,""),""))} -> 0 | F179: Détail | G179: P710157 | H179: CAVALIER FILETE 100x90 | K179: 12 | L179: 1.3 | M179: =IFERROR(_xlfn.XLOOKUP(Tableau2[[#This Row],[Groupe rem. article]],remises!$B$2:$B$5,remises!$C$2:$C$5),0) -> 0.53 | N179: =$N$1 -> 0 | O179: =IFERROR(SUM(OFFSET(Tableau2[[#This Row],[MLP]],1,1,Tableau2[[#This Row],[nb sous niveau]],1)),"") | P179: =IF(Tableau2[[#This Row],[Type Ligne Richel]]="détail",Tableau2[[#This Row],[Quantité Totale]]*Tableau2[[#This Row],[Prix unitaire HT]]*(1-Tableau2[[#This Row],[% remise ligne]])*(1+Tableau2[[#This Row],[comm]]),"") -> 7.332 | Q179: {=IFERROR( IF(Tableau2[[#This Row],[Type Ligne Richel]]="Chapitre",SUM(_xlfn._xlws.FILTER(OFFSET(Tableau2[[#This Row],[Prix]],1,0,Tableau2[[#This Row],[nb sous niveau]]+1,1),OFFSET(Tableau2[[#This Row],[Type Ligne Richel]],1,0,Tableau2[[#This Row],[nb sous niveau]]+1,1)="Détail")),0)+ IF(Tableau2[[#This Row],[Type Ligne Richel]]="Kit",SUM(OFFSET(Tableau2[[#This Row],[Prix]],1,0,Tableau2[[#This Row],[nb sous niveau]],1)),0)+ IF(Tableau2[[#This Row],[Type Ligne Richel]]="Détail",Tableau2[[#This Row],[Quantité Totale]]*Tableau2[[#This Row],[Prix unitaire HT]]*(1-Tableau2[[#This Row],[% remise ligne]])*(1+Tableau2[[#This Row],[comm]]),0),0)} -> 7.332 | R179: ACCESSOIRE | S179: 0.092 | T179: 1.104
A180: 19060000 | B180: Non | C180: 4 | D180: =IF(Tableau2[[#This Row],[Parent]]="oui",Tableau2[[#This Row],[Niveau]]+1,IF(B179="oui",Tableau2[[#This Row],[Niveau]]+1,D179)) -> 5 | E180: {=MIN(IFERROR(IF(D180-{0;1;2;3;4;5;6;7}>=0,MATCH(D180-{0;1;2;3;4;5;6;7},D181:D$828,0)-1,""),""))} -> 0 | F180: Détail | G180: P710008 | H180: VIS H M8x80/80 CL 8.8 GEO | K180: 48 | L180: 0.45 | M180: =IFERROR(_xlfn.XLOOKUP(Tableau2[[#This Row],[Groupe rem. article]],remises!$B$2:$B$5,remises!$C$2:$C$5),0) -> 0.53 | N180: =$N$1 -> 0 | O180: =IFERROR(SUM(OFFSET(Tableau2[[#This Row],[MLP]],1,1,Tableau2[[#This Row],[nb sous niveau]],1)),"") | P180: =IF(Tableau2[[#This Row],[Type Ligne Richel]]="détail",Tableau2[[#This Row],[Quantité Totale]]*Tableau2[[#This Row],[Prix unitaire HT]]*(1-Tableau2[[#This Row],[% remise ligne]])*(1+Tableau2[[#This Row],[comm]]),"") -> 10.152 | Q180: {=IFERROR( IF(Tableau2[[#This Row],[Type Ligne Richel]]="Chapitre",SUM(_xlfn._xlws.FILTER(OFFSET(Tableau2[[#This Row],[Prix]],1,0,Tableau2[[#This Row],[nb sous niveau]]+1,1),OFFSET(Tableau2[[#This Row],[Type Ligne Richel]],1,0,Tableau2[[#This Row],[nb sous niveau]]+1,1)="Détail")),0)+ IF(Tableau2[[#This Row],[Type Ligne Richel]]="Kit",SUM(OFFSET(Tableau2[[#This Row],[Prix]],1,0,Tableau2[[#This Row],[nb sous niveau]],1)),0)+ IF(Tableau2[[#This Row],[Type Ligne Richel]]="Détail",Tableau2[[#This Row],[Quantité Totale]]*Tableau2[[#This Row],[Prix unitaire HT]]*(1-Tableau2[[#This Row],[% remise ligne]])*(1+Tableau2[[#This Row],[comm]]),0),0)} -> 10.152 | R180: ACCESSOIRE | S180: 0.03 | T180: 1.44
A181: 19070000 | B181: Non | C181: 4 | D181: =IF(Tableau2[[#This Row],[Parent]]="oui",Tableau2[[#This Row],[Niveau]]+1,IF(B180="oui",Tableau2[[#This Row],[Niveau]]+1,D180)) -> 5 | E181: {=MIN(IFERROR(IF(D181-{0;1;2;3;4;5;6;7}>=0,MATCH(D181-{0;1;2;3;4;5;6;7},D182:D$828,0)-1,""),""))} -> 0 | F181: Détail | G181: P710014 | H181: ECROU FREIN H M8 CL8 ZN | K181: 72 | L181: 0.09 | M181: =IFERROR(_xlfn.XLOOKUP(Tableau2[[#This Row],[Groupe rem. article]],remises!$B$2:$B$5,remises!$C$2:$C$5),0) -> 0.53 | N181: =$N$1 -> 0 | O181: =IFERROR(SUM(OFFSET(Tableau2[[#This Row],[MLP]],1,1,Tableau2[[#This Row],[nb sous niveau]],1)),"") | P181: =IF(Tableau2[[#This Row],[Type Ligne Richel]]="détail",Tableau2[[#This Row],[Quantité Totale]]*Tableau2[[#This Row],[Prix unitaire HT]]*(1-Tableau2[[#This Row],[% remise ligne]])*(1+Tableau2[[#This Row],[comm]]),"") -> 3.0456 | Q181: {=IFERROR( IF(Tableau2[[#This Row],[Type Ligne Richel]]="Chapitre",SUM(_xlfn._xlws.FILTER(OFFSET(Tableau2[[#This Row],[Prix]],1,0,Tableau2[[#This Row],[nb sous niveau]]+1,1),OFFSET(Tableau2[[#This Row],[Type Ligne Richel]],1,0,Tableau2[[#This Row],[nb sous niveau]]+1,1)="Détail")),0)+ IF(Tableau2[[#This Row],[Type Ligne Richel]]="Kit",SUM(OFFSET(Tableau2[[#This Row],[Prix]],1,0,Tableau2[[#This Row],[nb sous niveau]],1)),0)+ IF(Tableau2[[#This Row],[Type Ligne Richel]]="Détail",Tableau2[[#This Row],[Quantité Totale]]*Tableau2[[#This Row],[Prix unitaire HT]]*(1-Tableau2[[#This Row],[% remise ligne]])*(1+Tableau2[[#This Row],[comm]]),0),0)} -> 3.0456 | R181: ACCESSOIRE | S181: 0.005 | T181: 0.36
A182: 20000000 | B182: Non | C182: 3 | D182: =IF(Tableau2[[#This Row],[Parent]]="oui",Tableau2[[#This Row],[Niveau]]+1,IF(B181="oui",Tableau2[[#This Row],[Niveau]]+1,D181)) -> 5 | E182: {=MIN(IFERROR(IF(D182-{0;1;2;3;4;5;6;7}>=0,MATCH(D182-{0;1;2;3;4;5;6;7},D183:D$828,0)-1,""),""))} -> 0 | F182: Détail | G182: P620488 | H182: EMB CHENEAU ADV SANS DESC | K182: 4 | L182: 46.98 | M182: =IFERROR(_xlfn.XLOOKUP(Tableau2[[#This Row],[Groupe rem. article]],remises!$B$2:$B$5,remises!$C$2:$C$5),0) -> 0.58 | N182: =$N$1 -> 0 | O182: =IFERROR(SUM(OFFSET(Tableau2[[#This Row],[MLP]],1,1,Tableau2[[#This Row],[nb sous niveau]],1)),"") | P182: =IF(Tableau2[[#This Row],[Type Ligne Richel]]="détail",Tableau2[[#This Row],[Quantité Totale]]*Tableau2[[#This Row],[Prix unitaire HT]]*(1-Tableau2[[#This Row],[% remise ligne]])*(1+Tableau2[[#This Row],[comm]]),"") -> 78.9264 | Q182: {=IFERROR( IF(Tableau2[[#This Row],[Type Ligne Richel]]="Chapitre",SUM(_xlfn._xlws.FILTER(OFFSET(Tableau2[[#This Row],[Prix]],1,0,Tableau2[[#This Row],[nb sous niveau]]+1,1),OFFSET(Tableau2[[#This Row],[Type Ligne Richel]],1,0,Tableau2[[#This Row],[nb sous niveau]]+1,1)="Détail")),0)+ IF(Tableau2[[#This Row],[Type Ligne Richel]]="Kit",SUM(OFFSET(Tableau2[[#This Row],[Prix]],1,0,Tableau2[[#This Row],[nb sous niveau]],1)),0)+ IF(Tableau2[[#This Row],[Type Ligne Richel]]="Détail",Tableau2[[#This Row],[Quantité Totale]]*Tableau2[[#This Row],[Prix unitaire HT]]*(1-Tableau2[[#This Row],[% remise ligne]])*(1+Tableau2[[#This Row],[comm]]),0),0)} -> 78.9264 | R182: CHARPENTE | S182: 1.48 | T182: 5.92
A183: 21000000 | B183: Non | C183: 3 | D183: =IF(Tableau2[[#This Row],[Parent]]="oui",Tableau2[[#This Row],[Niveau]]+1,IF(B182="oui",Tableau2[[#This Row],[Niveau]]+1,D182)) -> 5 | E183: {=MIN(IFERROR(IF(D183-{0;1;2;3;4;5;6;7}>=0,MATCH(D183-{0;1;2;3;4;5;6;7},D184:D$828,0)-1,""),""))} -> 0 | F183: Détail | G183: P620718 | H183: EMB CHENEAU 441V AVEC DESCENTE | K183: 4 | L183: 98.05 | M183: =IFERROR(_xlfn.XLOOKUP(Tableau2[[#This Row],[Groupe rem. article]],remises!$B$2:$B$5,remises!$C$2:$C$5),0) -> 0.58 | N183: =$N$1 -> 0 | O183: =IFERROR(SUM(OFFSET(Tableau2[[#This Row],[MLP]],1,1,Tableau2[[#This Row],[nb sous niveau]],1)),"") | P183: =IF(Tableau2[[#This Row],[Type Ligne Richel]]="détail",Tableau2[[#This Row],[Quantité Totale]]*Tableau2[[#This Row],[Prix unitaire HT]]*(1-Tableau2[[#This Row],[% remise ligne]])*(1+Tableau2[[#This Row],[comm]]),"") -> 164.724 | Q183: {=IFERROR( IF(Tableau2[[#This Row],[Type Ligne Richel]]="Chapitre",SUM(_xlfn._xlws.FILTER(OFFSET(Tableau2[[#This Row],[Prix]],1,0,Tableau2[[#This Row],[nb sous niveau]]+1,1),OFFSET(Tableau2[[#This Row],[Type Ligne Richel]],1,0,Tableau2[[#This Row],[nb sous niveau]]+1,1)="Détail")),0)+ IF(Tableau2[[#This Row],[Type Ligne Richel]]="Kit",SUM(OFFSET(Tableau2[[#This Row],[Prix]],1,0,Tableau2[[#This Row],[nb sous niveau]],1)),0)+ IF(Tableau2[[#This Row],[Type Ligne Richel]]="Détail",Tableau2[[#This Row],[Quantité Totale]]*Tableau2[[#This Row],[Prix unitaire HT]]*(1-Tableau2[[#This Row],[% remise ligne]])*(1+Tableau2[[#This Row],[comm]]),0),0)} -> 164.724 | R183: CHARPENTE | S183: 3.9 | T183: 15.6
A184: 22000000 | B184: Oui | C184: 3 | D184: =IF(Tableau2[[#This Row],[Parent]]="oui",Tableau2[[#This Row],[Niveau]]+1,IF(B183="oui",Tableau2[[#This Row],[Niveau]]+1,D183)) -> 4 | E184: {=MIN(IFERROR(IF(D184-{0;1;2;3;4;5;6;7}>=0,MATCH(D184-{0;1;2;3;4;5;6;7},D185:D$828,0)-1,""),""))} -> 22 | F184: Kit | G184: B25066 | H184: QTE COMPL BOULONNERIE CH1280/960 OV90 | K184: 1 | L184: 143.93 | M184: =IFERROR(_xlfn.XLOOKUP(Tableau2[[#This Row],[Groupe rem. article]],remises!$B$2:$B$5,remises!$C$2:$C$5),0) -> 0 | N184: =$N$1 -> 0 | O184: =IFERROR(SUM(OFFSET(Tableau2[[#This Row],[MLP]],1,1,Tableau2[[#This Row],[nb sous niveau]],1)),"") -> 66.7091 | P184: =IF(Tableau2[[#This Row],[Type Ligne Richel]]="détail",Tableau2[[#This Row],[Quantité Totale]]*Tableau2[[#This Row],[Prix unitaire HT]]*(1-Tableau2[[#This Row],[% remise ligne]])*(1+Tableau2[[#This Row],[comm]]),"") | Q184: {=IFERROR( IF(Tableau2[[#This Row],[Type Ligne Richel]]="Chapitre",SUM(_xlfn._xlws.FILTER(OFFSET(Tableau2[[#This Row],[Prix]],1,0,Tableau2[[#This Row],[nb sous niveau]]+1,1),OFFSET(Tableau2[[#This Row],[Type Ligne Richel]],1,0,Tableau2[[#This Row],[nb sous niveau]]+1,1)="Détail")),0)+ IF(Tableau2[[#This Row],[Type Ligne Richel]]="Kit",SUM(OFFSET(Tableau2[[#This Row],[Prix]],1,0,Tableau2[[#This Row],[nb sous niveau]],1)),0)+ IF(Tableau2[[#This Row],[Type Ligne Richel]]="Détail",Tableau2[[#This Row],[Quantité Totale]]*Tableau2[[#This Row],[Prix unitaire HT]]*(1-Tableau2[[#This Row],[% remise ligne]])*(1+Tableau2[[#This Row],[comm]]),0),0)} -> 66.7091 | S184: 1.366 | T184: 9.495
A185: 22010000 | B185: Non | C185: 4 | D185: =IF(Tableau2[[#This Row],[Parent]]="oui",Tableau2[[#This Row],[Niveau]]+1,IF(B184="oui",Tableau2[[#This Row],[Niveau]]+1,D184)) -> 5 | E185: {=MIN(IFERROR(IF(D185-{0;1;2;3;4;5;6;7}>=0,MATCH(D185-{0;1;2;3;4;5;6;7},D186:D$828,0)-1,""),""))} -> 0 | F185: Détail | G185: P710013 | H185: VIS TECK CB CARRE ST4.8x16 CRANTEE ZN | K185: 100 | L185: 0.06 | M185: =IFERROR(_xlfn.XLOOKUP(Tableau2[[#This Row],[Groupe rem. article]],remises!$B$2:$B$5,remises!$C$2:$C$5),0) -> 0.53 | N185: =$N$1 -> 0 | O185: =IFERROR(SUM(OFFSET(Tableau2[[#This Row],[MLP]],1,1,Tableau2[[#This Row],[nb sous niveau]],1)),"") | P185: =IF(Tableau2[[#This Row],[Type Ligne Richel]]="détail",Tableau2[[#This Row],[Quantité Totale]]*Tableau2[[#This Row],[Prix unitaire HT]]*(1-Tableau2[[#This Row],[% remise ligne]])*(1+Tableau2[[#This Row],[comm]]),"") -> 2.82 | Q185: {=IFERROR( IF(Tableau2[[#This Row],[Type Ligne Richel]]="Chapitre",SUM(_xlfn._xlws.FILTER(OFFSET(Tableau2[[#This Row],[Prix]],1,0,Tableau2[[#This Row],[nb sous niveau]]+1,1),OFFSET(Tableau2[[#This Row],[Type Ligne Richel]],1,0,Tableau2[[#This Row],[nb sous niveau]]+1,1)="Détail")),0)+ IF(Tableau2[[#This Row],[Type Ligne Richel]]="Kit",SUM(OFFSET(Tableau2[[#This Row],[Prix]],1,0,Tableau2[[#This Row],[nb sous niveau]],1)),0)+ IF(Tableau2[[#This Row],[Type Ligne Richel]]="Détail",Tableau2[[#This Row],[Quantité Totale]]*Tableau2[[#This Row],[Prix unitaire HT]]*(1-Tableau2[[#This Row],[% remise ligne]])*(1+Tableau2[[#This Row],[comm]]),0),0)} -> 2.82 | R185: ACCESSOIRE | S185: 0.003 | T185: 0.3
A186: 22020000 | B186: Non | C186: 4 | D186: =IF(Tableau2[[#This Row],[Parent]]="oui",Tableau2[[#This Row],[Niveau]]+1,IF(B185="oui",Tableau2[[#This Row],[Niveau]]+1,D185)) -> 5 | E186: {=MIN(IFERROR(IF(D186-{0;1;2;3;4;5;6;7}>=0,MATCH(D186-{0;1;2;3;4;5;6;7},D187:D$828,0)-1,""),""))} -> 0 | F186: Détail | G186: P710046 | H186: VIS H M8x40/40 CL 10.9 GEO | K186: 30 | L186: 0.33 | M186: =IFERROR(_xlfn.XLOOKUP(Tableau2[[#This Row],[Groupe rem. article]],remises!$B$2:$B$5,remises!$C$2:$C$5),0) -> 0.53 | N186: =$N$1 -> 0 | O186: =IFERROR(SUM(OFFSET(Tableau2[[#This Row],[MLP]],1,1,Tableau2[[#This Row],[nb sous niveau]],1)),"") | P186: =IF(Tableau2[[#This Row],[Type Ligne Richel]]="détail",Tableau2[[#This Row],[Quantité Totale]]*Tableau2[[#This Row],[Prix unitaire HT]]*(1-Tableau2[[#This Row],[% remise ligne]])*(1+Tableau2[[#This Row],[comm]]),"") -> 4.653 | Q186: {=IFERROR( IF(Tableau2[[#This Row],[Type Ligne Richel]]="Chapitre",SUM(_xlfn._xlws.FILTER(OFFSET(Tableau2[[#This Row],[Prix]],1,0,Tableau2[[#This Row],[nb sous niveau]]+1,1),OFFSET(Tableau2[[#This Row],[Type Ligne Richel]],1,0,Tableau2[[#This Row],[nb sous niveau]]+1,1)="Détail")),0)+ IF(Tableau2[[#This Row],[Type Ligne Richel]]="Kit",SUM(OFFSET(Tableau2[[#This Row],[Prix]],1,0,Tableau2[[#This Row],[nb sous niveau]],1)),0)+ IF(Tableau2[[#This Row],[Type Ligne Richel]]="Détail",Tableau2[[#This Row],[Quantité Totale]]*Tableau2[[#This Row],[Prix unitaire HT]]*(1-Tableau2[[#This Row],[% remise ligne]])*(1+Tableau2[[#This Row],[comm]]),0),0)} -> 4.653 | R186: ACCESSOIRE | S186: 0.02 | T186: 0.6
A187: 22030000 | B187: Non | C187: 4 | D187: =IF(Tableau2[[#This Row],[Parent]]="oui",Tableau2[[#This Row],[Niveau]]+1,IF(B186="oui",Tableau2[[#This Row],[Niveau]]+1,D186)) -> 5 | E187: {=MIN(IFERROR(IF(D187-{0;1;2;3;4;5;6;7}>=0,MATCH(D187-{0;1;2;3;4;5;6;7},D188:D$828,0)-1,""),""))} -> 0 | F187: Détail | G187: P710002 | H187: VIS H M8x20/20 CL 8.8 GEO | K187: 20 | L187: 0.17 | M187: =IFERROR(_xlfn.XLOOKUP(Tableau2[[#This Row],[Groupe rem. article]],remises!$B$2:$B$5,remises!$C$2:$C$5),0) -> 0.53 | N187: =$N$1 -> 0 | O187: =IFERROR(SUM(OFFSET(Tableau2[[#This Row],[MLP]],1,1,Tableau2[[#This Row],[nb sous niveau]],1)),"") | P187: =IF(Tableau2[[#This Row],[Type Ligne Richel]]="détail",Tableau2[[#This Row],[Quantité Totale]]*Tableau2[[#This Row],[Prix unitaire HT]]*(1-Tableau2[[#This Row],[% remise ligne]])*(1+Tableau2[[#This Row],[comm]]),"") -> 1.598 | Q187: {=IFERROR( IF(Tableau2[[#This Row],[Type Ligne Richel]]="Chapitre",SUM(_xlfn._xlws.FILTER(OFFSET(Tableau2[[#This Row],[Prix]],1,0,Tableau2[[#This Row],[nb sous niveau]]+1,1),OFFSET(Tableau2[[#This Row],[Type Ligne Richel]],1,0,Tableau2[[#This Row],[nb sous niveau]]+1,1)="Détail")),0)+ IF(Tableau2[[#This Row],[Type Ligne Richel]]="Kit",SUM(OFFSET(Tableau2[[#This Row],[Prix]],1,0,Tableau2[[#This Row],[nb sous niveau]],1)),0)+ IF(Tableau2[[#This Row],[Type Ligne Richel]]="Détail",Tableau2[[#This Row],[Quantité Totale]]*Tableau2[[#This Row],[Prix unitaire HT]]*(1-Tableau2[[#This Row],[% remise ligne]])*(1+Tableau2[[#This Row],[comm]]),0),0)} -> 1.598 | R187: ACCESSOIRE | S187: 0.015 | T187: 0.3
A188: 22040000 | B188: Non | C188: 4 | D188: =IF(Tableau2[[#This Row],[Parent]]="oui",Tableau2[[#This Row],[Niveau]]+1,IF(B187="oui",Tableau2[[#This Row],[Niveau]]+1,D187)) -> 5 | E188: {=MIN(IFERROR(IF(D188-{0;1;2;3;4;5;6;7}>=0,MATCH(D188-{0;1;2;3;4;5;6;7},D189:D$828,0)-1,""),""))} -> 0 | F188: Détail | G188: P710008 | H188: VIS H M8x80/80 CL 8.8 GEO | K188: 30 | L188: 0.45 | M188: =IFERROR(_xlfn.XLOOKUP(Tableau2[[#This Row],[Groupe rem. article]],remises!$B$2:$B$5,remises!$C$2:$C$5),0) -> 0.53 | N188: =$N$1 -> 0 | O188: =IFERROR(SUM(OFFSET(Tableau2[[#This Row],[MLP]],1,1,Tableau2[[#This Row],[nb sous niveau]],1)),"") | P188: =IF(Tableau2[[#This Row],[Type Ligne Richel]]="détail",Tableau2[[#This Row],[Quantité Totale]]*Tableau2[[#This Row],[Prix unitaire HT]]*(1-Tableau2[[#This Row],[% remise ligne]])*(1+Tableau2[[#This Row],[comm]]),"") -> 6.345 | Q188: {=IFERROR( IF(Tableau2[[#This Row],[Type Ligne Richel]]="Chapitre",SUM(_xlfn._xlws.FILTER(OFFSET(Tableau2[[#This Row],[Prix]],1,0,Tableau2[[#This Row],[nb sous niveau]]+1,1),OFFSET(Tableau2[[#This Row],[Type Ligne Richel]],1,0,Tableau2[[#This Row],[nb sous niveau]]+1,1)="Détail")),0)+ IF(Tableau2[[#This Row],[Type Ligne Richel]]="Kit",SUM(OFFSET(Tableau2[[#This Row],[Prix]],1,0,Tableau2[[#This Row],[nb sous niveau]],1)),0)+ IF(Tableau2[[#This Row],[Type Ligne Richel]]="Détail",Tableau2[[#This Row],[Quantité Totale]]*Tableau2[[#This Row],[Prix unitaire HT]]*(1-Tableau2[[#This Row],[% remise ligne]])*(1+Tableau2[[#This Row],[comm]]),0),0)} -> 6.345 | R188: ACCESSOIRE | S188: 0.03 | T188: 0.9
A189: 22050000 | B189: Non | C189: 4 | D189: =IF(Tableau2[[#This Row],[Parent]]="oui",Tableau2[[#This Row],[Niveau]]+1,IF(B188="oui",Tableau2[[#This Row],[Niveau]]+1,D188)) -> 5 | E189: {=MIN(IFERROR(IF(D189-{0;1;2;3;4;5;6;7}>=0,MATCH(D189-{0;1;2;3;4;5;6;7},D190:D$828,0)-1,""),""))} -> 0 | F189: Détail | G189: P710062 | H189: VIS H M8x100/100 CL 10.9 GEO | K189: 10 | L189: 0.5 | M189: =IFERROR(_xlfn.XLOOKUP(Tableau2[[#This Row],[Groupe rem. article]],remises!$B$2:$B$5,remises!$C$2:$C$5),0) -> 0.53 | N189: =$N$1 -> 0 | O189: =IFERROR(SUM(OFFSET(Tableau2[[#This Row],[MLP]],1,1,Tableau2[[#This Row],[nb sous niveau]],1)),"") | P189: =IF(Tableau2[[#This Row],[Type Ligne Richel]]="détail",Tableau2[[#This Row],[Quantité Totale]]*Tableau2[[#This Row],[Prix unitaire HT]]*(1-Tableau2[[#This Row],[% remise ligne]])*(1+Tableau2[[#This Row],[comm]]),"") -> 2.35 | Q189: {=IFERROR( IF(Tableau2[[#This Row],[Type Ligne Richel]]="Chapitre",SUM(_xlfn._xlws.FILTER(OFFSET(Tableau2[[#This Row],[Prix]],1,0,Tableau2[[#This Row],[nb sous niveau]]+1,1),OFFSET(Tableau2[[#This Row],[Type Ligne Richel]],1,0,Tableau2[[#This Row],[nb sous niveau]]+1,1)="Détail")),0)+ IF(Tableau2[[#This Row],[Type Ligne Richel]]="Kit",SUM(OFFSET(Tableau2[[#This Row],[Prix]],1,0,Tableau2[[#This Row],[nb sous niveau]],1)),0)+ IF(Tableau2[[#This Row],[Type Ligne Richel]]="Détail",Tableau2[[#This Row],[Quantité Totale]]*Tableau2[[#This Row],[Prix unitaire HT]]*(1-Tableau2[[#This Row],[% remise ligne]])*(1+Tableau2[[#This Row],[comm]]),0),0)} -> 2.35 | R189: ACCESSOIRE | S189: 0.04 | T189: 0.4
A190: 22060000 | B190: Non | C190: 4 | D190: =IF(Tableau2[[#This Row],[Parent]]="oui",Tableau2[[#This Row],[Niveau]]+1,IF(B189="oui",Tableau2[[#This Row],[Niveau]]+1,D189)) -> 5 | E190: {=MIN(IFERROR(IF(D190-{0;1;2;3;4;5;6;7}>=0,MATCH(D190-{0;1;2;3;4;5;6;7},D191:D$828,0)-1,""),""))} -> 0 | F190: Détail | G190: P710096 | H190: VIS MARTEAU CC M8x25/25 CL 8.8 GEO | K190: 2 | L190: 2.15 | M190: =IFERROR(_xlfn.XLOOKUP(Tableau2[[#This Row],[Groupe rem. article]],remises!$B$2:$B$5,remises!$C$2:$C$5),0) -> 0.53 | N190: =$N$1 -> 0 | O190: =IFERROR(SUM(OFFSET(Tableau2[[#This Row],[MLP]],1,1,Tableau2[[#This Row],[nb sous niveau]],1)),"") | P190: =IF(Tableau2[[#This Row],[Type Ligne Richel]]="détail",Tableau2[[#This Row],[Quantité Totale]]*Tableau2[[#This Row],[Prix unitaire HT]]*(1-Tableau2[[#This Row],[% remise ligne]])*(1+Tableau2[[#This Row],[comm]]),"") -> 2.021 | Q190: {=IFERROR( IF(Tableau2[[#This Row],[Type Ligne Richel]]="Chapitre",SUM(_xlfn._xlws.FILTER(OFFSET(Tableau2[[#This Row],[Prix]],1,0,Tableau2[[#This Row],[nb sous niveau]]+1,1),OFFSET(Tableau2[[#This Row],[Type Ligne Richel]],1,0,Tableau2[[#This Row],[nb sous niveau]]+1,1)="Détail")),0)+ IF(Tableau2[[#This Row],[Type Ligne Richel]]="Kit",SUM(OFFSET(Tableau2[[#This Row],[Prix]],1,0,Tableau2[[#This Row],[nb sous niveau]],1)),0)+ IF(Tableau2[[#This Row],[Type Ligne Richel]]="Détail",Tableau2[[#This Row],[Quantité Totale]]*Tableau2[[#This Row],[Prix unitaire HT]]*(1-Tableau2[[#This Row],[% remise ligne]])*(1+Tableau2[[#This Row],[comm]]),0),0)} -> 2.021 | R190: ACCESSOIRE | S190: 0.002 | T190: 0.004
A191: 22070000 | B191: Non | C191: 4 | D191: =IF(Tableau2[[#This Row],[Parent]]="oui",Tableau2[[#This Row],[Niveau]]+1,IF(B190="oui",Tableau2[[#This Row],[Niveau]]+1,D190)) -> 5 | E191: {=MIN(IFERROR(IF(D191-{0;1;2;3;4;5;6;7}>=0,MATCH(D191-{0;1;2;3;4;5;6;7},D192:D$828,0)-1,""),""))} -> 0 | F191: Détail | G191: P710011 | H191: RONDELLE M8x24x2 ZN | K191: 20 | L191: 0.16 | M191: =IFERROR(_xlfn.XLOOKUP(Tableau2[[#This Row],[Groupe rem. article]],remises!$B$2:$B$5,remises!$C$2:$C$5),0) -> 0.53 | N191: =$N$1 -> 0 | O191: =IFERROR(SUM(OFFSET(Tableau2[[#This Row],[MLP]],1,1,Tableau2[[#This Row],[nb sous niveau]],1)),"") | P191: =IF(Tableau2[[#This Row],[Type Ligne Richel]]="détail",Tableau2[[#This Row],[Quantité Totale]]*Tableau2[[#This Row],[Prix unitaire HT]]*(1-Tableau2[[#This Row],[% remise ligne]])*(1+Tableau2[[#This Row],[comm]]),"") -> 1.504 | Q191: {=IFERROR( IF(Tableau2[[#This Row],[Type Ligne Richel]]="Chapitre",SUM(_xlfn._xlws.FILTER(OFFSET(Tableau2[[#This Row],[Prix]],1,0,Tableau2[[#This Row],[nb sous niveau]]+1,1),OFFSET(Tableau2[[#This Row],[Type Ligne Richel]],1,0,Tableau2[[#This Row],[nb sous niveau]]+1,1)="Détail")),0)+ IF(Tableau2[[#This Row],[Type Ligne Richel]]="Kit",SUM(OFFSET(Tableau2[[#This Row],[Prix]],1,0,Tableau2[[#This Row],[nb sous niveau]],1)),0)+ IF(Tableau2[[#This Row],[Type Ligne Richel]]="Détail",Tableau2[[#This Row],[Quantité Totale]]*Tableau2[[#This Row],[Prix unitaire HT]]*(1-Tableau2[[#This Row],[% remise ligne]])*(1+Tableau2[[#This Row],[comm]]),0),0)} -> 1.504 | R191: ACCESSOIRE | S191: 0.007 | T191: 0.14
A192: 22080000 | B192: Non | C192: 4 | D192: =IF(Tableau2[[#This Row],[Parent]]="oui",Tableau2[[#This Row],[Niveau]]+1,IF(B191="oui",Tableau2[[#This Row],[Niveau]]+1,D191)) -> 5 | E192: {=MIN(IFERROR(IF(D192-{0;1;2;3;4;5;6;7}>=0,MATCH(D192-{0;1;2;3;4;5;6;7},D193:D$828,0)-1,""),""))} -> 0 | F192: Détail | G192: P730003 | H192: RONDELLE PLASTIQUE | K192: 20 | L192: 0.12 | M192: =IFERROR(_xlfn.XLOOKUP(Tableau2[[#This Row],[Groupe rem. article]],remises!$B$2:$B$5,remises!$C$2:$C$5),0) -> 0.53 | N192: =$N$1 -> 0 | O192: =IFERROR(SUM(OFFSET(Tableau2[[#This Row],[MLP]],1,1,Tableau2[[#This Row],[nb sous niveau]],1)),"") | P192: =IF(Tableau2[[#This Row],[Type Ligne Richel]]="détail",Tableau2[[#This Row],[Quantité Totale]]*Tableau2[[#This Row],[Prix unitaire HT]]*(1-Tableau2[[#This Row],[% remise ligne]])*(1+Tableau2[[#This Row],[comm]]),"") -> 1.128 | Q192: {=IFERROR( IF(Tableau2[[#This Row],[Type Ligne Richel]]="Chapitre",SUM(_xlfn._xlws.FILTER(OFFSET(Tableau2[[#This Row],[Prix]],1,0,Tableau2[[#This Row],[nb sous niveau]]+1,1),OFFSET(Tableau2[[#This Row],[Type Ligne Richel]],1,0,Tableau2[[#This Row],[nb sous niveau]]+1,1)="Détail")),0)+ IF(Tableau2[[#This Row],[Type Ligne Richel]]="Kit",SUM(OFFSET(Tableau2[[#This Row],[Prix]],1,0,Tableau2[[#This Row],[nb sous niveau]],1)),0)+ IF(Tableau2[[#This Row],[Type Ligne Richel]]="Détail",Tableau2[[#This Row],[Quantité Totale]]*Tableau2[[#This Row],[Prix unitaire HT]]*(1-Tableau2[[#This Row],[% remise ligne]])*(1+Tableau2[[#This Row],[comm]]),0),0)} -> 1.128 | R192: ACCESSOIRE | S192: 0.003 | T192: 0.06
A193: 22090000 | B193: Non | C193: 4 | D193: =IF(Tableau2[[#This Row],[Parent]]="oui",Tableau2[[#This Row],[Niveau]]+1,IF(B192="oui",Tableau2[[#This Row],[Niveau]]+1,D192)) -> 5 | E193: {=MIN(IFERROR(IF(D193-{0;1;2;3;4;5;6;7}>=0,MATCH(D193-{0;1;2;3;4;5;6;7},D194:D$828,0)-1,""),""))} -> 0 | F193: Détail | G193: P620134 | H193: BRIDE DIAMETRE 32 | K193: 2 | L193: 0.45 | M193: =IFERROR(_xlfn.XLOOKUP(Tableau2[[#This Row],[Groupe rem. article]],remises!$B$2:$B$5,remises!$C$2:$C$5),0) -> 0.53 | N193: =$N$1 -> 0 | O193: =IFERROR(SUM(OFFSET(Tableau2[[#This Row],[MLP]],1,1,Tableau2[[#This Row],[nb sous niveau]],1)),"") | P193: =IF(Tableau2[[#This Row],[Type Ligne Richel]]="détail",Tableau2[[#This Row],[Quantité Totale]]*Tableau2[[#This Row],[Prix unitaire HT]]*(1-Tableau2[[#This Row],[% remise ligne]])*(1+Tableau2[[#This Row],[comm]]),"") -> 0.423 | Q193: {=IFERROR( IF(Tableau2[[#This Row],[Type Ligne Richel]]="Chapitre",SUM(_xlfn._xlws.FILTER(OFFSET(Tableau2[[#This Row],[Prix]],1,0,Tableau2[[#This Row],[nb sous niveau]]+1,1),OFFSET(Tableau2[[#This Row],[Type Ligne Richel]],1,0,Tableau2[[#This Row],[nb sous niveau]]+1,1)="Détail")),0)+ IF(Tableau2[[#This Row],[Type Ligne Richel]]="Kit",SUM(OFFSET(Tableau2[[#This Row],[Prix]],1,0,Tableau2[[#This Row],[nb sous niveau]],1)),0)+ IF(Tableau2[[#This Row],[Type Ligne Richel]]="Détail",Tableau2[[#This Row],[Quantité Totale]]*Tableau2[[#This Row],[Prix unitaire HT]]*(1-Tableau2[[#This Row],[% remise ligne]])*(1+Tableau2[[#This Row],[comm]]),0),0)} -> 0.423 | R193: ACCESSOIRE | S193: 0.055 | T193: 0.11
A194: 22100000 | B194: Non | C194: 4 | D194: =IF(Tableau2[[#This Row],[Parent]]="oui",Tableau2[[#This Row],[Niveau]]+1,IF(B193="oui",Tableau2[[#This Row],[Niveau]]+1,D193)) -> 5 | E194: {=MIN(IFERROR(IF(D194-{0;1;2;3;4;5;6;7}>=0,MATCH(D194-{0;1;2;3;4;5;6;7},D195:D$828,0)-1,""),""))} -> 0 | F194: Détail | G194: P620178 | H194: BRIDE 80x40 | K194: 2 | L194: 1.78 | M194: =IFERROR(_xlfn.XLOOKUP(Tableau2[[#This Row],[Groupe rem. article]],remises!$B$2:$B$5,remises!$C$2:$C$5),0) -> 0.58 | N194: =$N$1 -> 0 | O194: =IFERROR(SUM(OFFSET(Tableau2[[#This Row],[MLP]],1,1,Tableau2[[#This Row],[nb sous niveau]],1)),"") | P194: =IF(Tableau2[[#This Row],[Type Ligne Richel]]="détail",Tableau2[[#This Row],[Quantité Totale]]*Tableau2[[#This Row],[Prix unitaire HT]]*(1-Tableau2[[#This Row],[% remise ligne]])*(1+Tableau2[[#This Row],[comm]]),"") -> 1.4952 | Q194: {=IFERROR( IF(Tableau2[[#This Row],[Type Ligne Richel]]="Chapitre",SUM(_xlfn._xlws.FILTER(OFFSET(Tableau2[[#This Row],[Prix]],1,0,Tableau2[[#This Row],[nb sous niveau]]+1,1),OFFSET(Tableau2[[#This Row],[Type Ligne Richel]],1,0,Tableau2[[#This Row],[nb sous niveau]]+1,1)="Détail")),0)+ IF(Tableau2[[#This Row],[Type Ligne Richel]]="Kit",SUM(OFFSET(Tableau2[[#This Row],[Prix]],1,0,Tableau2[[#This Row],[nb sous niveau]],1)),0)+ IF(Tableau2[[#This Row],[Type Ligne Richel]]="Détail",Tableau2[[#This Row],[Quantité Totale]]*Tableau2[[#This Row],[Prix unitaire HT]]*(1-Tableau2[[#This Row],[% remise ligne]])*(1+Tableau2[[#This Row],[comm]]),0),0)} -> 1.4952 | R194: CHARPENTE | S194: 0.185 | T194: 0.37
A195: 22110000 | B195: Non | C195: 4 | D195: =IF(Tableau2[[#This Row],[Parent]]="oui",Tableau2[[#This Row],[Niveau]]+1,IF(B194="oui",Tableau2[[#This Row],[Niveau]]+1,D194)) -> 5 | E195: {=MIN(IFERROR(IF(D195-{0;1;2;3;4;5;6;7}>=0,MATCH(D195-{0;1;2;3;4;5;6;7},D196:D$828,0)-1,""),""))} -> 0 | F195: Détail | G195: P620289 | H195: BRIDE 80x80 | K195: 1 | L195: 2.02 | M195: =IFERROR(_xlfn.XLOOKUP(Tableau2[[#This Row],[Groupe rem. article]],remises!$B$2:$B$5,remises!$C$2:$C$5),0) -> 0.53 | N195: =$N$1 -> 0 | O195: =IFERROR(SUM(OFFSET(Tableau2[[#This Row],[MLP]],1,1,Tableau2[[#This Row],[nb sous niveau]],1)),"") | P195: =IF(Tableau2[[#This Row],[Type Ligne Richel]]="détail",Tableau2[[#This Row],[Quantité Totale]]*Tableau2[[#This Row],[Prix unitaire HT]]*(1-Tableau2[[#This Row],[% remise ligne]])*(1+Tableau2[[#This Row],[comm]]),"") -> 0.9494 | Q195: {=IFERROR( IF(Tableau2[[#This Row],[Type Ligne Richel]]="Chapitre",SUM(_xlfn._xlws.FILTER(OFFSET(Tableau2[[#This Row],[Prix]],1,0,Tableau2[[#This Row],[nb sous niveau]]+1,1),OFFSET(Tableau2[[#This Row],[Type Ligne Richel]],1,0,Tableau2[[#This Row],[nb sous niveau]]+1,1)="Détail")),0)+ IF(Tableau2[[#This Row],[Type Ligne Richel]]="Kit",SUM(OFFSET(Tableau2[[#This Row],[Prix]],1,0,Tableau2[[#This Row],[nb sous niveau]],1)),0)+ IF(Tableau2[[#This Row],[Type Ligne Richel]]="Détail",Tableau2[[#This Row],[Quantité Totale]]*Tableau2[[#This Row],[Prix unitaire HT]]*(1-Tableau2[[#This Row],[% remise ligne]])*(1+Tableau2[[#This Row],[comm]]),0),0)} -> 0.9494 | R195: ACCESSOIRE | S195: 0.26 | T195: 0.26
A196: 22120000 | B196: Non | C196: 4 | D196: =IF(Tableau2[[#This Row],[Parent]]="oui",Tableau2[[#This Row],[Niveau]]+1,IF(B195="oui",Tableau2[[#This Row],[Niveau]]+1,D195)) -> 5 | E196: {=MIN(IFERROR(IF(D196-{0;1;2;3;4;5;6;7}>=0,MATCH(D196-{0;1;2;3;4;5;6;7},D197:D$828,0)-1,""),""))} -> 0 | F196: Détail | G196: P710012 | H196: VIS TECK H ST4.8x19 CRANTEE ZN | K196: 100 | L196: 0.07 | M196: =IFERROR(_xlfn.XLOOKUP(Tableau2[[#This Row],[Groupe rem. article]],remises!$B$2:$B$5,remises!$C$2:$C$5),0) -> 0.53 | N196: =$N$1 -> 0 | O196: =IFERROR(SUM(OFFSET(Tableau2[[#This Row],[MLP]],1,1,Tableau2[[#This Row],[nb sous niveau]],1)),"") | P196: =IF(Tableau2[[#This Row],[Type Ligne Richel]]="détail",Tableau2[[#This Row],[Quantité Totale]]*Tableau2[[#This Row],[Prix unitaire HT]]*(1-Tableau2[[#This Row],[% remise ligne]])*(1+Tableau2[[#This Row],[comm]]),"") -> 3.29 | Q196: {=IFERROR( IF(Tableau2[[#This Row],[Type Ligne Richel]]="Chapitre",SUM(_xlfn._xlws.FILTER(OFFSET(Tableau2[[#This Row],[Prix]],1,0,Tableau2[[#This Row],[nb sous niveau]]+1,1),OFFSET(Tableau2[[#This Row],[Type Ligne Richel]],1,0,Tableau2[[#This Row],[nb sous niveau]]+1,1)="Détail")),0)+ IF(Tableau2[[#This Row],[Type Ligne Richel]]="Kit",SUM(OFFSET(Tableau2[[#This Row],[Prix]],1,0,Tableau2[[#This Row],[nb sous niveau]],1)),0)+ IF(Tableau2[[#This Row],[Type Ligne Richel]]="Détail",Tableau2[[#This Row],[Quantité Totale]]*Tableau2[[#This Row],[Prix unitaire HT]]*(1-Tableau2[[#This Row],[% remise ligne]])*(1+Tableau2[[#This Row],[comm]]),0),0)} -> 3.29 | R196: ACCESSOIRE | S196: 0.003 | T196: 0.3
... A219: 24000000 | B219: Non | C219: 3 | D219: =IF(Tableau2[[#This Row],[Parent]]="oui",Tableau2[[#This Row],[Niveau]]+1,IF(B218="oui",Tableau2[[#This Row],[Niveau]]+1,D218)) -> 5 | E219: {=MIN(IFERROR(IF(D219-{0;1;2;3;4;5;6;7}>=0,MATCH(D219-{0;1;2;3;4;5;6;7},D220:D$828,0)-1,""),""))} -> 0 | F219: Détail | G219: P744060 | H219: TENDEUR 2 CROCHETS A LINGUET 450 Kg | K219: 4 | L219: 112.02 | M219: =IFERROR(_xlfn.XLOOKUP(Tableau2[[#This Row],[Groupe rem. article]],remises!$B$2:$B$5,remises!$C$2:$C$5),0) -> 0.25 | N219: =$N$1 -> 0 | O219: =IFERROR(SUM(OFFSET(Tableau2[[#This Row],[MLP]],1,1,Tableau2[[#This Row],[nb sous niveau]],1)),"") | P219: =IF(Tableau2[[#This Row],[Type Ligne Richel]]="détail",Tableau2[[#This Row],[Quantité Totale]]*Tableau2[[#This Row],[Prix unitaire HT]]*(1-Tableau2[[#This Row],[% remise ligne]])*(1+Tableau2[[#This Row],[comm]]),"") -> 336.06 | Q219: {=IFERROR( IF(Tableau2[[#This Row],[Type Ligne Richel]]="Chapitre",SUM(_xlfn._xlws.FILTER(OFFSET(Tableau2[[#This Row],[Prix]],1,0,Tableau2[[#This Row],[nb sous niveau]]+1,1),OFFSET(Tableau2[[#This Row],[Type Ligne Richel]],1,0,Tableau2[[#This Row],[nb sous niveau]]+1,1)="Détail")),0)+ IF(Tableau2[[#This Row],[Type Ligne Richel]]="Kit",SUM(OFFSET(Tableau2[[#This Row],[Prix]],1,0,Tableau2[[#This Row],[nb sous niveau]],1)),0)+ IF(Tableau2[[#This Row],[Type Ligne Richel]]="Détail",Tableau2[[#This Row],[Quantité Totale]]*Tableau2[[#This Row],[Prix unitaire HT]]*(1-Tableau2[[#This Row],[% remise ligne]])*(1+Tableau2[[#This Row],[comm]]),0),0)} -> 336.06 | R219: EQUIPEMENT | S219: 3.3 | T219: 13.2
A220: 25000000 | B220: Oui | C220: 1 | D220: =IF(Tableau2[[#This Row],[Parent]]="oui",Tableau2[[#This Row],[Niveau]]+1,IF(B219="oui",Tableau2[[#This Row],[Niveau]]+1,D219)) -> 2 | E220: {=MIN(IFERROR(IF(D220-{0;1;2;3;4;5;6;7}>=0,MATCH(D220-{0;1;2;3;4;5;6;7},D221:D$828,0)-1,""),""))} -> 205 | F220: Chapitre | H220: TOITURES | K220: 1 | L220: 40452.98 | M220: =IFERROR(_xlfn.XLOOKUP(Tableau2[[#This Row],[Groupe rem. article]],remises!$B$2:$B$5,remises!$C$2:$C$5),0) -> 0 | N220: =$N$1 -> 0 | O220: =IFERROR(SUM(OFFSET(Tableau2[[#This Row],[MLP]],1,1,Tableau2[[#This Row],[nb sous niveau]],1)),"") -> 20405.271 | P220: =IF(Tableau2[[#This Row],[Type Ligne Richel]]="détail",Tableau2[[#This Row],[Quantité Totale]]*Tableau2[[#This Row],[Prix unitaire HT]]*(1-Tableau2[[#This Row],[% remise ligne]])*(1+Tableau2[[#This Row],[comm]]),"") | Q220: {=IFERROR( IF(Tableau2[[#This Row],[Type Ligne Richel]]="Chapitre",SUM(_xlfn._xlws.FILTER(OFFSET(Tableau2[[#This Row],[Prix]],1,0,Tableau2[[#This Row],[nb sous niveau]]+1,1),OFFSET(Tableau2[[#This Row],[Type Ligne Richel]],1,0,Tableau2[[#This Row],[nb sous niveau]]+1,1)="Détail")),0)+ IF(Tableau2[[#This Row],[Type Ligne Richel]]="Kit",SUM(OFFSET(Tableau2[[#This Row],[Prix]],1,0,Tableau2[[#This Row],[nb sous niveau]],1)),0)+ IF(Tableau2[[#This Row],[Type Ligne Richel]]="Détail",Tableau2[[#This Row],[Quantité Totale]]*Tableau2[[#This Row],[Prix unitaire HT]]*(1-Tableau2[[#This Row],[% remise ligne]])*(1+Tableau2[[#This Row],[comm]]),0),0)} -> 20405.271 | S220: 269.0855 | T220: 5154.9102
A221: 26000000 | B221: Oui | C221: 2 | D221: =IF(Tableau2[[#This Row],[Parent]]="oui",Tableau2[[#This Row],[Niveau]]+1,IF(B220="oui",Tableau2[[#This Row],[Niveau]]+1,D220)) -> 3 | E221: {=MIN(IFERROR(IF(D221-{0;1;2;3;4;5;6;7}>=0,MATCH(D221-{0;1;2;3;4;5;6;7},D222:D$828,0)-1,""),""))} -> 153 | F221: Chapitre | H221: ARMATURE DE LA TOITURE | K221: 1 | L221: 29073.73 | M221: =IFERROR(_xlfn.XLOOKUP(Tableau2[[#This Row],[Groupe rem. article]],remises!$B$2:$B$5,remises!$C$2:$C$5),0) -> 0 | N221: =$N$1 -> 0 | O221: =IFERROR(SUM(OFFSET(Tableau2[[#This Row],[MLP]],1,1,Tableau2[[#This Row],[nb sous niveau]],1)),"") -> 12802.331 | P221: =IF(Tableau2[[#This Row],[Type Ligne Richel]]="détail",Tableau2[[#This Row],[Quantité Totale]]*Tableau2[[#This Row],[Prix unitaire HT]]*(1-Tableau2[[#This Row],[% remise ligne]])*(1+Tableau2[[#This Row],[comm]]),"") | Q221: {=IFERROR( IF(Tableau2[[#This Row],[Type Ligne Richel]]="Chapitre",SUM(_xlfn._xlws.FILTER(OFFSET(Tableau2[[#This Row],[Prix]],1,0,Tableau2[[#This Row],[nb sous niveau]]+1,1),OFFSET(Tableau2[[#This Row],[Type Ligne Richel]],1,0,Tableau2[[#This Row],[nb sous niveau]]+1,1)="Détail")),0)+ IF(Tableau2[[#This Row],[Type Ligne Richel]]="Kit",SUM(OFFSET(Tableau2[[#This Row],[Prix]],1,0,Tableau2[[#This Row],[nb sous niveau]],1)),0)+ IF(Tableau2[[#This Row],[Type Ligne Richel]]="Détail",Tableau2[[#This Row],[Quantité Totale]]*Tableau2[[#This Row],[Prix unitaire HT]]*(1-Tableau2[[#This Row],[% remise ligne]])*(1+Tableau2[[#This Row],[comm]]),0),0)} -> 12802.331 | S221: 203.9455 | T221: 4088.919
A222: 27000000 | B222: Oui | C222: 3 | D222: =IF(Tableau2[[#This Row],[Parent]]="oui",Tableau2[[#This Row],[Niveau]]+1,IF(B221="oui",Tableau2[[#This Row],[Niveau]]+1,D221)) -> 4 | E222: {=MIN(IFERROR(IF(D222-{0;1;2;3;4;5;6;7}>=0,MATCH(D222-{0;1;2;3;4;5;6;7},D223:D$828,0)-1,""),""))} -> 152 | F222: Chapitre | H222: ARMATURE DE L'OUVRANT | K222: 1 | L222: 29073.73 | M222: =IFERROR(_xlfn.XLOOKUP(Tableau2[[#This Row],[Groupe rem. article]],remises!$B$2:$B$5,remises!$C$2:$C$5),0) -> 0 | N222: =$N$1 -> 0 | O222: =IFERROR(SUM(OFFSET(Tableau2[[#This Row],[MLP]],1,1,Tableau2[[#This Row],[nb sous niveau]],1)),"") -> 12802.331 | P222: =IF(Tableau2[[#This Row],[Type Ligne Richel]]="détail",Tableau2[[#This Row],[Quantité Totale]]*Tableau2[[#This Row],[Prix unitaire HT]]*(1-Tableau2[[#This Row],[% remise ligne]])*(1+Tableau2[[#This Row],[comm]]),"") | Q222: {=IFERROR( IF(Tableau2[[#This Row],[Type Ligne Richel]]="Chapitre",SUM(_xlfn._xlws.FILTER(OFFSET(Tableau2[[#This Row],[Prix]],1,0,Tableau2[[#This Row],[nb sous niveau]]+1,1),OFFSET(Tableau2[[#This Row],[Type Ligne Richel]],1,0,Tableau2[[#This Row],[nb sous niveau]]+1,1)="Détail")),0)+ IF(Tableau2[[#This Row],[Type Ligne Richel]]="Kit",SUM(OFFSET(Tableau2[[#This Row],[Prix]],1,0,Tableau2[[#This Row],[nb sous niveau]],1)),0)+ IF(Tableau2[[#This Row],[Type Ligne Richel]]="Détail",Tableau2[[#This Row],[Quantité Totale]]*Tableau2[[#This Row],[Prix unitaire HT]]*(1-Tableau2[[#This Row],[% remise ligne]])*(1+Tableau2[[#This Row],[comm]]),0),0)} -> 12802.331 | S222: 203.9455 | T222: 4088.919
A223: 28000000 | B223: Oui | C223: 4 | D223: =IF(Tableau2[[#This Row],[Parent]]="oui",Tableau2[[#This Row],[Niveau]]+1,IF(B222="oui",Tableau2[[#This Row],[Niveau]]+1,D222)) -> 5 | E223: {=MIN(IFERROR(IF(D223-{0;1;2;3;4;5;6;7}>=0,MATCH(D223-{0;1;2;3;4;5;6;7},D224:D$828,0)-1,""),""))} -> 13 | F223: Kit | G223: B28909 | H223: OV 90 PANNE 60*35 + CLIP BASE 16M | K223: 6 | L223: 366.73167 | M223: =IFERROR(_xlfn.XLOOKUP(Tableau2[[#This Row],[Groupe rem. article]],remises!$B$2:$B$5,remises!$C$2:$C$5),0) -> 0.58 | N223: =$N$1 -> 0 | O223: =IFERROR(SUM(OFFSET(Tableau2[[#This Row],[MLP]],1,1,Tableau2[[#This Row],[nb sous niveau]],1)),"") -> 937.49198 | P223: =IF(Tableau2[[#This Row],[Type Ligne Richel]]="détail",Tableau2[[#This Row],[Quantité Totale]]*Tableau2[[#This Row],[Prix unitaire HT]]*(1-Tableau2[[#This Row],[% remise ligne]])*(1+Tableau2[[#This Row],[comm]]),"") | Q223: {=IFERROR( IF(Tableau2[[#This Row],[Type Ligne Richel]]="Chapitre",SUM(_xlfn._xlws.FILTER(OFFSET(Tableau2[[#This Row],[Prix]],1,0,Tableau2[[#This Row],[nb sous niveau]]+1,1),OFFSET(Tableau2[[#This Row],[Type Ligne Richel]],1,0,Tableau2[[#This Row],[nb sous niveau]]+1,1)="Détail")),0)+ IF(Tableau2[[#This Row],[Type Ligne Richel]]="Kit",SUM(OFFSET(Tableau2[[#This Row],[Prix]],1,0,Tableau2[[#This Row],[nb sous niveau]],1)),0)+ IF(Tableau2[[#This Row],[Type Ligne Richel]]="Détail",Tableau2[[#This Row],[Quantité Totale]]*Tableau2[[#This Row],[Prix unitaire HT]]*(1-Tableau2[[#This Row],[% remise ligne]])*(1+Tableau2[[#This Row],[comm]]),0),0)} -> 937.49198 | R223: CHARPENTE | S223: 22.34 | T223: 316.44972
A224: 28010000 | B224: Non | C224: 5 | D224: =IF(Tableau2[[#This Row],[Parent]]="oui",Tableau2[[#This Row],[Niveau]]+1,IF(B223="oui",Tableau2[[#This Row],[Niveau]]+1,D223)) -> 6 | E224: {=MIN(IFERROR(IF(D224-{0;1;2;3;4;5;6;7}>=0,MATCH(D224-{0;1;2;3;4;5;6;7},D225:D$828,0)-1,""),""))} -> 0 | F224: Détail | G224: P620639 | H224: CAVALIER OMEGA EXTREMITE OV90 | K224: 12 | L224: 1.97 | M224: =IFERROR(_xlfn.XLOOKUP(Tableau2[[#This Row],[Groupe rem. article]],remises!$B$2:$B$5,remises!$C$2:$C$5),0) -> 0.53 | N224: =$N$1 -> 0 | O224: =IFERROR(SUM(OFFSET(Tableau2[[#This Row],[MLP]],1,1,Tableau2[[#This Row],[nb sous niveau]],1)),"") | P224: =IF(Tableau2[[#This Row],[Type Ligne Richel]]="détail",Tableau2[[#This Row],[Quantité Totale]]*Tableau2[[#This Row],[Prix unitaire HT]]*(1-Tableau2[[#This Row],[% remise ligne]])*(1+Tableau2[[#This Row],[comm]]),"") -> 11.1108 | Q224: {=IFERROR( IF(Tableau2[[#This Row],[Type Ligne Richel]]="Chapitre",SUM(_xlfn._xlws.FILTER(OFFSET(Tableau2[[#This Row],[Prix]],1,0,Tableau2[[#This Row],[nb sous niveau]]+1,1),OFFSET(Tableau2[[#This Row],[Type Ligne Richel]],1,0,Tableau2[[#This Row],[nb sous niveau]]+1,1)="Détail")),0)+ IF(Tableau2[[#This Row],[Type Ligne Richel]]="Kit",SUM(OFFSET(Tableau2[[#This Row],[Prix]],1,0,Tableau2[[#This Row],[nb sous niveau]],1)),0)+ IF(Tableau2[[#This Row],[Type Ligne Richel]]="Détail",Tableau2[[#This Row],[Quantité Totale]]*Tableau2[[#This Row],[Prix unitaire HT]]*(1-Tableau2[[#This Row],[% remise ligne]])*(1+Tableau2[[#This Row],[comm]]),0),0)} -> 11.1108 | R224: ACCESSOIRE | S224: 0.14 | T224: 1.68
A225: 28020000 | B225: Non | C225: 5 | D225: =IF(Tableau2[[#This Row],[Parent]]="oui",Tableau2[[#This Row],[Niveau]]+1,IF(B224="oui",Tableau2[[#This Row],[Niveau]]+1,D224)) -> 6 | E225: {=MIN(IFERROR(IF(D225-{0;1;2;3;4;5;6;7}>=0,MATCH(D225-{0;1;2;3;4;5;6;7},D226:D$828,0)-1,""),""))} -> 0 | F225: Détail | G225: P620637 | H225: CAVALIER OMEGA LONG OV90 | K225: 18 | L225: 1.79 | M225: =IFERROR(_xlfn.XLOOKUP(Tableau2[[#This Row],[Groupe rem. article]],remises!$B$2:$B$5,remises!$C$2:$C$5),0) -> 0.53 | N225: =$N$1 -> 0 | O225: =IFERROR(SUM(OFFSET(Tableau2[[#This Row],[MLP]],1,1,Tableau2[[#This Row],[nb sous niveau]],1)),"") | P225: =IF(Tableau2[[#This Row],[Type Ligne Richel]]="détail",Tableau2[[#This Row],[Quantité Totale]]*Tableau2[[#This Row],[Prix unitaire HT]]*(1-Tableau2[[#This Row],[% remise ligne]])*(1+Tableau2[[#This Row],[comm]]),"") -> 15.1434 | Q225: {=IFERROR( IF(Tableau2[[#This Row],[Type Ligne Richel]]="Chapitre",SUM(_xlfn._xlws.FILTER(OFFSET(Tableau2[[#This Row],[Prix]],1,0,Tableau2[[#This Row],[nb sous niveau]]+1,1),OFFSET(Tableau2[[#This Row],[Type Ligne Richel]],1,0,Tableau2[[#This Row],[nb sous niveau]]+1,1)="Détail")),0)+ IF(Tableau2[[#This Row],[Type Ligne Richel]]="Kit",SUM(OFFSET(Tableau2[[#This Row],[Prix]],1,0,Tableau2[[#This Row],[nb sous niveau]],1)),0)+ IF(Tableau2[[#This Row],[Type Ligne Richel]]="Détail",Tableau2[[#This Row],[Quantité Totale]]*Tableau2[[#This Row],[Prix unitaire HT]]*(1-Tableau2[[#This Row],[% remise ligne]])*(1+Tableau2[[#This Row],[comm]]),0),0)} -> 15.1434 | R225: ACCESSOIRE | S225: 0.24 | T225: 4.32
A226: 28030000 | B226: Non | C226: 5 | D226: =IF(Tableau2[[#This Row],[Parent]]="oui",Tableau2[[#This Row],[Niveau]]+1,IF(B225="oui",Tableau2[[#This Row],[Niveau]]+1,D225)) -> 6 | E226: {=MIN(IFERROR(IF(D226-{0;1;2;3;4;5;6;7}>=0,MATCH(D226-{0;1;2;3;4;5;6;7},D227:D$828,0)-1,""),""))} -> 0 | F226: Détail | G226: P710005 | H226: VIS H M8x50/50 CL 8.8 GEO | K226: 36 | L226: 0.32 | M226: =IFERROR(_xlfn.XLOOKUP(Tableau2[[#This Row],[Groupe rem. article]],remises!$B$2:$B$5,remises!$C$2:$C$5),0) -> 0.53 | N226: =$N$1 -> 0 | O226: =IFERROR(SUM(OFFSET(Tableau2[[#This Row],[MLP]],1,1,Tableau2[[#This Row],[nb sous niveau]],1)),"") | P226: =IF(Tableau2[[#This Row],[Type Ligne Richel]]="détail",Tableau2[[#This Row],[Quantité Totale]]*Tableau2[[#This Row],[Prix unitaire HT]]*(1-Tableau2[[#This Row],[% remise ligne]])*(1+Tableau2[[#This Row],[comm]]),"") -> 5.4144 | Q226: {=IFERROR( IF(Tableau2[[#This Row],[Type Ligne Richel]]="Chapitre",SUM(_xlfn._xlws.FILTER(OFFSET(Tableau2[[#This Row],[Prix]],1,0,Tableau2[[#This Row],[nb sous niveau]]+1,1),OFFSET(Tableau2[[#This Row],[Type Ligne Richel]],1,0,Tableau2[[#This Row],[nb sous niveau]]+1,1)="Détail")),0)+ IF(Tableau2[[#This Row],[Type Ligne Richel]]="Kit",SUM(OFFSET(Tableau2[[#This Row],[Prix]],1,0,Tableau2[[#This Row],[nb sous niveau]],1)),0)+ IF(Tableau2[[#This Row],[Type Ligne Richel]]="Détail",Tableau2[[#This Row],[Quantité Totale]]*Tableau2[[#This Row],[Prix unitaire HT]]*(1-Tableau2[[#This Row],[% remise ligne]])*(1+Tableau2[[#This Row],[comm]]),0),0)} -> 5.4144 | R226: ACCESSOIRE | S226: 0.025 | T226: 0.9
A227: 28040000 | B227: Non | C227: 5 | D227: =IF(Tableau2[[#This Row],[Parent]]="oui",Tableau2[[#This Row],[Niveau]]+1,IF(B226="oui",Tableau2[[#This Row],[Niveau]]+1,D226)) -> 6 | E227: {=MIN(IFERROR(IF(D227-{0;1;2;3;4;5;6;7}>=0,MATCH(D227-{0;1;2;3;4;5;6;7},D228:D$828,0)-1,""),""))} -> 0 | F227: Détail | G227: P710012 | H227: VIS TECK H ST4.8x19 CRANTEE ZN | K227: 48 | L227: 0.07 | M227: =IFERROR(_xlfn.XLOOKUP(Tableau2[[#This Row],[Groupe rem. article]],remises!$B$2:$B$5,remises!$C$2:$C$5),0) -> 0.53 | N227: =$N$1 -> 0 | O227: =IFERROR(SUM(OFFSET(Tableau2[[#This Row],[MLP]],1,1,Tableau2[[#This Row],[nb sous niveau]],1)),"") | P227: =IF(Tableau2[[#This Row],[Type Ligne Richel]]="détail",Tableau2[[#This Row],[Quantité Totale]]*Tableau2[[#This Row],[Prix unitaire HT]]*(1-Tableau2[[#This Row],[% remise ligne]])*(1+Tableau2[[#This Row],[comm]]),"") -> 1.5792 | Q227: {=IFERROR( IF(Tableau2[[#This Row],[Type Ligne Richel]]="Chapitre",SUM(_xlfn._xlws.FILTER(OFFSET(Tableau2[[#This Row],[Prix]],1,0,Tableau2[[#This Row],[nb sous niveau]]+1,1),OFFSET(Tableau2[[#This Row],[Type Ligne Richel]],1,0,Tableau2[[#This Row],[nb sous niveau]]+1,1)="Détail")),0)+ IF(Tableau2[[#This Row],[Type Ligne Richel]]="Kit",SUM(OFFSET(Tableau2[[#This Row],[Prix]],1,0,Tableau2[[#This Row],[nb sous niveau]],1)),0)+ IF(Tableau2[[#This Row],[Type Ligne Richel]]="Détail",Tableau2[[#This Row],[Quantité Totale]]*Tableau2[[#This Row],[Prix unitaire HT]]*(1-Tableau2[[#This Row],[% remise ligne]])*(1+Tableau2[[#This Row],[comm]]),0),0)} -> 1.5792 | R227: ACCESSOIRE | S227: 0.003 | T227: 0.144
A228: 28050000 | B228: Non | C228: 5 | D228: =IF(Tableau2[[#This Row],[Parent]]="oui",Tableau2[[#This Row],[Niveau]]+1,IF(B227="oui",Tableau2[[#This Row],[Niveau]]+1,D227)) -> 6 | E228: {=MIN(IFERROR(IF(D228-{0;1;2;3;4;5;6;7}>=0,MATCH(D228-{0;1;2;3;4;5;6;7},D229:D$828,0)-1,""),""))} -> 0 | F228: Détail | G228: P340301 | H228: U ECLISSE PANNE 60x35 | K228: 6 | L228: 3.74 | M228: =IFERROR(_xlfn.XLOOKUP(Tableau2[[#This Row],[Groupe rem. article]],remises!$B$2:$B$5,remises!$C$2:$C$5),0) -> 0.53 | N228: =$N$1 -> 0 | O228: =IFERROR(SUM(OFFSET(Tableau2[[#This Row],[MLP]],1,1,Tableau2[[#This Row],[nb sous niveau]],1)),"") | P228: =IF(Tableau2[[#This Row],[Type Ligne Richel]]="détail",Tableau2[[#This Row],[Quantité Totale]]*Tableau2[[#This Row],[Prix unitaire HT]]*(1-Tableau2[[#This Row],[% remise ligne]])*(1+Tableau2[[#This Row],[comm]]),"") -> 10.5468 | Q228: {=IFERROR( IF(Tableau2[[#This Row],[Type Ligne Richel]]="Chapitre",SUM(_xlfn._xlws.FILTER(OFFSET(Tableau2[[#This Row],[Prix]],1,0,Tableau2[[#This Row],[nb sous niveau]]+1,1),OFFSET(Tableau2[[#This Row],[Type Ligne Richel]],1,0,Tableau2[[#This Row],[nb sous niveau]]+1,1)="Détail")),0)+ IF(Tableau2[[#This Row],[Type Ligne Richel]]="Kit",SUM(OFFSET(Tableau2[[#This Row],[Prix]],1,0,Tableau2[[#This Row],[nb sous niveau]],1)),0)+ IF(Tableau2[[#This Row],[Type Ligne Richel]]="Détail",Tableau2[[#This Row],[Quantité Totale]]*Tableau2[[#This Row],[Prix unitaire HT]]*(1-Tableau2[[#This Row],[% remise ligne]])*(1+Tableau2[[#This Row],[comm]]),0),0)} -> 10.5468 | R228: ACCESSOIRE | S228: 0.64 | T228: 3.84
A229: 28060000 | B229: Non | C229: 5 | D229: =IF(Tableau2[[#This Row],[Parent]]="oui",Tableau2[[#This Row],[Niveau]]+1,IF(B228="oui",Tableau2[[#This Row],[Niveau]]+1,D228)) -> 6 | E229: {=MIN(IFERROR(IF(D229-{0;1;2;3;4;5;6;7}>=0,MATCH(D229-{0;1;2;3;4;5;6;7},D230:D$828,0)-1,""),""))} -> 0 | F229: Détail | G229: P710008 | H229: VIS H M8x80/80 CL 8.8 GEO | K229: 24 | L229: 0.45 | M229: =IFERROR(_xlfn.XLOOKUP(Tableau2[[#This Row],[Groupe rem. article]],remises!$B$2:$B$5,remises!$C$2:$C$5),0) -> 0.53 | N229: =$N$1 -> 0 | O229: =IFERROR(SUM(OFFSET(Tableau2[[#This Row],[MLP]],1,1,Tableau2[[#This Row],[nb sous niveau]],1)),"") | P229: =IF(Tableau2[[#This Row],[Type Ligne Richel]]="détail",Tableau2[[#This Row],[Quantité Totale]]*Tableau2[[#This Row],[Prix unitaire HT]]*(1-Tableau2[[#This Row],[% remise ligne]])*(1+Tableau2[[#This Row],[comm]]),"") -> 5.076 | Q229: {=IFERROR( IF(Tableau2[[#This Row],[Type Ligne Richel]]="Chapitre",SUM(_xlfn._xlws.FILTER(OFFSET(Tableau2[[#This Row],[Prix]],1,0,Tableau2[[#This Row],[nb sous niveau]]+1,1),OFFSET(Tableau2[[#This Row],[Type Ligne Richel]],1,0,Tableau2[[#This Row],[nb sous niveau]]+1,1)="Détail")),0)+ IF(Tableau2[[#This Row],[Type Ligne Richel]]="Kit",SUM(OFFSET(Tableau2[[#This Row],[Prix]],1,0,Tableau2[[#This Row],[nb sous niveau]],1)),0)+ IF(Tableau2[[#This Row],[Type Ligne Richel]]="Détail",Tableau2[[#This Row],[Quantité Totale]]*Tableau2[[#This Row],[Prix unitaire HT]]*(1-Tableau2[[#This Row],[% remise ligne]])*(1+Tableau2[[#This Row],[comm]]),0),0)} -> 5.076 | R229: ACCESSOIRE | S229: 0.03 | T229: 0.72
A230: 28070000 | B230: Non | C230: 5 | D230: =IF(Tableau2[[#This Row],[Parent]]="oui",Tableau2[[#This Row],[Niveau]]+1,IF(B229="oui",Tableau2[[#This Row],[Niveau]]+1,D229)) -> 6 | E230: {=MIN(IFERROR(IF(D230-{0;1;2;3;4;5;6;7}>=0,MATCH(D230-{0;1;2;3;4;5;6;7},D231:D$828,0)-1,""),""))} -> 0 | F230: Détail | G230: P710002 | H230: VIS H M8x20/20 CL 8.8 GEO | K230: 12 | L230: 0.17 | M230: =IFERROR(_xlfn.XLOOKUP(Tableau2[[#This Row],[Groupe rem. article]],remises!$B$2:$B$5,remises!$C$2:$C$5),0) -> 0.53 | N230: =$N$1 -> 0 | O230: =IFERROR(SUM(OFFSET(Tableau2[[#This Row],[MLP]],1,1,Tableau2[[#This Row],[nb sous niveau]],1)),"") | P230: =IF(Tableau2[[#This Row],[Type Ligne Richel]]="détail",Tableau2[[#This Row],[Quantité Totale]]*Tableau2[[#This Row],[Prix unitaire HT]]*(1-Tableau2[[#This Row],[% remise ligne]])*(1+Tableau2[[#This Row],[comm]]),"") -> 0.9588 | Q230: {=IFERROR( IF(Tableau2[[#This Row],[Type Ligne Richel]]="Chapitre",SUM(_xlfn._xlws.FILTER(OFFSET(Tableau2[[#This Row],[Prix]],1,0,Tableau2[[#This Row],[nb sous niveau]]+1,1),OFFSET(Tableau2[[#This Row],[Type Ligne Richel]],1,0,Tableau2[[#This Row],[nb sous niveau]]+1,1)="Détail")),0)+ IF(Tableau2[[#This Row],[Type Ligne Richel]]="Kit",SUM(OFFSET(Tableau2[[#This Row],[Prix]],1,0,Tableau2[[#This Row],[nb sous niveau]],1)),0)+ IF(Tableau2[[#This Row],[Type Ligne Richel]]="Détail",Tableau2[[#This Row],[Quantité Totale]]*Tableau2[[#This Row],[Prix unitaire HT]]*(1-Tableau2[[#This Row],[% remise ligne]])*(1+Tableau2[[#This Row],[comm]]),0),0)} -> 0.9588 | R230: ACCESSOIRE | S230: 0.015 | T230: 0.18
A231: 28080000 | B231: Non | C231: 5 | D231: =IF(Tableau2[[#This Row],[Parent]]="oui",Tableau2[[#This Row],[Niveau]]+1,IF(B230="oui",Tableau2[[#This Row],[Niveau]]+1,D230)) -> 6 | E231: {=MIN(IFERROR(IF(D231-{0;1;2;3;4;5;6;7}>=0,MATCH(D231-{0;1;2;3;4;5;6;7},D232:D$828,0)-1,""),""))} -> 0 | F231: Détail | G231: P610003 | H231: CLIPS PVC 3m | K231: 32.04 | L231: 2.73 | M231: =IFERROR(_xlfn.XLOOKUP(Tableau2[[#This Row],[Groupe rem. article]],remises!$B$2:$B$5,remises!$C$2:$C$5),0) -> 0.53 | N231: =$N$1 -> 0 | O231: =IFERROR(SUM(OFFSET(Tableau2[[#This Row],[MLP]],1,1,Tableau2[[#This Row],[nb sous niveau]],1)),"") | P231: =IF(Tableau2[[#This Row],[Type Ligne Richel]]="détail",Tableau2[[#This Row],[Quantité Totale]]*Tableau2[[#This Row],[Prix unitaire HT]]*(1-Tableau2[[#This Row],[% remise ligne]])*(1+Tableau2[[#This Row],[comm]]),"") -> 41.110524 | Q231: {=IFERROR( IF(Tableau2[[#This Row],[Type Ligne Richel]]="Chapitre",SUM(_xlfn._xlws.FILTER(OFFSET(Tableau2[[#This Row],[Prix]],1,0,Tableau2[[#This Row],[nb sous niveau]]+1,1),OFFSET(Tableau2[[#This Row],[Type Ligne Richel]],1,0,Tableau2[[#This Row],[nb sous niveau]]+1,1)="Détail")),0)+ IF(Tableau2[[#This Row],[Type Ligne Richel]]="Kit",SUM(OFFSET(Tableau2[[#This Row],[Prix]],1,0,Tableau2[[#This Row],[nb sous niveau]],1)),0)+ IF(Tableau2[[#This Row],[Type Ligne Richel]]="Détail",Tableau2[[#This Row],[Quantité Totale]]*Tableau2[[#This Row],[Prix unitaire HT]]*(1-Tableau2[[#This Row],[% remise ligne]])*(1+Tableau2[[#This Row],[comm]]),0),0)} -> 41.110524 | R231: ACCESSOIRE | S231: 0.3 | T231: 9.612
A232: 28090000 | B232: Non | C232: 5 | D232: =IF(Tableau2[[#This Row],[Parent]]="oui",Tableau2[[#This Row],[Niveau]]+1,IF(B231="oui",Tableau2[[#This Row],[Niveau]]+1,D231)) -> 6 | E232: {=MIN(IFERROR(IF(D232-{0;1;2;3;4;5;6;7}>=0,MATCH(D232-{0;1;2;3;4;5;6;7},D233:D$828,0)-1,""),""))} -> 0 | F232: Détail | G232: P610019 | H232: CLE CLIPS PVC 3m | K232: 32.04 | L232: 1.45 | M232: =IFERROR(_xlfn.XLOOKUP(Tableau2[[#This Row],[Groupe rem. article]],remises!$B$2:$B$5,remises!$C$2:$C$5),0) -> 0.53 | N232: =$N$1 -> 0 | O232: =IFERROR(SUM(OFFSET(Tableau2[[#This Row],[MLP]],1,1,Tableau2[[#This Row],[nb sous niveau]],1)),"") | P232: =IF(Tableau2[[#This Row],[Type Ligne Richel]]="détail",Tableau2[[#This Row],[Quantité Totale]]*Tableau2[[#This Row],[Prix unitaire HT]]*(1-Tableau2[[#This Row],[% remise ligne]])*(1+Tableau2[[#This Row],[comm]]),"") -> 21.83526 | Q232: {=IFERROR( IF(Tableau2[[#This Row],[Type Ligne Richel]]="Chapitre",SUM(_xlfn._xlws.FILTER(OFFSET(Tableau2[[#This Row],[Prix]],1,0,Tableau2[[#This Row],[nb sous niveau]]+1,1),OFFSET(Tableau2[[#This Row],[Type Ligne Richel]],1,0,Tableau2[[#This Row],[nb sous niveau]]+1,1)="Détail")),0)+ IF(Tableau2[[#This Row],[Type Ligne Richel]]="Kit",SUM(OFFSET(Tableau2[[#This Row],[Prix]],1,0,Tableau2[[#This Row],[nb sous niveau]],1)),0)+ IF(Tableau2[[#This Row],[Type Ligne Richel]]="Détail",Tableau2[[#This Row],[Quantité Totale]]*Tableau2[[#This Row],[Prix unitaire HT]]*(1-Tableau2[[#This Row],[% remise ligne]])*(1+Tableau2[[#This Row],[comm]]),0),0)} -> 21.83526 | R232: ACCESSOIRE | S232: 0.143 | T232: 4.58172
A233: 28100000 | B233: Non | C233: 5 | D233: =IF(Tableau2[[#This Row],[Parent]]="oui",Tableau2[[#This Row],[Niveau]]+1,IF(B232="oui",Tableau2[[#This Row],[Niveau]]+1,D232)) -> 6 | E233: {=MIN(IFERROR(IF(D233-{0;1;2;3;4;5;6;7}>=0,MATCH(D233-{0;1;2;3;4;5;6;7},D234:D$828,0)-1,""),""))} -> 0 | F233: Détail | G233: P710013 | H233: VIS TECK CB CARRE ST4.8x16 CRANTEE ZN | K233: 336 | L233: 0.06 | M233: =IFERROR(_xlfn.XLOOKUP(Tableau2[[#This Row],[Groupe rem. article]],remises!$B$2:$B$5,remises!$C$2:$C$5),0) -> 0.53 | N233: =$N$1 -> 0 | O233: =IFERROR(SUM(OFFSET(Tableau2[[#This Row],[MLP]],1,1,Tableau2[[#This Row],[nb sous niveau]],1)),"") | P233: =IF(Tableau2[[#This Row],[Type Ligne Richel]]="détail",Tableau2[[#This Row],[Quantité Totale]]*Tableau2[[#This Row],[Prix unitaire HT]]*(1-Tableau2[[#This Row],[% remise ligne]])*(1+Tableau2[[#This Row],[comm]]),"") -> 9.4752 | Q233: {=IFERROR( IF(Tableau2[[#This Row],[Type Ligne Richel]]="Chapitre",SUM(_xlfn._xlws.FILTER(OFFSET(Tableau2[[#This Row],[Prix]],1,0,Tableau2[[#This Row],[nb sous niveau]]+1,1),OFFSET(Tableau2[[#This Row],[Type Ligne Richel]],1,0,Tableau2[[#This Row],[nb sous niveau]]+1,1)="Détail")),0)+ IF(Tableau2[[#This Row],[Type Ligne Richel]]="Kit",SUM(OFFSET(Tableau2[[#This Row],[Prix]],1,0,Tableau2[[#This Row],[nb sous niveau]],1)),0)+ IF(Tableau2[[#This Row],[Type Ligne Richel]]="Détail",Tableau2[[#This Row],[Quantité Totale]]*Tableau2[[#This Row],[Prix unitaire HT]]*(1-Tableau2[[#This Row],[% remise ligne]])*(1+Tableau2[[#This Row],[comm]]),0),0)} -> 9.4752 | R233: ACCESSOIRE | S233: 0.003 | T233: 1.008
A234: 28110000 | B234: Non | C234: 5 | D234: =IF(Tableau2[[#This Row],[Parent]]="oui",Tableau2[[#This Row],[Niveau]]+1,IF(B233="oui",Tableau2[[#This Row],[Niveau]]+1,D233)) -> 6 | E234: {=MIN(IFERROR(IF(D234-{0;1;2;3;4;5;6;7}>=0,MATCH(D234-{0;1;2;3;4;5;6;7},D235:D$828,0)-1,""),""))} -> 0 | F234: Détail | G234: P510001 | H234: CLIPS RICHEL GALVA 4m | K234: 24 | L234: 21.81 | M234: =IFERROR(_xlfn.XLOOKUP(Tableau2[[#This Row],[Groupe rem. article]],remises!$B$2:$B$5,remises!$C$2:$C$5),0) -> 0.58 | N234: =$N$1 -> 0 | O234: =IFERROR(SUM(OFFSET(Tableau2[[#This Row],[MLP]],1,1,Tableau2[[#This Row],[nb sous niveau]],1)),"") | P234: =IF(Tableau2[[#This Row],[Type Ligne Richel]]="détail",Tableau2[[#This Row],[Quantité Totale]]*Tableau2[[#This Row],[Prix unitaire HT]]*(1-Tableau2[[#This Row],[% remise ligne]])*(1+Tableau2[[#This Row],[comm]]),"") -> 219.8448 | Q234: {=IFERROR( IF(Tableau2[[#This Row],[Type Ligne Richel]]="Chapitre",SUM(_xlfn._xlws.FILTER(OFFSET(Tableau2[[#This Row],[Prix]],1,0,Tableau2[[#This Row],[nb sous niveau]]+1,1),OFFSET(Tableau2[[#This Row],[Type Ligne Richel]],1,0,Tableau2[[#This Row],[nb sous niveau]]+1,1)="Détail")),0)+ IF(Tableau2[[#This Row],[Type Ligne Richel]]="Kit",SUM(OFFSET(Tableau2[[#This Row],[Prix]],1,0,Tableau2[[#This Row],[nb sous niveau]],1)),0)+ IF(Tableau2[[#This Row],[Type Ligne Richel]]="Détail",Tableau2[[#This Row],[Quantité Totale]]*Tableau2[[#This Row],[Prix unitaire HT]]*(1-Tableau2[[#This Row],[% remise ligne]])*(1+Tableau2[[#This Row],[comm]]),0),0)} -> 219.8448 | R234: CHARPENTE | S234: 3.296 | T234: 79.104
... A273: 31110000 | B273: Non | C273: 5 | D273: =IF(Tableau2[[#This Row],[Parent]]="oui",Tableau2[[#This Row],[Niveau]]+1,IF(B272="oui",Tableau2[[#This Row],[Niveau]]+1,D272)) -> 6 | E273: {=MIN(IFERROR(IF(D273-{0;1;2;3;4;5;6;7}>=0,MATCH(D273-{0;1;2;3;4;5;6;7},D274:D$828,0)-1,""),""))} -> 0 | F273: Détail | G273: P710014 | H273: ECROU FREIN H M8 CL8 ZN | K273: 72 | L273: 0.09 | M273: =IFERROR(_xlfn.XLOOKUP(Tableau2[[#This Row],[Groupe rem. article]],remises!$B$2:$B$5,remises!$C$2:$C$5),0) -> 0.53 | N273: =$N$1 -> 0 | O273: =IFERROR(SUM(OFFSET(Tableau2[[#This Row],[MLP]],1,1,Tableau2[[#This Row],[nb sous niveau]],1)),"") | P273: =IF(Tableau2[[#This Row],[Type Ligne Richel]]="détail",Tableau2[[#This Row],[Quantité Totale]]*Tableau2[[#This Row],[Prix unitaire HT]]*(1-Tableau2[[#This Row],[% remise ligne]])*(1+Tableau2[[#This Row],[comm]]),"") -> 3.0456 | Q273: {=IFERROR( IF(Tableau2[[#This Row],[Type Ligne Richel]]="Chapitre",SUM(_xlfn._xlws.FILTER(OFFSET(Tableau2[[#This Row],[Prix]],1,0,Tableau2[[#This Row],[nb sous niveau]]+1,1),OFFSET(Tableau2[[#This Row],[Type Ligne Richel]],1,0,Tableau2[[#This Row],[nb sous niveau]]+1,1)="Détail")),0)+ IF(Tableau2[[#This Row],[Type Ligne Richel]]="Kit",SUM(OFFSET(Tableau2[[#This Row],[Prix]],1,0,Tableau2[[#This Row],[nb sous niveau]],1)),0)+ IF(Tableau2[[#This Row],[Type Ligne Richel]]="Détail",Tableau2[[#This Row],[Quantité Totale]]*Tableau2[[#This Row],[Prix unitaire HT]]*(1-Tableau2[[#This Row],[% remise ligne]])*(1+Tableau2[[#This Row],[comm]]),0),0)} -> 3.0456 | R273: ACCESSOIRE | S273: 0.005 | T273: 0.36
A274: 32000000 | B274: Oui | C274: 4 | D274: =IF(Tableau2[[#This Row],[Parent]]="oui",Tableau2[[#This Row],[Niveau]]+1,IF(B273="oui",Tableau2[[#This Row],[Niveau]]+1,D273)) -> 5 | E274: {=MIN(IFERROR(IF(D274-{0;1;2;3;4;5;6;7}>=0,MATCH(D274-{0;1;2;3;4;5;6;7},D275:D$828,0)-1,""),""))} -> 9 | F274: Kit | G274: B27822 | H274: 960OC2mx2 90 EXT CLIP DBL | K274: 3 | L274: 523.73333 | M274: =IFERROR(_xlfn.XLOOKUP(Tableau2[[#This Row],[Groupe rem. article]],remises!$B$2:$B$5,remises!$C$2:$C$5),0) -> 0 | N274: =$N$1 -> 0 | O274: =IFERROR(SUM(OFFSET(Tableau2[[#This Row],[MLP]],1,1,Tableau2[[#This Row],[nb sous niveau]],1)),"") -> 698.06857 | P274: =IF(Tableau2[[#This Row],[Type Ligne Richel]]="détail",Tableau2[[#This Row],[Quantité Totale]]*Tableau2[[#This Row],[Prix unitaire HT]]*(1-Tableau2[[#This Row],[% remise ligne]])*(1+Tableau2[[#This Row],[comm]]),"") | Q274: {=IFERROR( IF(Tableau2[[#This Row],[Type Ligne Richel]]="Chapitre",SUM(_xlfn._xlws.FILTER(OFFSET(Tableau2[[#This Row],[Prix]],1,0,Tableau2[[#This Row],[nb sous niveau]]+1,1),OFFSET(Tableau2[[#This Row],[Type Ligne Richel]],1,0,Tableau2[[#This Row],[nb sous niveau]]+1,1)="Détail")),0)+ IF(Tableau2[[#This Row],[Type Ligne Richel]]="Kit",SUM(OFFSET(Tableau2[[#This Row],[Prix]],1,0,Tableau2[[#This Row],[nb sous niveau]],1)),0)+ IF(Tableau2[[#This Row],[Type Ligne Richel]]="Détail",Tableau2[[#This Row],[Quantité Totale]]*Tableau2[[#This Row],[Prix unitaire HT]]*(1-Tableau2[[#This Row],[% remise ligne]])*(1+Tableau2[[#This Row],[comm]]),0),0)} -> 698.06857 | S274: 15.134 | T274: 183.39618
A275: 32010000 | B275: Non | C275: 5 | D275: =IF(Tableau2[[#This Row],[Parent]]="oui",Tableau2[[#This Row],[Niveau]]+1,IF(B274="oui",Tableau2[[#This Row],[Niveau]]+1,D274)) -> 6 | E275: {=MIN(IFERROR(IF(D275-{0;1;2;3;4;5;6;7}>=0,MATCH(D275-{0;1;2;3;4;5;6;7},D276:D$828,0)-1,""),""))} -> 0 | F275: Détail | G275: P340160 | H275: CASQ OC 2m06 | K275: 12 | L275: 36.44 | M275: =IFERROR(_xlfn.XLOOKUP(Tableau2[[#This Row],[Groupe rem. article]],remises!$B$2:$B$5,remises!$C$2:$C$5),0) -> 0.58 | N275: =$N$1 -> 0 | O275: =IFERROR(SUM(OFFSET(Tableau2[[#This Row],[MLP]],1,1,Tableau2[[#This Row],[nb sous niveau]],1)),"") | P275: =IF(Tableau2[[#This Row],[Type Ligne Richel]]="détail",Tableau2[[#This Row],[Quantité Totale]]*Tableau2[[#This Row],[Prix unitaire HT]]*(1-Tableau2[[#This Row],[% remise ligne]])*(1+Tableau2[[#This Row],[comm]]),"") -> 183.6576 | Q275: {=IFERROR( IF(Tableau2[[#This Row],[Type Ligne Richel]]="Chapitre",SUM(_xlfn._xlws.FILTER(OFFSET(Tableau2[[#This Row],[Prix]],1,0,Tableau2[[#This Row],[nb sous niveau]]+1,1),OFFSET(Tableau2[[#This Row],[Type Ligne Richel]],1,0,Tableau2[[#This Row],[nb sous niveau]]+1,1)="Détail")),0)+ IF(Tableau2[[#This Row],[Type Ligne Richel]]="Kit",SUM(OFFSET(Tableau2[[#This Row],[Prix]],1,0,Tableau2[[#This Row],[nb sous niveau]],1)),0)+ IF(Tableau2[[#This Row],[Type Ligne Richel]]="Détail",Tableau2[[#This Row],[Quantité Totale]]*Tableau2[[#This Row],[Prix unitaire HT]]*(1-Tableau2[[#This Row],[% remise ligne]])*(1+Tableau2[[#This Row],[comm]]),0),0)} -> 183.6576 | R275: CHARPENTE | S275: 5.22 | T275: 62.64
A276: 32020000 | B276: Non | C276: 5 | D276: =IF(Tableau2[[#This Row],[Parent]]="oui",Tableau2[[#This Row],[Niveau]]+1,IF(B275="oui",Tableau2[[#This Row],[Niveau]]+1,D275)) -> 6 | E276: {=MIN(IFERROR(IF(D276-{0;1;2;3;4;5;6;7}>=0,MATCH(D276-{0;1;2;3;4;5;6;7},D277:D$828,0)-1,""),""))} -> 0 | F276: Détail | G276: P510003 | H276: CLIPS ALU DOUBLE 5m | K276: 8.1 | L276: 51.47 | M276: =IFERROR(_xlfn.XLOOKUP(Tableau2[[#This Row],[Groupe rem. article]],remises!$B$2:$B$5,remises!$C$2:$C$5),0) -> 0.53 | N276: =$N$1 -> 0 | O276: =IFERROR(SUM(OFFSET(Tableau2[[#This Row],[MLP]],1,1,Tableau2[[#This Row],[nb sous niveau]],1)),"") | P276: =IF(Tableau2[[#This Row],[Type Ligne Richel]]="détail",Tableau2[[#This Row],[Quantité Totale]]*Tableau2[[#This Row],[Prix unitaire HT]]*(1-Tableau2[[#This Row],[% remise ligne]])*(1+Tableau2[[#This Row],[comm]]),"") -> 195.94629 | Q276: {=IFERROR( IF(Tableau2[[#This Row],[Type Ligne Richel]]="Chapitre",SUM(_xlfn._xlws.FILTER(OFFSET(Tableau2[[#This Row],[Prix]],1,0,Tableau2[[#This Row],[nb sous niveau]]+1,1),OFFSET(Tableau2[[#This Row],[Type Ligne Richel]],1,0,Tableau2[[#This Row],[nb sous niveau]]+1,1)="Détail")),0)+ IF(Tableau2[[#This Row],[Type Ligne Richel]]="Kit",SUM(OFFSET(Tableau2[[#This Row],[Prix]],1,0,Tableau2[[#This Row],[nb sous niveau]],1)),0)+ IF(Tableau2[[#This Row],[Type Ligne Richel]]="Détail",Tableau2[[#This Row],[Quantité Totale]]*Tableau2[[#This Row],[Prix unitaire HT]]*(1-Tableau2[[#This Row],[% remise ligne]])*(1+Tableau2[[#This Row],[comm]]),0),0)} -> 195.94629 | R276: ACCESSOIRE | S276: 3.909 | T276: 31.6629
A277: 32030000 | B277: Non | C277: 5 | D277: =IF(Tableau2[[#This Row],[Parent]]="oui",Tableau2[[#This Row],[Niveau]]+1,IF(B276="oui",Tableau2[[#This Row],[Niveau]]+1,D276)) -> 6 | E277: {=MIN(IFERROR(IF(D277-{0;1;2;3;4;5;6;7}>=0,MATCH(D277-{0;1;2;3;4;5;6;7},D278:D$828,0)-1,""),""))} -> 0 | F277: Détail | G277: P510002 | H277: CLIPS GALVA 5m PERCE | K277: 9.6 | L277: 27.43 | M277: =IFERROR(_xlfn.XLOOKUP(Tableau2[[#This Row],[Groupe rem. article]],remises!$B$2:$B$5,remises!$C$2:$C$5),0) -> 0.58 | N277: =$N$1 -> 0 | O277: =IFERROR(SUM(OFFSET(Tableau2[[#This Row],[MLP]],1,1,Tableau2[[#This Row],[nb sous niveau]],1)),"") | P277: =IF(Tableau2[[#This Row],[Type Ligne Richel]]="détail",Tableau2[[#This Row],[Quantité Totale]]*Tableau2[[#This Row],[Prix unitaire HT]]*(1-Tableau2[[#This Row],[% remise ligne]])*(1+Tableau2[[#This Row],[comm]]),"") -> 110.59776 | Q277: {=IFERROR( IF(Tableau2[[#This Row],[Type Ligne Richel]]="Chapitre",SUM(_xlfn._xlws.FILTER(OFFSET(Tableau2[[#This Row],[Prix]],1,0,Tableau2[[#This Row],[nb sous niveau]]+1,1),OFFSET(Tableau2[[#This Row],[Type Ligne Richel]],1,0,Tableau2[[#This Row],[nb sous niveau]]+1,1)="Détail")),0)+ IF(Tableau2[[#This Row],[Type Ligne Richel]]="Kit",SUM(OFFSET(Tableau2[[#This Row],[Prix]],1,0,Tableau2[[#This Row],[nb sous niveau]],1)),0)+ IF(Tableau2[[#This Row],[Type Ligne Richel]]="Détail",Tableau2[[#This Row],[Quantité Totale]]*Tableau2[[#This Row],[Prix unitaire HT]]*(1-Tableau2[[#This Row],[% remise ligne]])*(1+Tableau2[[#This Row],[comm]]),0),0)} -> 110.59776 | R277: CHARPENTE | S277: 4.12 | T277: 39.552
A278: 32040000 | B278: Non | C278: 5 | D278: =IF(Tableau2[[#This Row],[Parent]]="oui",Tableau2[[#This Row],[Niveau]]+1,IF(B277="oui",Tableau2[[#This Row],[Niveau]]+1,D277)) -> 6 | E278: {=MIN(IFERROR(IF(D278-{0;1;2;3;4;5;6;7}>=0,MATCH(D278-{0;1;2;3;4;5;6;7},D279:D$828,0)-1,""),""))} -> 0 | F278: Détail | G278: P610003 | H278: CLIPS PVC 3m | K278: 42.96 | L278: 2.73 | M278: =IFERROR(_xlfn.XLOOKUP(Tableau2[[#This Row],[Groupe rem. article]],remises!$B$2:$B$5,remises!$C$2:$C$5),0) -> 0.53 | N278: =$N$1 -> 0 | O278: =IFERROR(SUM(OFFSET(Tableau2[[#This Row],[MLP]],1,1,Tableau2[[#This Row],[nb sous niveau]],1)),"") | P278: =IF(Tableau2[[#This Row],[Type Ligne Richel]]="détail",Tableau2[[#This Row],[Quantité Totale]]*Tableau2[[#This Row],[Prix unitaire HT]]*(1-Tableau2[[#This Row],[% remise ligne]])*(1+Tableau2[[#This Row],[comm]]),"") -> 55.121976 | Q278: {=IFERROR( IF(Tableau2[[#This Row],[Type Ligne Richel]]="Chapitre",SUM(_xlfn._xlws.FILTER(OFFSET(Tableau2[[#This Row],[Prix]],1,0,Tableau2[[#This Row],[nb sous niveau]]+1,1),OFFSET(Tableau2[[#This Row],[Type Ligne Richel]],1,0,Tableau2[[#This Row],[nb sous niveau]]+1,1)="Détail")),0)+ IF(Tableau2[[#This Row],[Type Ligne Richel]]="Kit",SUM(OFFSET(Tableau2[[#This Row],[Prix]],1,0,Tableau2[[#This Row],[nb sous niveau]],1)),0)+ IF(Tableau2[[#This Row],[Type Ligne Richel]]="Détail",Tableau2[[#This Row],[Quantité Totale]]*Tableau2[[#This Row],[Prix unitaire HT]]*(1-Tableau2[[#This Row],[% remise ligne]])*(1+Tableau2[[#This Row],[comm]]),0),0)} -> 55.121976 | R278: ACCESSOIRE | S278: 0.3 | T278: 12.888
A279: 32050000 | B279: Non | C279: 5 | D279: =IF(Tableau2[[#This Row],[Parent]]="oui",Tableau2[[#This Row],[Niveau]]+1,IF(B278="oui",Tableau2[[#This Row],[Niveau]]+1,D278)) -> 6 | E279: {=MIN(IFERROR(IF(D279-{0;1;2;3;4;5;6;7}>=0,MATCH(D279-{0;1;2;3;4;5;6;7},D280:D$828,0)-1,""),""))} -> 0 | F279: Détail | G279: P610019 | H279: CLE CLIPS PVC 3m | K279: 42.96 | L279: 1.45 | M279: =IFERROR(_xlfn.XLOOKUP(Tableau2[[#This Row],[Groupe rem. article]],remises!$B$2:$B$5,remises!$C$2:$C$5),0) -> 0.53 | N279: =$N$1 -> 0 | O279: =IFERROR(SUM(OFFSET(Tableau2[[#This Row],[MLP]],1,1,Tableau2[[#This Row],[nb sous niveau]],1)),"") | P279: =IF(Tableau2[[#This Row],[Type Ligne Richel]]="détail",Tableau2[[#This Row],[Quantité Totale]]*Tableau2[[#This Row],[Prix unitaire HT]]*(1-Tableau2[[#This Row],[% remise ligne]])*(1+Tableau2[[#This Row],[comm]]),"") -> 29.27724 | Q279: {=IFERROR( IF(Tableau2[[#This Row],[Type Ligne Richel]]="Chapitre",SUM(_xlfn._xlws.FILTER(OFFSET(Tableau2[[#This Row],[Prix]],1,0,Tableau2[[#This Row],[nb sous niveau]]+1,1),OFFSET(Tableau2[[#This Row],[Type Ligne Richel]],1,0,Tableau2[[#This Row],[nb sous niveau]]+1,1)="Détail")),0)+ IF(Tableau2[[#This Row],[Type Ligne Richel]]="Kit",SUM(OFFSET(Tableau2[[#This Row],[Prix]],1,0,Tableau2[[#This Row],[nb sous niveau]],1)),0)+ IF(Tableau2[[#This Row],[Type Ligne Richel]]="Détail",Tableau2[[#This Row],[Quantité Totale]]*Tableau2[[#This Row],[Prix unitaire HT]]*(1-Tableau2[[#This Row],[% remise ligne]])*(1+Tableau2[[#This Row],[comm]]),0),0)} -> 29.27724 | R279: ACCESSOIRE | S279: 0.143 | T279: 6.14328
...

Sheet remises
B2: accessoire | C2: 0.53
B3: charpente | C3: 0.58
B4: couverture | C4: 0.25
B5: equipement | C5: 0.25

Sheet Feuil5
A3: Niveau réel | B3: Désignation | C3: Somme de MLP | D3: Somme de MLD
A4: 2 | B4: OSSATURE DE LA SERRE | C4: 15749.969 | D4: 0
B5: TOITURES | C5: 20405.271 | D5: 0
B6: PIGNONS DE LA SERRE | C6: 3764.3788 | D6: 0
B7: LONGS PANS DE LA SERRE | C7: 9256.9581 | D7: 0
B8: ANGLE HAUBANNE DE LA SERRE MRH/XRH | C8: 677.16648 | D8: 0
B9: COMPLEMENTS AERATIONS | C9: 224.86375 | D9: 0
B10: DIVERS | C10: 670.83375 | D10: 0
B11: NOTICES | C11: 0 | D11: 0
B12: REGULATION | C12: 2522.1991 | D12: 0
B13: ELEMENTS DE SECURITE | C13: 3036.3104 | D13: 0
B14: ARTICLE STATISTIQUE | C14: 0 | D14: 0
A15: Total général | C15: 56307.951 | D15: 0
